Workbook

Sheet 初めにご覧ください_積算内訳について

Sheet 積算内訳書
A1: 別紙様式４ 令和７年度補正公募
E3: 品目団体名 | H3: ←団体名称を選択してください
A5: ※事業の実施内容との関係が分かるよう、選択した事業メニューごとの具体的な積算に努めてください。
A7: 積算内訳書
F9: 単位：円
A10: 区分 | C10: 事業費 | D10: 負担区分 | F10: 備考
D11: 国庫補助金 | E11: 自己負担金
A12: （1） | B12: 輸出ターゲット国・地域や新たな輸出国・地域の開拓に向けた市場調査及び課題解決に向けた実証等 | C12: ='１．輸出ターゲット国・地域や新たな輸出国・地域の開拓に向けた市'!T26 -> 0 | D12: ='１．輸出ターゲット国・地域や新たな輸出国・地域の開拓に向けた市'!V26 -> 0 | E12: ='１．輸出ターゲット国・地域や新たな輸出国・地域の開拓に向けた市'!X26 -> 0
A13: （2） | B13: 輸出促進のための規格策定や事業者の水平連携に向けた体制整備等 | C13: =C14+C15 -> 0 | D13: =D14+D15 -> 0 | E13: =E14+E15 -> 0
B14: （１）業界統一規格の策定や国内事業者の水平連携に向けた体制整備等 | C14: ='２（１）．業界統一規格の策定や国内事業者の水平連携に向けた体制'!T26 -> 0 | D14: ='２（１）．業界統一規格の策定や国内事業者の水平連携に向けた体制'!V26 -> 0 | E14: ='２（１）．業界統一規格の策定や国内事業者の水平連携に向けた体制'!X26 -> 0
B15: （２）業界統一規格等の現場導入に向けた認証取得等支援 | C15: ='２（２）．業界統一規格等の現場導入に向けた認証取得等支援'!T21 -> 0 | D15: ='２（２）．業界統一規格等の現場導入に向けた認証取得等支援'!V21 -> 0 | E15: ='２（２）．業界統一規格等の現場導入に向けた認証取得等支援'!X21 -> 0
A16: （3） | B16: 海外におけるジャパンブランドの確立・販路開拓活動 | C16: ='３．海外におけるジャパンブランドの確立・販路開拓活動'!T26 -> 0 | D16: ='３．海外におけるジャパンブランドの確立・販路開拓活動'!V26 -> 0 | E16: ='３．海外におけるジャパンブランドの確立・販路開拓活動'!X26 -> 0
A17: （4） | B17: 任意のチェックオフ制度の導入に向けた体制整備・運用 | C17: ='４．任意のチェックオフ制度の導入に向けた体制整備・運用'!T26 -> 0 | D17: ='４．任意のチェックオフ制度の導入に向けた体制整備・運用'!V26 -> 0 | E17: ='４．任意のチェックオフ制度の導入に向けた体制整備・運用'!X26 -> 0
A18: （5） | B18: 品目団体の機能強化のための専門家・コンサルタント等による支援 | C18: ='５．品目団体の機能強化のための専門家・コンサルタント等による支'!T26 -> 0 | D18: ='５．品目団体の機能強化のための専門家・コンサルタント等による支'!V26 -> 0 | E18: ='５．品目団体の機能強化のための専門家・コンサルタント等による支'!X26 -> 0
A19: （6） | B19: ジェトロ・JFOODOと連携した商流の開拓支援 | C19: ='６．ジェトロ・JFOODOと連携した商流の開拓支援'!T26 -> 0 | D19: ='６．ジェトロ・JFOODOと連携した商流の開拓支援'!V26 -> 0 | E19: ='６．ジェトロ・JFOODOと連携した商流の開拓支援'!X26 -> 0
A20: 計 | C20: =SUM(C12,C13,C16,C17,C18,C19) -> 0 | D20: =SUM(D12,D13,D16,D17,D18,D19) -> 0 | E20: =SUM(E12,E13,E16,E17,E18,E19) -> 0 | H20: ←仕入れに係る消費税等相当額について「減額した金額」「該当なし」「含税額」のいずれかを選択してください
A22: （注）
A23: 1 | B23: 各経費については、別表２の補助対象経費を参考とすること。
A24: 2 | B24: 事業の一部を委託する場合は、当該事業に要する経費を記載すること。
A25: 3 | B25: 備考欄には、区分欄に掲げる経費の根拠（経費内容、単価、数量、人数等）を詳細に記載すること。なお、備考については、別葉とすること。
A26: 4 | B26: 旅費については、旅費を使用する者の内訳も分かるように記載すること（別葉可）。
A27: 5 | B27: 仕入れに係る消費税等相当額について、これを減額した場合には、「減額した金額」と、当該税額がない場合には「該当なし」と、当該税額が明らかでない場合には「含税額」とそれぞれ計の備考欄に記入すること。
A28: 6 | B28: 人件費、謝金及び賃金については、その単価の根拠資料を添付すること。
A29: 7 | B29: 事業の一部を他の民間団体に委託する場合には、その相見積り、委託契約書（案）を添付すること。また、相見積りを取っていない場合又は最低価格を提示した者のものを積算内訳の根拠としない場合には、その理由を明らかにした資料を添付すること。

Sheet 【参考】補助対象経費
A1: 【補助対象経費】 本事業の対象となる経費は、次に掲げる本事業を実施するために必要な人件費、謝金、賃金、旅費、賃借料及び使用料、広告宣伝費、輸送費、役務費、印刷製本費、消耗品費、機器・備品費、借上げ費、委託費並びに団体構成員が認証等を取得するために必要な経費を補助する経費等であって、本事業の対象として明確に区分できるものであり、かつ、証拠書類によって金額が確認できるものとします。 なお、各経費の内容等については、次に掲げるとおりとし、調達に当たっては別添「補助事業における利益等排除の考え方」に従うものとします。 【補助金額及び補助率】 本事業の補助率は、「２ 輸出促進のための規格策定や事業者の水平連携に向けた体制整備等 （２）業界統一規格等の現場導入に向けた認証取得等支援」の事業は１／２以内、その他の事業は定額とします。 なお、補助金額については、補助対象経費等の精査により減額することがあります。
A2: 補助対象経費 | B2: 経費の内容等
A3: 人件費 | B3: 本事業に直接従事する正職員、出向者、嘱託職員、管理者等の直接作業時間に対する給料その他手当とします。 人件費の算定に当たっては、別添「補助事業等の実施に要する人件費の算定等の適正化について」に従っていただきます。また、申請時に積算根拠となる資料を添付して下さい。 なお、人件費は、謝金の支払対象者に対して支払うことはできません。
A4: 謝金 | B4: 本事業を実施するために必要な専門的知識･知見の提供、資料･情報の収集や提供を行った者又は組織に対する謝礼に必要な経費とします。 単価については、事業実施主体の規程によるなど、業務の内容に応じた常識の範囲を超えない妥当な根拠に基づき設定するものとします。 申請時に設定された単価が妥当であるか否かを審査するため、謝金単価の設定根拠となる資料を提出するものとします。 なお、事業実施主体の職員に対しては謝金を支払うことはできません。
A5: 賃金 | B5: 本事業を実施するため新たに発生する業務（資料整理・収集、調査の補助等）を目的として、事業実施主体が新たに雇用した者等に対して支払う実働に応じた対価（日給又は時間給）及び通勤に要する交通費並びに雇用に伴う社会保険料等の事業主負担経費とします。 単価については、事業実施主体の賃金支給規則や国･県･市町村の規程による等、業務の内容に応じた常識の範囲を超えない妥当な根拠に基づき設定してください。 申請時に設定された単価が妥当であるか否かを審査するため、賃金単価の設定根拠となる資料の添付が必要となります（この設定する賃金単価によって、事業費を算出することとなります。）。 なお、事業実施主体等の賃金支給規則による場合であっても、第７において申請できない経費とされている、本業務を実施するために雇用した者に支払う経費のうち、労働の対価として労働時間及び日数に応じて支払う経費以外の経費については除外して申請する必要があります。 契約書等により業務の内容を明らかにし、出勤簿、タイムカード等を整備して下さい。また、源泉徴収（事業実施主体において預かり金処理又は税務署に納付等）の状況を明らかにした書類を整備してください。
A6: 旅費 | B6: 本事業に必要な旅費で交通費、宿泊に要する費用（宿泊施設の付加サービス（ミニバー、ランドリー、電話、インターネット等）の利用に関する経費は除く。）、諸雑費とします。また、事業実施に必要な専門知識を有する者・海外バイヤー等の招へいに係る国内外の移動に要する経費、滞在費等を含みます。 単価については、事業実施主体の旅費支払規則や国・都道府県・市町村の規程によるなど、業務の内容に応じた常識の範囲を超えない妥当な根拠に基づき設定してください。交通費及び宿泊費は格安航空券や新幹線と宿泊のパックを活用する等、経費の節減に努め、市場価格や複数の旅行会社等を比較検討した上で、最も安価なチケットの購入に努めてください。 申請時に設定された単価が妥当であるか否かを審査するため、旅費単価等の設定根拠となる資料を提出していただきます。 出張に当たっての支度金、往復路におけるこの事業と関係のない国・地域への立ち寄り、滞在（合理的な旅程によるトランジットを除く。）に要する費用は補助対象から除きます。 なお、飛行機の利用については、精算時に各人の旅程表、請求書（出張費一括の金額ではなく、経費の内訳の分かるもの）、領収書、搭乗証明書又は搭乗券を提出していただきます。
A7: 賃借料及び使用料 | B7: 本事業を実施するために必要な場所及び会場、設備の賃借料や物品・備品等の使用料とします（事業実施主体が所有するものを使用する場合を除きます。）。見本市等の小間借り上げ料（出展経費、撤去費用等も含む。）、冷蔵庫等の備品や自動車等の貸借料の支払いに要する経費も含みます。
A8: 広告宣伝費 | B8: 本事業を実施するため必要な試食会等の会場装飾費、ＰＲのための広報媒体への広告等を行うために必要な経費とします。 業界誌等への掲載費、車両・車内広告、パンフレット、ＤＶＤの作成等を行うための経費を含みます。
A9: 輸送費 | B9: 海外の展示会や輸送実証等で使用する原材料、販売促進用具、資料等の輸送に必要な経費とします。
A10: 役務費 | B10: 本事業を実施するために直接必要かつ、それだけでは本事業の成果として成り立たない翻訳、通訳、商標調査・出願、訴訟、保険、分析、試験、加工等を専ら行う経費とします。必要に応じて、見積書（原則３社以上、該当する役務を１社しか扱っていない場合を除く。）を添付することとします。
A11: 印刷製本費 | B11: 本事業を実施するため必要なパンフレット等のＰＲ資料、レシピ、アンケート用紙等の印刷、ポスターや報告書等の作成を行うために必要な経費とします。 ブランドマークシールやラベルの作成・印刷に要する経費を含みます。 必要に応じて、見積書（原則３社以上、該当する印刷製本を１社しか扱っていない場合を除く。）を添付することとします。
A12: 消耗品費 | B12: 本事業を実施するため必要な各種事務用品、試食用資材（紙皿、楊枝、調味料等）・包装資材等の消耗資材･用具、販売実証等に用いる試食用食材等の原材料費（食材費、木材費含む。）、車両燃料等の購入に必要な経費とします。 必要に応じて、見積書（原則３社以上、該当する消耗品を１社しか扱っていない場合を除く。）を添付することとします。
A13: 機器・備品費 | B13: 本事業を実施するために直接必要な機器、備品の経費とします（本事業の実施に限らず使用できる汎用性の高い機器（パソコン、タブレット、携帯電話、Wi-Fi ルーター、プリンター、デジタルカメラ等）を除く。）。リース、レンタルを行うことが困難な場合に限ります。 取得費用が50万円以上の備品については、見積書（原則３社以上、該当する備品を１社しか扱っていない場合を除く。）やカタログ等を添付することとします。 当該備品を別の者に使用させる場合は、使用・管理に関する契約を締結することとします。
... A17: その他 | B17: 行政手続等に係る経費、文献・資料等購入費、通信費運搬費（郵送費、資料等の運搬費等）、据え付け費、送金手数料等の雑費など他の費目に該当しない経費で、事業を実施するために必要なものとします。

Sheet （記入例）共通   
A1: （別紙様式４ 別紙 ）令和７年度補正公募
D2: 品目団体名 | E2: （一社）●●●●●協議会
A4: 品目団体輸出力強化緊急支援事業（別紙様式４ 別紙） （１．輸出ターゲット国・地域や新たな輸出国・地域の開拓に向けた市場調査及び課題解決に向けた実証等）
B6: 記載の注意点 | N6: 事業者区分（課税・非課税） | T6: 課税
B7: 【入力方法】 ●色のついていないセルについては入力をしないようにご注意ください。（関数等が消去される恐れがあります。） ●緑色セル（取組番号（C41）や取組名（D41）等）はデータ及び数値等を入力してください。 ●黄色セル（費目（E41）や負担区分（H41）等）は該当する項目をプルダウンから選択して入力してください。 【公募団体】 ● 品目団体名を確認してください。（積算内訳シートで選択した団体名が反映されます。） 【事業者区分】 ● 事業者区分は、消費税の課税対象について「課税・免税」のいずれに該当するか選択してください。 【支出内訳】 ● 補助事業に係る経費の全てを記載してください。 ● 「取組番号」、「取組名」は「別紙様式３（課題提案書）」等にある、事業の内容の「取組内容」、「取組番号」と その「項目」の名称と同一のものを記載ください。 ● 各経費については、「【参考】補助対象経費」シートより、該当する費目を選択してください。 ● 事業の一部を委託する場合は、当該事業に要する経費を記載してください。 ● 備考欄には、区分欄に掲げる経費の根拠（経費内容）を詳細に記載してください。 なお、備考欄に記載内容がおさまらない場合は、別葉としても構いません。 ● 人件費、謝金及び賃金については、その単価の根拠資料を添付してください。 ● 「負担区分」については、「国庫補助金」及び「一部自己負担金」から選択してください。 「一部自己負担金」を選択した場合には、「うち、自己 負担額」に該当金額を記載してください。 ● 「税区分」については、「課税」、「一部非課税」、「非課税」及び「軽減」から選択してください。 「一部非課税」を選択した場合は、「一部非課税の消費税額」欄に該当経費にかかる消費税額を入力してください。 ● 「数量」には、「単価×個数1」あるいは「単価×個数1×個数2」の形で入力ください。 (例)謝金：25,000円×2人×3回
N9: 【事業費（費目ごと）】
N10: 費目 | T10: 合計 | V10: 負担区分 | Z10: 消費税額
V11: 国庫補助金 | X11: 自己負担金
N12: 人件費 | T12: =SUMIF($E$41:$E$90,N12,$T$41:$T$90) -> 150000 | U12: 円 | V12: =SUMIFS($V$41:$V$90,$E$41:$E$90,$N12) -> 150000 | W12: 円 | X12: =SUMIFS($X$41:$X$90,$E$41:$E$90,$N12) -> 0 | Y12: 円 | Z12: =SUMIFS($Z$41:$Z$90,$E$41:$E$90,$N12) -> 0 | AA12: 円
N13: 謝金 | T13: =SUMIF($E$41:$E$90,N13,$T$41:$T$90) -> 1170000 | U13: 円 | V13: =SUMIFS($V$41:$V$90,$E$41:$E$90,$N13) -> 1170000 | W13: 円 | X13: =SUMIFS($X$41:$X$90,$E$41:$E$90,$N13) -> 0 | Y13: 円 | Z13: =SUMIFS($Z$41:$Z$90,$E$41:$E$90,$N13) -> 117000 | AA13: 円
N14: 賃金 | T14: =SUMIF($E$41:$E$90,N14,$T$41:$T$90) -> 0 | U14: 円 | V14: =SUMIFS($V$41:$V$90,$E$41:$E$90,$N14) -> 0 | W14: 円 | X14: =SUMIFS($X$41:$X$90,$E$41:$E$90,$N14) -> 0 | Y14: 円 | Z14: =SUMIFS($Z$41:$Z$90,$E$41:$E$90,$N14) -> 0 | AA14: 円
N15: 旅費 | T15: =SUMIF($E$41:$E$90,N15,$T$41:$T$90) -> 9200000 | U15: 円 | V15: =SUMIFS($V$41:$V$90,$E$41:$E$90,$N15) -> 8410000 | W15: 円 | X15: =SUMIFS($X$41:$X$90,$E$41:$E$90,$N15) -> 790000 | Y15: 円 | Z15: =SUMIFS($Z$41:$Z$90,$E$41:$E$90,$N15) -> 542000 | AA15: 円
N16: 賃借料及び使用料 | T16: =SUMIF($E$41:$E$90,N16,$T$41:$T$90) -> 0 | U16: 円 | V16: =SUMIFS($V$41:$V$90,$E$41:$E$90,$N16) -> 0 | W16: 円 | X16: =SUMIFS($X$41:$X$90,$E$41:$E$90,$N16) -> 0 | Y16: 円 | Z16: =SUMIFS($Z$41:$Z$90,$E$41:$E$90,$N16) -> 0 | AA16: 円
N17: 広告宣伝費 | T17: =SUMIF($E$41:$E$90,N17,$T$41:$T$90) -> 0 | U17: 円 | V17: =SUMIFS($V$41:$V$90,$E$41:$E$90,$N17) -> 0 | W17: 円 | X17: =SUMIFS($X$41:$X$90,$E$41:$E$90,$N17) -> 0 | Y17: 円 | Z17: =SUMIFS($Z$41:$Z$90,$E$41:$E$90,$N17) -> 0 | AA17: 円
N18: 輸送費 | T18: =SUMIF($E$41:$E$90,N18,$T$41:$T$90) -> 0 | U18: 円 | V18: =SUMIFS($V$41:$V$90,$E$41:$E$90,$N18) -> 0 | W18: 円 | X18: =SUMIFS($X$41:$X$90,$E$41:$E$90,$N18) -> 0 | Y18: 円 | Z18: =SUMIFS($Z$41:$Z$90,$E$41:$E$90,$N18) -> 0 | AA18: 円
N19: 役務費 | T19: =SUMIF($E$41:$E$90,N19,$T$41:$T$90) -> 0 | U19: 円 | V19: =SUMIFS($V$41:$V$90,$E$41:$E$90,$N19) -> 0 | W19: 円 | X19: =SUMIFS($X$41:$X$90,$E$41:$E$90,$N19) -> 0 | Y19: 円 | Z19: =SUMIFS($Z$41:$Z$90,$E$41:$E$90,$N19) -> 0 | AA19: 円
N20: 印刷製本費 | T20: =SUMIF($E$41:$E$90,N20,$T$41:$T$90) -> 0 | U20: 円 | V20: =SUMIFS($V$41:$V$90,$E$41:$E$90,$N20) -> 0 | W20: 円 | X20: =SUMIFS($X$41:$X$90,$E$41:$E$90,$N20) -> 0 | Y20: 円 | Z20: =SUMIFS($Z$41:$Z$90,$E$41:$E$90,$N20) -> 0 | AA20: 円
N21: 消耗品費 | T21: =SUMIF($E$41:$E$90,N21,$T$41:$T$90) -> 112000 | U21: 円 | V21: =SUMIFS($V$41:$V$90,$E$41:$E$90,$N21) -> 112000 | W21: 円 | X21: =SUMIFS($X$41:$X$90,$E$41:$E$90,$N21) -> 0 | Y21: 円 | Z21: =SUMIFS($Z$41:$Z$90,$E$41:$E$90,$N21) -> 19600 | AA21: 円
N22: 機器・備品費 | T22: =SUMIF($E$41:$E$90,N22,$T$41:$T$90) -> 0 | U22: 円 | V22: =SUMIFS($V$41:$V$90,$E$41:$E$90,$N22) -> 0 | W22: 円 | X22: =SUMIFS($X$41:$X$90,$E$41:$E$90,$N22) -> 0 | Y22: 円 | Z22: =SUMIFS($Z$41:$Z$90,$E$41:$E$90,$N22) -> 0 | AA22: 円
N23: 借上げ費 | T23: =SUMIF($E$41:$E$90,N23,$T$41:$T$90) -> 0 | U23: 円 | V23: =SUMIFS($V$41:$V$90,$E$41:$E$90,$N23) -> 0 | W23: 円 | X23: =SUMIFS($X$41:$X$90,$E$41:$E$90,$N23) -> 0 | Y23: 円 | Z23: =SUMIFS($Z$41:$Z$90,$E$41:$E$90,$N23) -> 0 | AA23: 円
... N25: その他 | T25: =SUMIF($E$41:$E$90,N25,$T$41:$T$90) -> 24000 | U25: 円 | V25: =SUMIFS($V$41:$V$90,$E$41:$E$90,$N25) -> 24000 | W25: 円 | X25: =SUMIFS($X$41:$X$90,$E$41:$E$90,$N25) -> 0 | Y25: 円 | Z25: =SUMIFS($Z$41:$Z$90,$E$41:$E$90,$N25) -> 2400 | AA25: 円
N26: 事業費合計 | T26: =SUM(T12:T25) -> 29956000 | U26: 円 | V26: =SUM(V12:V25) -> 29166000 | W26: 円 | X26: =SUM(X12:X25) -> 790000 | Y26: 円 | Z26: =SUM(Z12:Z25) -> 2611000 | AA26: 円
N28: 【事業費（取組ごと）】
N29: 取組 番号 | O29: 取組名 | T29: 合計 | V29: 負担区分 | Z29: 消費税額
V30: 国庫補助金 | X30: 自己負担金
N31: 1 | O31: =IFERROR(VLOOKUP($N31,$C$41:$D$90,2,FALSE),"") -> 市場調査 | T31: =IF(O31="","",SUMIF($C$41:$C$90,$N31,$T$41:$T$90)) -> 25309000 | U31: 円 | V31: =IF(O31="","",SUMIF($C$41:$C$90,$N31,$V$41:$V$90)) -> 24879000 | W31: 円 | X31: =IF(O31="","",SUMIF($C$41:$C$90,$N31,$X$41:$X$90)) -> 430000 | Y31: 円 | Z31: =IF(T31="","",SUMIF($C$41:$C$90,$N31,$Z$41:$Z$90)) -> 1820300 | AA31: 円
N32: 2 | O32: =IFERROR(VLOOKUP($N32,$C$41:$D$90,2,FALSE),"") -> 規制調査 | T32: =IF(O32="","",SUMIF($C$41:$C$90,$N32,$T$41:$T$90)) -> 4647000 | U32: 円 | V32: =IF(O32="","",SUMIF($C$41:$C$90,$N32,$V$41:$V$90)) -> 4287000 | W32: 円 | X32: =IF(O32="","",SUMIF($C$41:$C$90,$N32,$X$41:$X$90)) -> 360000 | Y32: 円 | Z32: =IF(T32="","",SUMIF($C$41:$C$90,$N32,$Z$41:$Z$90)) -> 790700 | AA32: 円
N33: 3 | O33: =IFERROR(VLOOKUP($N33,$C$41:$D$90,2,FALSE),"") | T33: =IF(O33="","",SUMIF($C$41:$C$90,$N33,$T$41:$T$90)) | U33: 円 | V33: =IF(O33="","",SUMIF($C$41:$C$90,$N33,$V$41:$V$90)) | W33: 円 | X33: =IF(O33="","",SUMIF($C$41:$C$90,$N33,$X$41:$X$90)) | Y33: 円 | Z33: =IF(T33="","",SUMIF($C$41:$C$90,$N33,$Z$41:$Z$90)) | AA33: 円
N34: 4 | O34: =IFERROR(VLOOKUP($N34,$C$41:$D$90,2,FALSE),"") | T34: =IF(O34="","",SUMIF($C$41:$C$90,$N34,$T$41:$T$90)) | U34: 円 | V34: =IF(O34="","",SUMIF($C$41:$C$90,$N34,$V$41:$V$90)) | W34: 円 | X34: =IF(O34="","",SUMIF($C$41:$C$90,$N34,$X$41:$X$90)) | Y34: 円 | Z34: =IF(T34="","",SUMIF($C$41:$C$90,$N34,$Z$41:$Z$90)) | AA34: 円
N35: 5 | O35: =IFERROR(VLOOKUP($N35,$C$41:$D$90,2,FALSE),"") | T35: =IF(O35="","",SUMIF($C$41:$C$90,$N35,$T$41:$T$90)) | U35: 円 | V35: =IF(O35="","",SUMIF($C$41:$C$90,$N35,$V$41:$V$90)) | W35: 円 | X35: =IF(O35="","",SUMIF($C$41:$C$90,$N35,$X$41:$X$90)) | Y35: 円 | Z35: =IF(T35="","",SUMIF($C$41:$C$90,$N35,$Z$41:$Z$90)) | AA35: 円
N36: 取組合計 | T36: =SUM(T31:T35) -> 29956000 | U36: 円 | V36: =SUM(V31:V35) -> 29166000 | W36: 円 | X36: =SUM(X31:X35) -> 790000 | Y36: 円 | Z36: =SUM(Z31:Z35) -> 2611000 | AA36: 円
B38: 積算内訳（１．輸出ターゲット国・地域や新たな輸出国・地域の開拓に向けた市場調査及び課題解決に向けた実証等）補助率：定額
B39: No | C39: 区分 | F39: 使途（支出内容） | G39: 備考 | H39: 負担区分 | I39: 税区分 | J39: 単価 | M39: 数量 | P39: 数量 | T39: 金額 | Z39: 消費税
C40: 取組 番号 | D40: 取組名 | E40: 費目 | M40: 個数 | N40: 単位 | P40: 個数 | Q40: 単位 | T40: 計 | V40: うち 国庫補助金 | X40: うち 自己負担金 | Z40: 消費税額 | AB40: 「一部非課税」 の消費税額
B41: 1 | C41: 1 | D41: 市場調査 | E41: 委託費 | F41: 新たな商流を開拓するための市場調査 | G41: 事業者見積参考 | H41: 国庫補助金 | I41: 課税 | J41: 16800000 | K41: 円 | L41: × | M41: 1 | N41: 件 | O41: × | R41: × | S41: = | T41: =PRODUCT(J41,M41,P41) -> 16800000 | U41: 円 | V41: =IF(E41="","",T41-X41) -> 16800000 | W41: 円 | Y41: 円 | Z41: {=IF($T41=0,"",ROUNDDOWN(_xlfn.IFS($I41="課税",$T41*0.1,$I41="軽減",$T41*0.8,$I41="一部非課税",$AB41,I41="非課税",0),0))} -> 1680000 | AA41: 円 | AC41: 円
B42: 2 | C42: 1 | D42: 市場調査 | E42: 旅費 | F42: A国の市場調査のための出張に係る旅費 | G42: 交通費のみ課税 | H42: 一部自己負担金 | I42: 一部非課税 | J42: 580000 | K42: 円 | L42: × | M42: 1 | N42: 人 | O42: × | P42: 1 | Q42: 回 | R42: × | S42: = | T42: =PRODUCT(J42,M42,P42) -> 580000 | U42: 円 | V42: =IF(E42="","",T42-X42) -> 530000 | W42: 円 | X42: 50000 | Y42: 円 | Z42: {=IF($T42=0,"",ROUNDDOWN(_xlfn.IFS($I42="課税",$T42*0.1,$I42="軽減",$T42*0.8,$I42="一部非課税",$AB42,I42="非課税",0),0))} -> 4000 | AA42: 円 | AB42: 4000 | AC42: 円
B43: 3 | C43: 1 | D43: 市場調査 | E43: 旅費 | F43: A国の市場調査のための出張に係る旅費 | G43: 交通費のみ課税 自己負担40,000円×2人 | H43: 一部自己負担金 | I43: 一部非課税 | J43: 350000 | K43: 円 | L43: × | M43: 2 | N43: 人 | O43: × | P43: 1 | Q43: 回 | R43: × | S43: = | T43: =PRODUCT(J43,M43,P43) -> 700000 | U43: 円 | V43: =IF(E43="","",T43-X43) -> 620000 | W43: 円 | X43: 80000 | Y43: 円 | Z43: {=IF($T43=0,"",ROUNDDOWN(_xlfn.IFS($I43="課税",$T43*0.1,$I43="軽減",$T43*0.8,$I43="一部非課税",$AB43,I43="非課税",0),0))} -> 6000 | AA43: 円 | AB43: 6000 | AC43: 円
B44: 4 | C44: 1 | D44: 市場調査 | E44: 旅費 | F44: A国の市場調査のための出張に係る旅費 | G44: 交通費のみ課税 自己負担50,000円×3人×2回 | H44: 一部自己負担金 | I44: 一部非課税 | J44: 780000 | K44: 円 | L44: × | M44: 3 | N44: 人 | O44: × | P44: 2 | Q44: 回 | R44: × | S44: = | T44: =PRODUCT(J44,M44,P44) -> 4680000 | U44: 円 | V44: =IF(E44="","",T44-X44) -> 4380000 | W44: 円 | X44: 300000 | Y44: 円 | Z44: {=IF($T44=0,"",ROUNDDOWN(_xlfn.IFS($I44="課税",$T44*0.1,$I44="軽減",$T44*0.8,$I44="一部非課税",$AB44,I44="非課税",0),0))} -> 30000 | AA44: 円 | AB44: 30000 | AC44: 円
B45: 5 | C45: 1 | D45: 市場調査 | E45: 旅費 | F45: A国の市場調査のための出張に係る旅費 | G45: 交通費のみ課税 | H45: 国庫補助金 | I45: 一部非課税 | J45: 250000 | K45: 円 | L45: × | M45: 3 | N45: 人 | O45: × | P45: 2 | Q45: 回 | R45: × | S45: = | T45: =PRODUCT(J45,M45,P45) -> 1500000 | U45: 円 | V45: =IF(E45="","",T45-X45) -> 1500000 | W45: 円 | Y45: 円 | Z45: {=IF($T45=0,"",ROUNDDOWN(_xlfn.IFS($I45="課税",$T45*0.1,$I45="軽減",$T45*0.8,$I45="一部非課税",$AB45,I45="非課税",0),0))} -> 2000 | AA45: 円 | AB45: 2000 | AC45: 円
B46: 6 | C46: 1 | D46: 市場調査 | E46: 人件費 | F46: A国の市場調査のための出張に係る旅費 | H46: 国庫補助金 | I46: 非課税 | J46: 1500 | K46: 円 | L46: × | M46: 50 | N46: 時間 | O46: × | P46: 2 | Q46: 人 | R46: × | S46: = | T46: =PRODUCT(J46,M46,P46) -> 150000 | U46: 円 | V46: =IF(E46="","",T46-X46) -> 150000 | W46: 円 | Y46: 円 | Z46: {=IF($T46=0,"",ROUNDDOWN(_xlfn.IFS($I46="課税",$T46*0.1,$I46="軽減",$T46*0.8,$I46="一部非課税",$AB46,I46="非課税",0),0))} -> 0 | AA46: 円 | AC46: 円
B47: 7 | C47: 1 | D47: 市場調査 | E47: 謝金 | F47: 調査設計にかかる有識者への謝金 | G47: 大学教授級 | H47: 国庫補助金 | I47: 課税 | J47: 55000 | K47: 円 | L47: × | M47: 5 | N47: 日 | O47: × | P47: 3 | Q47: 人 | R47: × | S47: = | T47: =PRODUCT(J47,M47,P47) -> 825000 | U47: 円 | V47: =IF(E47="","",T47-X47) -> 825000 | W47: 円 | Y47: 円 | Z47: {=IF($T47=0,"",ROUNDDOWN(_xlfn.IFS($I47="課税",$T47*0.1,$I47="軽減",$T47*0.8,$I47="一部非課税",$AB47,I47="非課税",0),0))} -> 82500 | AA47: 円 | AC47: 円
B48: 8 | C48: 1 | D48: 市場調査 | E48: 消耗品費 | F48: 調査用紙 | H48: 国庫補助金 | I48: 課税 | J48: 50000 | K48: 円 | L48: × | M48: 1 | N48: 式 | O48: × | R48: × | S48: = | T48: =PRODUCT(J48,M48,P48) -> 50000 | U48: 円 | V48: =IF(E48="","",T48-X48) -> 50000 | W48: 円 | Y48: 円 | Z48: {=IF($T48=0,"",ROUNDDOWN(_xlfn.IFS($I48="課税",$T48*0.1,$I48="軽減",$T48*0.8,$I48="一部非課税",$AB48,I48="非課税",0),0))} -> 5000 | AA48: 円 | AC48: 円
B49: 9 | C49: 1 | D49: 市場調査 | E49: 消耗品費 | F49: 試食用食材 | H49: 国庫補助金 | I49: 軽減 | J49: 12000 | K49: 円 | L49: × | M49: 1 | N49: 件 | O49: × | R49: × | S49: = | T49: =PRODUCT(J49,M49,P49) -> 12000 | U49: 円 | V49: =IF(E49="","",T49-X49) -> 12000 | W49: 円 | Y49: 円 | Z49: {=IF($T49=0,"",ROUNDDOWN(_xlfn.IFS($I49="課税",$T49*0.1,$I49="軽減",$T49*0.8,$I49="一部非課税",$AB49,I49="非課税",0),0))} -> 9600 | AA49: 円 | AC49: 円
B50: 10 | C50: 1 | D50: 市場調査 | E50: その他 | F50: 収入印紙、振込手数料 | H50: 国庫補助金 | I50: 課税 | J50: 12000 | K50: 円 | L50: × | M50: 1 | N50: 件 | O50: × | R50: × | S50: = | T50: =PRODUCT(J50,M50,P50) -> 12000 | U50: 円 | V50: =IF(E50="","",T50-X50) -> 12000 | W50: 円 | Y50: 円 | Z50: {=IF($T50=0,"",ROUNDDOWN(_xlfn.IFS($I50="課税",$T50*0.1,$I50="軽減",$T50*0.8,$I50="一部非課税",$AB50,I50="非課税",0),0))} -> 1200 | AA50: 円 | AC50: 円
B51: 11 | C51: 2 | D51: 規制調査 | E51: 委託費 | F51: 輸出に関連する規制や認証要件の調査 | G51: 事業者見積参考 | H51: 国庫補助金 | I51: 課税 | J51: 2500000 | K51: 円 | L51: × | M51: 1 | N51: 件 | O51: × | R51: × | S51: = | T51: =PRODUCT(J51,M51,P51) -> 2500000 | U51: 円 | V51: =IF(E51="","",T51-X51) -> 2500000 | W51: 円 | Y51: 円 | Z51: {=IF($T51=0,"",ROUNDDOWN(_xlfn.IFS($I51="課税",$T51*0.1,$I51="軽減",$T51*0.8,$I51="一部非課税",$AB51,I51="非課税",0),0))} -> 250000 | AA51: 円 | AC51: 円
B52: 12 | C52: 2 | D52: 規制調査 | E52: その他 | F52: 収入印紙、振込手数料 | H52: 国庫補助金 | I52: 課税 | J52: 12000 | K52: 円 | L52: × | M52: 1 | N52: 件 | O52: × | R52: × | S52: = | T52: =PRODUCT(J52,M52,P52) -> 12000 | U52: 円 | V52: =IF(E52="","",T52-X52) -> 12000 | W52: 円 | Y52: 円 | Z52: {=IF($T52=0,"",ROUNDDOWN(_xlfn.IFS($I52="課税",$T52*0.1,$I52="軽減",$T52*0.8,$I52="一部非課税",$AB52,I52="非課税",0),0))} -> 1200 | AA52: 円 | AC52: 円
B53: 13 | C53: 2 | D53: 規制調査 | E53: 謝金 | F53: 調査設計にかかる有識者への謝金 | G53: 大学教授級 | H53: 国庫補助金 | I53: 課税 | J53: 55000 | K53: 円 | L53: × | M53: 3 | N53: 日 | O53: × | P53: 1 | Q53: 人 | R53: × | S53: = | T53: =PRODUCT(J53,M53,P53) -> 165000 | U53: 円 | V53: =IF(E53="","",T53-X53) -> 165000 | W53: 円 | Y53: 円 | Z53: {=IF($T53=0,"",ROUNDDOWN(_xlfn.IFS($I53="課税",$T53*0.1,$I53="軽減",$T53*0.8,$I53="一部非課税",$AB53,I53="非課税",0),0))} -> 16500 | AA53: 円 | AC53: 円
B54: 14 | C54: 2 | D54: 規制調査 | E54: 謝金 | F54: 調査設計にかかる有識者への謝金 | G54: 大学准教授級 | H54: 国庫補助金 | I54: 課税 | J54: 30000 | K54: 円 | L54: × | M54: 3 | N54: 日 | O54: × | P54: 2 | Q54: 人 | R54: × | S54: = | T54: =PRODUCT(J54,M54,P54) -> 180000 | U54: 円 | V54: =IF(E54="","",T54-X54) -> 180000 | W54: 円 | Y54: 円 | Z54: {=IF($T54=0,"",ROUNDDOWN(_xlfn.IFS($I54="課税",$T54*0.1,$I54="軽減",$T54*0.8,$I54="一部非課税",$AB54,I54="非課税",0),0))} -> 18000 | AA54: 円 | AC54: 円
B55: 15 | C55: 2 | D55: 規制調査 | E55: 消耗品費 | F55: 調査用紙等 | H55: 国庫補助金 | I55: 課税 | J55: 50000 | K55: 円 | L55: × | M55: 1 | N55: 式 | O55: × | R55: × | S55: = | T55: =PRODUCT(J55,M55,P55) -> 50000 | U55: 円 | V55: =IF(E55="","",T55-X55) -> 50000 | W55: 円 | Y55: 円 | Z55: {=IF($T55=0,"",ROUNDDOWN(_xlfn.IFS($I55="課税",$T55*0.1,$I55="軽減",$T55*0.8,$I55="一部非課税",$AB55,I55="非課税",0),0))} -> 5000 | AA55: 円 | AC55: 円
B56: 16 | C56: 2 | D56: 規制調査 | E56: 旅費 | F56: A国の市場調査のための出張に係る旅費 | G56: 交通費のみ課税・ビジネス料金自己負担 120,000円×3人 | H56: 一部自己負担金 | I56: 一部非課税 | J56: 580000 | K56: 円 | L56: × | M56: 3 | N56: 人 | O56: × | P56: 1 | Q56: 回 | R56: × | S56: = | T56: =PRODUCT(J56,M56,P56) -> 1740000 | U56: 円 | V56: =IF(E56="","",T56-X56) -> 1380000 | W56: 円 | X56: 360000 | Y56: 円 | Z56: {=IF($T56=0,"",ROUNDDOWN(_xlfn.IFS($I56="課税",$T56*0.1,$I56="軽減",$T56*0.8,$I56="一部非課税",$AB56,I56="非課税",0),0))} -> 500000 | AA56: 円 | AB56: 500000 | AC56: 円
B57: 17 | K57: 円 | L57: × | O57: × | R57: × | S57: = | T57: =PRODUCT(J57,M57,P57) -> 0 | U57: 円 | V57: =IF(E57="","",T57-X57) | W57: 円 | Y57: 円 | Z57: {=IF($T57=0,"",ROUNDDOWN(_xlfn.IFS($I57="課税",$T57*0.1,$I57="軽減",$T57*0.8,$I57="一部非課税",$AB57,I57="非課税",0),0))} | AA57: 円 | AC57: 円
B58: 18 | K58: 円 | L58: × | O58: × | R58: × | S58: = | T58: =PRODUCT(J58,M58,P58) -> 0 | U58: 円 | V58: =IF(E58="","",T58-X58) | W58: 円 | Y58: 円 | Z58: {=IF($T58=0,"",ROUNDDOWN(_xlfn.IFS($I58="課税",$T58*0.1,$I58="軽減",$T58*0.8,$I58="一部非課税",$AB58,I58="非課税",0),0))} | AA58: 円 | AC58: 円
B59: 19 | K59: 円 | L59: × | O59: × | R59: × | S59: = | T59: =PRODUCT(J59,M59,P59) -> 0 | U59: 円 | V59: =IF(E59="","",T59-X59) | W59: 円 | Y59: 円 | Z59: {=IF($T59=0,"",ROUNDDOWN(_xlfn.IFS($I59="課税",$T59*0.1,$I59="軽減",$T59*0.8,$I59="一部非課税",$AB59,I59="非課税",0),0))} | AA59: 円 | AC59: 円
B60: 20 | K60: 円 | L60: × | O60: × | R60: × | S60: = | T60: =PRODUCT(J60,M60,P60) -> 0 | U60: 円 | V60: =IF(E60="","",T60-X60) | W60: 円 | Y60: 円 | Z60: {=IF($T60=0,"",ROUNDDOWN(_xlfn.IFS($I60="課税",$T60*0.1,$I60="軽減",$T60*0.8,$I60="一部非課税",$AB60,I60="非課税",0),0))} | AA60: 円 | AC60: 円
B61: 21 | K61: 円 | L61: × | O61: × | R61: × | S61: = | T61: =PRODUCT(J61,M61,P61) -> 0 | U61: 円 | V61: =IF(E61="","",T61-X61) | W61: 円 | Y61: 円 | Z61: {=IF($T61=0,"",ROUNDDOWN(_xlfn.IFS($I61="課税",$T61*0.1,$I61="軽減",$T61*0.8,$I61="一部非課税",$AB61,I61="非課税",0),0))} | AA61: 円 | AC61: 円
B62: 22 | K62: 円 | L62: × | O62: × | R62: × | S62: = | T62: =PRODUCT(J62,M62,P62) -> 0 | U62: 円 | V62: =IF(E62="","",T62-X62) | W62: 円 | Y62: 円 | Z62: {=IF($T62=0,"",ROUNDDOWN(_xlfn.IFS($I62="課税",$T62*0.1,$I62="軽減",$T62*0.8,$I62="一部非課税",$AB62,I62="非課税",0),0))} | AA62: 円 | AC62: 円
B63: 23 | K63: 円 | L63: × | O63: × | R63: × | S63: = | T63: =PRODUCT(J63,M63,P63) -> 0 | U63: 円 | V63: =IF(E63="","",T63-X63) | W63: 円 | Y63: 円 | Z63: {=IF($T63=0,"",ROUNDDOWN(_xlfn.IFS($I63="課税",$T63*0.1,$I63="軽減",$T63*0.8,$I63="一部非課税",$AB63,I63="非課税",0),0))} | AA63: 円 | AC63: 円
B64: 24 | K64: 円 | L64: × | O64: × | R64: × | S64: = | T64: =PRODUCT(J64,M64,P64) -> 0 | U64: 円 | V64: =IF(E64="","",T64-X64) | W64: 円 | Y64: 円 | Z64: {=IF($T64=0,"",ROUNDDOWN(_xlfn.IFS($I64="課税",$T64*0.1,$I64="軽減",$T64*0.8,$I64="一部非課税",$AB64,I64="非課税",0),0))} | AA64: 円 | AC64: 円
B65: 25 | K65: 円 | L65: × | O65: × | R65: × | S65: = | T65: =PRODUCT(J65,M65,P65) -> 0 | U65: 円 | V65: =IF(E65="","",T65-X65) | W65: 円 | Y65: 円 | Z65: {=IF($T65=0,"",ROUNDDOWN(_xlfn.IFS($I65="課税",$T65*0.1,$I65="軽減",$T65*0.8,$I65="一部非課税",$AB65,I65="非課税",0),0))} | AA65: 円 | AC65: 円
B66: 26 | K66: 円 | L66: × | O66: × | R66: × | S66: = | T66: =PRODUCT(J66,M66,P66) -> 0 | U66: 円 | V66: =IF(E66="","",T66-X66) | W66: 円 | Y66: 円 | Z66: {=IF($T66=0,"",ROUNDDOWN(_xlfn.IFS($I66="課税",$T66*0.1,$I66="軽減",$T66*0.8,$I66="一部非課税",$AB66,I66="非課税",0),0))} | AA66: 円 | AC66: 円
B67: 27 | K67: 円 | L67: × | O67: × | R67: × | S67: = | T67: =PRODUCT(J67,M67,P67) -> 0 | U67: 円 | V67: =IF(E67="","",T67-X67) | W67: 円 | Y67: 円 | Z67: {=IF($T67=0,"",ROUNDDOWN(_xlfn.IFS($I67="課税",$T67*0.1,$I67="軽減",$T67*0.8,$I67="一部非課税",$AB67,I67="非課税",0),0))} | AA67: 円 | AC67: 円
B68: 28 | K68: 円 | L68: × | O68: × | R68: × | S68: = | T68: =PRODUCT(J68,M68,P68) -> 0 | U68: 円 | V68: =IF(E68="","",T68-X68) | W68: 円 | Y68: 円 | Z68: {=IF($T68=0,"",ROUNDDOWN(_xlfn.IFS($I68="課税",$T68*0.1,$I68="軽減",$T68*0.8,$I68="一部非課税",$AB68,I68="非課税",0),0))} | AA68: 円 | AC68: 円
... B90: 50 | K90: 円 | L90: × | O90: × | R90: × | S90: = | T90: =PRODUCT(J90,M90,P90) -> 0 | U90: 円 | V90: =IF(E90="","",T90-X90) | W90: 円 | Y90: 円 | Z90: {=IF($T90=0,"",ROUNDDOWN(_xlfn.IFS($I90="課税",$T90*0.1,$I90="軽減",$T90*0.8,$I90="一部非課税",$AB90,I90="非課税",0),0))} | AA90: 円 | AC90: 円
X91: =IF(T91="","",T91-V91)
X92: =IF(T92="","",T92-V92)
X93: =IF(T93="","",T93-V93)
X94: =IF(T94="","",T94-V94)
X95: =IF(T95="","",T95-V95)
X96: =IF(T96="","",T96-V96)
X97: =IF(T97="","",T97-V97)
X98: =IF(T98="","",T98-V98)
X99: =IF(T99="","",T99-V99)
X100: =IF(T100="","",T100-V100)
X101: =IF(T101="","",T101-V101)
X102: =IF(T102="","",T102-V102)
... X693: =IF(T693="","",T693-V693)

Sheet （記入例)２(2)のみ   
A1: （別紙様式４ 別紙 ）令和７年度補正公募
D2: 品目団体名 | E2: （一社）●●●●●協議会
A4: 品目団体輸出力強化緊急支援事業（別紙様式４ 別紙） （２．輸出促進のための規格策定や事業者の水平連携に向けた体制整備等（２）業界統一規格等の現場導入に向けた認証取得等支援）
B6: 記載の注意点 | N6: 事業者区分（課税・非課税） | T6: 課税
B7: 【入力方法】 ●色のついていないセルについては入力をしないようにご注意ください。（関数等が消去される恐れがあります。） ●緑色セル（取組番号（C45）や取組名（D45）等）はデータ及び数値等を入力してください。 ●黄色セル（費目（E45）や負担区分（I45）等）は該当する項目をプルダウンから選択して入力してください。 【公募団体】 ● 品目団体名を確認してください。（積算内訳シートで選択した団体名が反映されます。） 【事業者区分】 ● 事業者区分は、消費税の課税対象について「課税・免税」のいずれに該当するか選択してください。 【支出内訳】 ● 補助事業に係る経費の全てを記載してください。 ● 「取組番号」、「取組名」は「別紙様式３（課題提案書）」等にある、事業の内容の「取組内容」、「取組番号」とその「項目」の名称と同一のものを記載ください。 ● 各経費については、２（２）に係る費用「団体構成員が認証等を取得するために必要な経費を補助する経費」のうち、 プルダウンより該当する費目を選択してください。 ● 事業の一部を委託する場合は、当該事業に要する経費を記載してください。 ● 備考欄には、区分欄に掲げる経費の根拠（経費内容）を詳細に記載してください。 なお、備考欄に記載内容がおさまらない場合は、別葉としても構いません。 ● 人件費、謝金及び賃金については、その単価の根拠資料を添付してください。 ● 「負担区分」については、「国庫補助金」及び「一部自己負担金」から選択してください。 「一部自己負担金」を選択した場合には、「自己負担額②」に該当金額を記載してください。 ※２（２）に係る費用は、補助率が1/2以内となるため「うち国庫補助金」「自己負担金①」に自動計算で数値が反映されます。 支出内容のうち別途自己負担金が含まれる場合は「一部自己負担金」を選択し、「自己負担金②」にその金額を記載してください。 「計」から「自己負担金②」を除いた金額で補助率が算出されます。 ● 「税区分」については、「課税」、「一部非課税」、「非課税」及び「軽減」から選択してください。 「一部非課税」を選択した場合は、「一部非課税の消費税額」欄に該当消費税額を記載してください。 ● 「数量」には、「単価×個数1」あるいは「単価×個数1×個数2」の形で記載してください。 (例)謝金：25,000円×2人×3回
N9: 【団体構成員が認証等を取得するために必要な経費を補助する経費の内訳】
N10: 費目 | T10: 合計 | V10: 負担区分 | AB10: 消費税額
X11: 自己負担金
V12: 国庫補助金 | X12: 自己負担金① | Z12: 自己負担金②
N13: 審査・登録費 | T13: =SUMIF($E$45:$E$94,N13,$T$45:$T$94) -> 500000 | U13: 円 | V13: =SUMIFS($V$45:$V$94,$E$45:$E$94,$N13) -> 250000 | W13: 円 | X13: =SUMIFS($X$45:$X$94,$E$45:$E$94,$N13) -> 250000 | Y13: 円 | Z13: =SUMIFS($Z$45:$Z$94,$E$45:$E$94,$N13,$H$45:$H$94,"一部自己負担金") -> 0 | AA13: 円 | AB13: =SUMIFS($AB$45:$AB$94,$E$45:$E$94,$N13) -> 0 | AC13: 円
N14: 旅費 | T14: =SUMIF($E$45:$E$94,N14,$T$45:$T$94) -> 580000 | U14: 円 | V14: =SUMIFS($V$45:$V$94,$E$45:$E$94,$N14) -> 250000 | W14: 円 | X14: =SUMIFS($X$45:$X$94,$E$45:$E$94,$N14) -> 250000 | Y14: 円 | Z14: =SUMIFS($Z$45:$Z$94,$E$45:$E$94,$N14,$H$45:$H$94,"一部自己負担金") -> 80000 | AA14: 円 | AB14: =SUMIFS($AB$45:$AB$94,$E$45:$E$94,$N14) -> 5000 | AC14: 円
N15: 役務費 | T15: =SUMIF($E$45:$E$94,N15,$T$45:$T$94) -> 0 | U15: 円 | V15: =SUMIFS($V$45:$V$94,$E$45:$E$94,$N15) -> 0 | W15: 円 | X15: =SUMIFS($X$45:$X$94,$E$45:$E$94,$N15) -> 0 | Y15: 円 | Z15: =SUMIFS($Z$45:$Z$94,$E$45:$E$94,$N15,$H$45:$H$94,"一部自己負担金") -> 0 | AA15: 円 | AB15: =SUMIFS($AB$45:$AB$94,$E$45:$E$94,$N15) -> 0 | AC15: 円
N16: 委託費 | T16: =SUMIF($E$45:$E$94,N16,$T$45:$T$94) -> 16800000 | U16: 円 | V16: =SUMIFS($V$45:$V$94,$E$45:$E$94,$N16) -> 8400000 | W16: 円 | X16: =SUMIFS($X$45:$X$94,$E$45:$E$94,$N16) -> 8400000 | Y16: 円 | Z16: =SUMIFS($Z$45:$Z$94,$E$45:$E$94,$N16,$H$45:$H$94,"一部自己負担金") -> 0 | AA16: 円 | AB16: =SUMIFS($AB$45:$AB$94,$E$45:$E$94,$N16) -> 1680000 | AC16: 円
N17: 通信運搬費 | T17: =SUMIF($E$45:$E$94,N17,$T$45:$T$94) -> 0 | U17: 円 | V17: =SUMIFS($V$45:$V$94,$E$45:$E$94,$N17) -> 0 | W17: 円 | X17: =SUMIFS($X$45:$X$94,$E$45:$E$94,$N17) -> 0 | Y17: 円 | Z17: =SUMIFS($Z$45:$Z$94,$E$45:$E$94,$N17,$H$45:$H$94,"一部自己負担金") -> 0 | AA17: 円 | AB17: =SUMIFS($AB$45:$AB$94,$E$45:$E$94,$N17) -> 0 | AC17: 円
N18: 消耗品費 | T18: =SUMIF($E$45:$E$94,N18,$T$45:$T$94) -> 0 | U18: 円 | V18: =SUMIFS($V$45:$V$94,$E$45:$E$94,$N18) -> 0 | W18: 円 | X18: =SUMIFS($X$45:$X$94,$E$45:$E$94,$N18) -> 0 | Y18: 円 | Z18: =SUMIFS($Z$45:$Z$94,$E$45:$E$94,$N18,$H$45:$H$94,"一部自己負担金") -> 0 | AA18: 円 | AB18: =SUMIFS($AB$45:$AB$94,$E$45:$E$94,$N18) -> 0 | AC18: 円
N19: その他 | T19: =SUMIF($E$45:$E$94,N19,$T$45:$T$94) -> 0 | U19: 円 | V19: =SUMIFS($V$45:$V$94,$E$45:$E$94,$N19) -> 0 | W19: 円 | X19: =SUMIFS($X$45:$X$94,$E$45:$E$94,$N19) -> 0 | Y19: 円 | Z19: =SUMIFS($Z$45:$Z$94,$E$45:$E$94,$N19,$H$45:$H$94,"一部自己負担金") -> 0 | AA19: 円 | AB19: =SUMIFS($AB$45:$AB$94,$E$45:$E$94,$N19) -> 0 | AC19: 円
N20: 事業費小計 | T20: =SUM(T4:T19) -> 17880000 | U20: 円 | V20: =SUM(V13:V19) -> 8900000 | W20: 円 | X20: =SUM(X13:X19) -> 8900000 | Y20: 円 | Z20: =SUM(Z13:Z19) -> 80000 | AA20: 円 | AB20: =SUM(AB13:AB19) -> 1685000 | AC20: 円
N21: 事業費合計 | T21: =T20 -> 17880000 | U21: 円 | V21: =V20 -> 8900000 | W21: 円 | X21: =SUM(X20:Z20) -> 8980000 | AA21: 円 | AB21: =SUM(AB5:AB20) -> 3370000 | AC21: 円
N24: 【団体構成員が認証等を取得するために必要な経費を補助する経費（取組ごと）】
N25: 取組 番号 | O25: 取組名 | T25: 合計 | V25: 負担区分 | AB25: 消費税額
X26: 自己負担金
V27: 国庫補助金 | X27: 自己負担金① | Z27: 自己負担金②
N28: 1 | O28: =IFERROR(VLOOKUP($N28,$C$45:$D$94,2,FALSE),"") -> ●●●●認証取得 | T28: =IF(O28="","",SUMIF($C$45:$C$94,$N28,$T$45:$T$94)) -> 17880000 | U28: 円 | V28: =IF(O28="","",SUMIF($C$45:$C$94,$N28,$V$45:$V$94)) -> 8900000 | W28: 円 | X28: =IF(O28="","",SUMIF($C$45:$C$94,$N28,$X$45:$X$94)) -> 8900000 | Y28: 円 | Z28: =IF(O28="","",SUMIF($C$45:$C$94,$N28,$Z$45:$Z$94)) -> 80000 | AA28: 円 | AB28: =IF(T28="","",SUMIF($C$45:$C$94,$N28,$AB$45:$AB$94)) -> 1685000 | AC28: 円
N29: 2 | O29: =IFERROR(VLOOKUP($N29,$C$45:$D$94,2,FALSE),"") | T29: =IF(O29="","",SUMIF($C$45:$C$94,$N29,$T$45:$T$94)) | U29: 円 | V29: =IF(O29="","",SUMIF($C$45:$C$94,$N29,$V$45:$V$94)) | W29: 円 | X29: =IF(O29="","",SUMIF($C$45:$C$94,$N29,$X$45:$X$94)) | Y29: 円 | Z29: =IF(O29="","",SUMIF($C$45:$C$94,$N29,$Z$45:$Z$94)) | AA29: 円 | AB29: =IF(T29="","",SUMIF($C$45:$C$94,$N29,$AB$45:$AB$94)) | AC29: 円
N30: 3 | O30: =IFERROR(VLOOKUP($N30,$C$45:$D$94,2,FALSE),"") | T30: =IF(O30="","",SUMIF($C$45:$C$94,$N30,$T$45:$T$94)) | U30: 円 | V30: =IF(O30="","",SUMIF($C$45:$C$94,$N30,$V$45:$V$94)) | W30: 円 | X30: =IF(O30="","",SUMIF($C$45:$C$94,$N30,$X$45:$X$94)) | Y30: 円 | Z30: =IF(O30="","",SUMIF($C$45:$C$94,$N30,$Z$45:$Z$94)) | AA30: 円 | AB30: =IF(T30="","",SUMIF($C$45:$C$94,$N30,$AB$45:$AB$94)) | AC30: 円
N31: 4 | O31: =IFERROR(VLOOKUP($N31,$C$45:$D$94,2,FALSE),"") | T31: =IF(O31="","",SUMIF($C$45:$C$94,$N31,$T$45:$T$94)) | U31: 円 | V31: =IF(O31="","",SUMIF($C$45:$C$94,$N31,$V$45:$V$94)) | W31: 円 | X31: =IF(O31="","",SUMIF($C$45:$C$94,$N31,$X$45:$X$94)) | Y31: 円 | Z31: =IF(O31="","",SUMIF($C$45:$C$94,$N31,$Z$45:$Z$94)) | AA31: 円 | AB31: =IF(T31="","",SUMIF($C$45:$C$94,$N31,$AB$45:$AB$94)) | AC31: 円
N32: 5 | O32: =IFERROR(VLOOKUP($N32,$C$45:$D$94,2,FALSE),"") | T32: =IF(O32="","",SUMIF($C$45:$C$94,$N32,$T$45:$T$94)) | U32: 円 | V32: =IF(O32="","",SUMIF($C$45:$C$94,$N32,$V$45:$V$94)) | W32: 円 | X32: =IF(O32="","",SUMIF($C$45:$C$94,$N32,$X$45:$X$94)) | Y32: 円 | Z32: =IF(O32="","",SUMIF($C$45:$C$94,$N32,$Z$45:$Z$94)) | AA32: 円 | AB32: =IF(T32="","",SUMIF($C$45:$C$94,$N32,$AB$45:$AB$94)) | AC32: 円
N33: 取組小計 | T33: =SUM(T28:T32) -> 17880000 | U33: 円 | V33: =SUM(V28:V32) -> 8900000 | W33: 円 | X33: =SUM(X28:X32) -> 8900000 | Y33: 円 | Z33: =SUM(Z28:Z32) -> 80000 | AA33: 円 | AB33: =SUM(AB28:AB32) -> 1685000 | AC33: 円
N34: 取組合計 | T34: =T33 -> 17880000 | U34: 円 | V34: =V33 -> 8900000 | W34: 円 | X34: =SUM(X33:Z33) -> 8980000 | AA34: 円 | AB34: =AB33 -> 1685000 | AC34: 円
B42: 積算内訳（２．輸出促進のための規格策定や事業者の水平連携に向けた体制整備等（２）業界統一規格等の現場導入に向けた認証取得等支援）補助率：１／２以内
B43: No | C43: 区分 | F43: 使途（支出内容） | G43: 備考 | H43: 負担区分 | I43: 税区分 | J43: 単価 | M43: 数量 | P43: 数量 | T43: 金額 | AB43: 消費税
C44: 取組 番号 | D44: 取組名 | E44: 費目 | M44: 個数 | N44: 単位 | P44: 個数 | Q44: 単位 | T44: 計 | V44: うち 国庫補助金 | X44: うち 自己負担金① | Z44: うち 自己負担金② | AB44: 消費税額 | AD44: 「一部非課税」 の消費税
B45: 1 | C45: 1 | D45: ●●●●認証取得 | E45: 委託費 | F45: ●●●に関連する規制や認証要件の調査 | G45: 事業者見積参考 | H45: 国庫補助金 | I45: 課税 | J45: 16800000 | K45: 円 | L45: × | M45: 1 | N45: 式 | O45: × | R45: × | S45: = | T45: =PRODUCT(J45,M45,P45) -> 16800000 | U45: 円 | V45: {=_xlfn.IFS(T45=0,"",H45="国庫補助金",ROUNDDOWN(T45/2,0),H45="一部自己負担金",ROUNDDOWN((T45-Z45)/2,0),TRUE,T45)} -> 8400000 | W45: 円 | X45: {=_xlfn.IFS(T45=0,"",H45="国庫補助金",ROUNDDOWN(T45/2,0),H45="一部自己負担金",ROUNDDOWN((T45-Z45)/2,0))} -> 8400000 | Y45: 円 | AA45: 円 | AB45: {=IF($T45=0,"",ROUNDDOWN(_xlfn.IFS($I45="課税",$T45*0.1,$I45="軽減",$T45*0.8,$I45="一部非課税",$AD45,I45="非課税",0),0))} -> 1680000 | AC45: 円 | AE45: 円
B46: 2 | C46: 1 | D46: ●●●●認証取得 | E46: 旅費 | F46: ●●●出張に係る旅費 | G46: 交通費のみ課税 一部自己負担金あり | H46: 一部自己負担金 | I46: 一部非課税 | J46: 580000 | K46: 円 | L46: × | M46: 1 | N46: 人 | O46: × | P46: 1 | Q46: 回 | R46: × | S46: = | T46: =PRODUCT(J46,M46,P46) -> 580000 | U46: 円 | V46: {=_xlfn.IFS(T46=0,"",H46="国庫補助金",ROUNDDOWN(T46/2,0),H46="一部自己負担金",ROUNDDOWN((T46-Z46)/2,0),TRUE,T46)} -> 250000 | W46: 円 | X46: {=_xlfn.IFS(T46=0,"",H46="国庫補助金",ROUNDDOWN(T46/2,0),H46="一部自己負担金",ROUNDDOWN((T46-Z46)/2,0))} -> 250000 | Y46: 円 | Z46: 80000 | AA46: 円 | AB46: {=IF($T46=0,"",ROUNDDOWN(_xlfn.IFS($I46="課税",$T46*0.1,$I46="軽減",$T46*0.8,$I46="一部非課税",$AD46,I46="非課税",0),0))} -> 5000 | AC46: 円 | AD46: 5000 | AE46: 円
B47: 3 | C47: 1 | D47: ●●●●認証取得 | E47: 審査・登録費 | F47: ●●●認証取得審査費用 | H47: 国庫補助金 | I47: 非課税 | J47: 50000 | K47: 円 | L47: × | M47: 10 | N47: 人 | O47: × | P47: 1 | Q47: 回 | R47: × | S47: = | T47: =PRODUCT(J47,M47,P47) -> 500000 | U47: 円 | V47: {=_xlfn.IFS(T47=0,"",H47="国庫補助金",ROUNDDOWN(T47/2,0),H47="一部自己負担金",ROUNDDOWN((T47-Z47)/2,0),TRUE,T47)} -> 250000 | W47: 円 | X47: {=_xlfn.IFS(T47=0,"",H47="国庫補助金",ROUNDDOWN(T47/2,0),H47="一部自己負担金",ROUNDDOWN((T47-Z47)/2,0))} -> 250000 | Y47: 円 | AA47: 円 | AB47: {=IF($T47=0,"",ROUNDDOWN(_xlfn.IFS($I47="課税",$T47*0.1,$I47="軽減",$T47*0.8,$I47="一部非課税",$AD47,I47="非課税",0),0))} -> 0 | AC47: 円 | AE47: 円
B48: 4 | K48: 円 | L48: × | O48: × | R48: × | S48: = | T48: =PRODUCT(J48,M48,P48) -> 0 | U48: 円 | V48: {=_xlfn.IFS(T48=0,"",H48="国庫補助金",ROUNDDOWN(T48/2,0),H48="一部自己負担金",ROUNDDOWN((T48-Z48)/2,0),TRUE,T48)} | W48: 円 | X48: {=_xlfn.IFS(T48=0,"",H48="国庫補助金",ROUNDDOWN(T48/2,0),H48="一部自己負担金",ROUNDDOWN((T48-Z48)/2,0))} | Y48: 円 | AA48: 円 | AB48: {=IF($T48=0,"",ROUNDDOWN(_xlfn.IFS($I48="課税",$T48*0.1,$I48="軽減",$T48*0.8,$I48="一部非課税",$AD48,I48="非課税",0),0))} | AC48: 円 | AE48: 円
B49: 5 | K49: 円 | L49: × | O49: × | R49: × | S49: = | T49: =PRODUCT(J49,M49,P49) -> 0 | U49: 円 | V49: {=_xlfn.IFS(T49=0,"",H49="国庫補助金",ROUNDDOWN(T49/2,0),H49="一部自己負担金",ROUNDDOWN((T49-Z49)/2,0),TRUE,T49)} | W49: 円 | X49: {=_xlfn.IFS(T49=0,"",H49="国庫補助金",ROUNDDOWN(T49/2,0),H49="一部自己負担金",ROUNDDOWN((T49-Z49)/2,0))} | Y49: 円 | AA49: 円 | AB49: {=IF($T49=0,"",ROUNDDOWN(_xlfn.IFS($I49="課税",$T49*0.1,$I49="軽減",$T49*0.8,$I49="一部非課税",$AD49,I49="非課税",0),0))} | AC49: 円 | AE49: 円
B50: 6 | K50: 円 | L50: × | O50: × | R50: × | S50: = | T50: =PRODUCT(J50,M50,P50) -> 0 | U50: 円 | V50: {=_xlfn.IFS(T50=0,"",H50="国庫補助金",ROUNDDOWN(T50/2,0),H50="一部自己負担金",ROUNDDOWN((T50-Z50)/2,0),TRUE,T50)} | W50: 円 | X50: {=_xlfn.IFS(T50=0,"",H50="国庫補助金",ROUNDDOWN(T50/2,0),H50="一部自己負担金",ROUNDDOWN((T50-Z50)/2,0))} | Y50: 円 | AA50: 円 | AB50: {=IF($T50=0,"",ROUNDDOWN(_xlfn.IFS($I50="課税",$T50*0.1,$I50="軽減",$T50*0.8,$I50="一部非課税",$AD50,I50="非課税",0),0))} | AC50: 円 | AE50: 円
B51: 7 | K51: 円 | L51: × | O51: × | R51: × | S51: = | T51: =PRODUCT(J51,M51,P51) -> 0 | U51: 円 | V51: {=_xlfn.IFS(T51=0,"",H51="国庫補助金",ROUNDDOWN(T51/2,0),H51="一部自己負担金",ROUNDDOWN((T51-Z51)/2,0),TRUE,T51)} | W51: 円 | X51: {=_xlfn.IFS(T51=0,"",H51="国庫補助金",ROUNDDOWN(T51/2,0),H51="一部自己負担金",ROUNDDOWN((T51-Z51)/2,0))} | Y51: 円 | AA51: 円 | AB51: {=IF($T51=0,"",ROUNDDOWN(_xlfn.IFS($I51="課税",$T51*0.1,$I51="軽減",$T51*0.8,$I51="一部非課税",$AD51,I51="非課税",0),0))} | AC51: 円 | AE51: 円
B52: 8 | K52: 円 | L52: × | O52: × | R52: × | S52: = | T52: =PRODUCT(J52,M52,P52) -> 0 | U52: 円 | V52: {=_xlfn.IFS(T52=0,"",H52="国庫補助金",ROUNDDOWN(T52/2,0),H52="一部自己負担金",ROUNDDOWN((T52-Z52)/2,0),TRUE,T52)} | W52: 円 | X52: {=_xlfn.IFS(T52=0,"",H52="国庫補助金",ROUNDDOWN(T52/2,0),H52="一部自己負担金",ROUNDDOWN((T52-Z52)/2,0))} | Y52: 円 | AA52: 円 | AB52: {=IF($T52=0,"",ROUNDDOWN(_xlfn.IFS($I52="課税",$T52*0.1,$I52="軽減",$T52*0.8,$I52="一部非課税",$AD52,I52="非課税",0),0))} | AC52: 円 | AE52: 円
B53: 9 | K53: 円 | L53: × | O53: × | R53: × | S53: = | T53: =PRODUCT(J53,M53,P53) -> 0 | U53: 円 | V53: {=_xlfn.IFS(T53=0,"",H53="国庫補助金",ROUNDDOWN(T53/2,0),H53="一部自己負担金",ROUNDDOWN((T53-Z53)/2,0),TRUE,T53)} | W53: 円 | X53: {=_xlfn.IFS(T53=0,"",H53="国庫補助金",ROUNDDOWN(T53/2,0),H53="一部自己負担金",ROUNDDOWN((T53-Z53)/2,0))} | Y53: 円 | AA53: 円 | AB53: {=IF($T53=0,"",ROUNDDOWN(_xlfn.IFS($I53="課税",$T53*0.1,$I53="軽減",$T53*0.8,$I53="一部非課税",$AD53,I53="非課税",0),0))} | AC53: 円 | AE53: 円
B54: 10 | K54: 円 | L54: × | O54: × | R54: × | S54: = | T54: =PRODUCT(J54,M54,P54) -> 0 | U54: 円 | V54: {=_xlfn.IFS(T54=0,"",H54="国庫補助金",ROUNDDOWN(T54/2,0),H54="一部自己負担金",ROUNDDOWN((T54-Z54)/2,0),TRUE,T54)} | W54: 円 | X54: {=_xlfn.IFS(T54=0,"",H54="国庫補助金",ROUNDDOWN(T54/2,0),H54="一部自己負担金",ROUNDDOWN((T54-Z54)/2,0))} | Y54: 円 | AA54: 円 | AB54: {=IF($T54=0,"",ROUNDDOWN(_xlfn.IFS($I54="課税",$T54*0.1,$I54="軽減",$T54*0.8,$I54="一部非課税",$AD54,I54="非課税",0),0))} | AC54: 円 | AE54: 円
B55: 11 | K55: 円 | L55: × | O55: × | R55: × | S55: = | T55: =PRODUCT(J55,M55,P55) -> 0 | U55: 円 | V55: {=_xlfn.IFS(T55=0,"",H55="国庫補助金",ROUNDDOWN(T55/2,0),H55="一部自己負担金",ROUNDDOWN((T55-Z55)/2,0),TRUE,T55)} | W55: 円 | X55: {=_xlfn.IFS(T55=0,"",H55="国庫補助金",ROUNDDOWN(T55/2,0),H55="一部自己負担金",ROUNDDOWN((T55-Z55)/2,0))} | Y55: 円 | AA55: 円 | AB55: {=IF($T55=0,"",ROUNDDOWN(_xlfn.IFS($I55="課税",$T55*0.1,$I55="軽減",$T55*0.8,$I55="一部非課税",$AD55,I55="非課税",0),0))} | AC55: 円 | AE55: 円
B56: 12 | K56: 円 | L56: × | O56: × | R56: × | S56: = | T56: =PRODUCT(J56,M56,P56) -> 0 | U56: 円 | V56: {=_xlfn.IFS(T56=0,"",H56="国庫補助金",ROUNDDOWN(T56/2,0),H56="一部自己負担金",ROUNDDOWN((T56-Z56)/2,0),TRUE,T56)} | W56: 円 | X56: {=_xlfn.IFS(T56=0,"",H56="国庫補助金",ROUNDDOWN(T56/2,0),H56="一部自己負担金",ROUNDDOWN((T56-Z56)/2,0))} | Y56: 円 | AA56: 円 | AB56: {=IF($T56=0,"",ROUNDDOWN(_xlfn.IFS($I56="課税",$T56*0.1,$I56="軽減",$T56*0.8,$I56="一部非課税",$AD56,I56="非課税",0),0))} | AC56: 円 | AE56: 円
B57: 13 | K57: 円 | L57: × | O57: × | R57: × | S57: = | T57: =PRODUCT(J57,M57,P57) -> 0 | U57: 円 | V57: {=_xlfn.IFS(T57=0,"",H57="国庫補助金",ROUNDDOWN(T57/2,0),H57="一部自己負担金",ROUNDDOWN((T57-Z57)/2,0),TRUE,T57)} | W57: 円 | X57: {=_xlfn.IFS(T57=0,"",H57="国庫補助金",ROUNDDOWN(T57/2,0),H57="一部自己負担金",ROUNDDOWN((T57-Z57)/2,0))} | Y57: 円 | AA57: 円 | AB57: {=IF($T57=0,"",ROUNDDOWN(_xlfn.IFS($I57="課税",$T57*0.1,$I57="軽減",$T57*0.8,$I57="一部非課税",$AD57,I57="非課税",0),0))} | AC57: 円 | AE57: 円
B58: 14 | K58: 円 | L58: × | O58: × | R58: × | S58: = | T58: =PRODUCT(J58,M58,P58) -> 0 | U58: 円 | V58: {=_xlfn.IFS(T58=0,"",H58="国庫補助金",ROUNDDOWN(T58/2,0),H58="一部自己負担金",ROUNDDOWN((T58-Z58)/2,0),TRUE,T58)} | W58: 円 | X58: {=_xlfn.IFS(T58=0,"",H58="国庫補助金",ROUNDDOWN(T58/2,0),H58="一部自己負担金",ROUNDDOWN((T58-Z58)/2,0))} | Y58: 円 | AA58: 円 | AB58: {=IF($T58=0,"",ROUNDDOWN(_xlfn.IFS($I58="課税",$T58*0.1,$I58="軽減",$T58*0.8,$I58="一部非課税",$AD58,I58="非課税",0),0))} | AC58: 円 | AE58: 円
B59: 15 | K59: 円 | L59: × | O59: × | R59: × | S59: = | T59: =PRODUCT(J59,M59,P59) -> 0 | U59: 円 | V59: {=_xlfn.IFS(T59=0,"",H59="国庫補助金",ROUNDDOWN(T59/2,0),H59="一部自己負担金",ROUNDDOWN((T59-Z59)/2,0),TRUE,T59)} | W59: 円 | X59: {=_xlfn.IFS(T59=0,"",H59="国庫補助金",ROUNDDOWN(T59/2,0),H59="一部自己負担金",ROUNDDOWN((T59-Z59)/2,0))} | Y59: 円 | AA59: 円 | AB59: {=IF($T59=0,"",ROUNDDOWN(_xlfn.IFS($I59="課税",$T59*0.1,$I59="軽減",$T59*0.8,$I59="一部非課税",$AD59,I59="非課税",0),0))} | AC59: 円 | AE59: 円
... B94: 50 | K94: 円 | L94: × | O94: × | R94: × | S94: = | T94: =PRODUCT(J94,M94,P94) -> 0 | U94: 円 | V94: {=_xlfn.IFS(T94=0,"",H94="国庫補助金",ROUNDDOWN(T94/2,0),H94="一部自己負担金",ROUNDDOWN((T94-Z94)/2,0),TRUE,T94)} | W94: 円 | X94: {=_xlfn.IFS(T94=0,"",H94="国庫補助金",ROUNDDOWN(T94/2,0),H94="一部自己負担金",ROUNDDOWN((T94-Z94)/2,0))} | Y94: 円 | AA94: 円 | AB94: {=IF($T94=0,"",ROUNDDOWN(_xlfn.IFS($I94="課税",$T94*0.1,$I94="軽減",$T94*0.8,$I94="一部非課税",$AD94,I94="非課税",0),0))} | AC94: 円 | AE94: 円

Sheet １．輸出ターゲット国・地域や新たな輸出国・地域の開拓に向けた市
A1: （別紙様式４ 別紙 ）令和７年度補正公募
D2: 品目団体名 | E2: =IF(積算内訳書!$F$3="","",積算内訳書!$F$3)
A4: 品目団体輸出力強化緊急支援事業（別紙様式４ 別紙） （１．輸出ターゲット国・地域や新たな輸出国・地域の開拓に向けた市場調査及び課題解決に向けた実証等）
B6: 記載の注意点 | N6: 事業者区分（課税・非課税）
B7: 【入力方法】 ● 色のついていないセルについては入力をしないようにご注意ください。（関数等が消去される恐れがあります。） ● 緑色セル（取組番号（C56）や取組名（D56）等）はデータ及び数値等を入力してください。 ● 黄色セル（費目（E56）や負担区分（H56）等）は該当する項目をプルダウンから選択して入力してください。 【団体名】 ● 品目団体名を確認してください。（積算内訳シートで選択した団体名が反映されます。） 【事業者区分】 ● 事業者区分は、消費税の課税対象について「課税・免税」のいずれに該当するか選択してください。 【積算内訳】 ● 補助事業に係る経費の全てを記載してください。 ● 「取組番号」、「取組名」は「別紙様式３（課題提案書）」等にある、事業の内容の「取組内容」、「取組番号」と その「項目」の名称と同一のものを記載ください。 ● 各経費については、「【参考】補助対象経費」シートより、該当する費目を選択してください。 ● 事業の一部を委託する場合は、当該事業に要する経費を記載してください。 ● 備考欄には、区分欄に掲げる経費の根拠（経費内容）を詳細に記載してください。 なお、備考欄に記載内容がおさまらない場合は、別葉としても構いません。 ● 人件費、謝金及び賃金については、その単価の根拠資料を添付してください。 ● 「負担区分」については、「国庫補助金」及び「一部自己負担金」から選択してください。 「一部自己負担金」を選択した場合には、「うち、自己 負担額」に該当金額を記載してください。 ● 「消費税区分」については、「課税」、「一部非課税」、「非課税」及び「軽減」から選択してください。 「一部非課税」を選択した場合は、「一部非課税の消費税額」欄に該当経費にかかる消費税額を入力してください。 ● 「数量」には、「単価（税込）×個数1」あるいは「単価（税込）×個数1×個数2」の形で入力ください。 (例)謝金：25,000円×2人×3回 ● 「証拠書類番号」は金額の根拠となる別添資料番号（見積書番号等）を入力してください。 【その他】 ● 行の追加は以下の手順で行ってください。 ※追加したい箇所の行番号（表内のNoでなく、左端のグレー部分）をクリックして「コピー」→右クリック→「コピーしたセルの挿入」で計算式が反映された「行」が追加されます。
N9: 【事業費（費目ごと）】
N10: 費目 | T10: 合計 | V10: 負担区分 | Z10: 消費税額 | AF10: 合計 | AH10: 国庫補助金 | AJ10: 自己負担金 | AL10: 消費税額 | AN10: （G）詳細
V11: 国庫補助金 | X11: 自己負担金 | AF11: 入力中関数 | AG11: 初期関数 | AH11: 入力中関数 | AI11: 初期関数 | AJ11: 入力中関数 | AK11: 初期関数 | AL11: 入力中関数 | AM11: 初期関数
N12: 人件費 | T12: =SUMIF($E$56:$E$166,N12,$T$56:$T$166) -> 0 | U12: 円 | V12: =SUMIFS($V$56:$V$166,$E$56:$E$166,$N12) -> 0 | W12: 円 | X12: =SUMIFS($X$56:$X$166,$E$56:$E$166,$N12) -> 0 | Y12: 円 | Z12: =SUMIFS($Z$56:$Z$166,$E$56:$E$166,$N12) -> 0 | AA12: 円 | AF12: =_xlfn.FORMULATEXT(T12) -> =SUMIF($E$56:$E$166,N12,$T$56:$T$166) | AG12: =SUMIF($E$56:$E$155,N12,$T$56:$T$155) | AH12: =_xlfn.FORMULATEXT(V12) -> =SUMIFS($V$56:$V$166,$E$56:$E$166,$N12) | AI12: =SUMIFS($V$56:$V$155,$E$56:$E$155,$N12) | AJ12: =_xlfn.FORMULATEXT(X12) -> =SUMIFS($X$56:$X$166,$E$56:$E$166,$N12) | AK12: =SUMIFS($X$56:$X$155,$E$56:$E$155,$N12) | AL12: =_xlfn.FORMULATEXT(Z12) -> =SUMIFS($Z$56:$Z$166,$E$56:$E$166,$N12) | AM12: =SUMIFS($Z$56:$Z$155,$E$56:$E$155,$N12) | AN12: =IF(AND(AF12=AG12,AH12=AI12,AJ12=AK12,AL12=AM12),"","×") -> ×
N13: 謝金 | T13: =SUMIF($E$56:$E$166,N13,$T$56:$T$166) -> 0 | U13: 円 | V13: =SUMIFS($V$56:$V$166,$E$56:$E$166,$N13) -> 0 | W13: 円 | X13: =SUMIFS($X$56:$X$166,$E$56:$E$166,$N13) -> 0 | Y13: 円 | Z13: =SUMIFS($Z$56:$Z$166,$E$56:$E$166,$N13) -> 0 | AA13: 円 | AF13: =_xlfn.FORMULATEXT(T13) -> =SUMIF($E$56:$E$166,N13,$T$56:$T$166) | AG13: =SUMIF($E$56:$E$155,N13,$T$56:$T$155) | AH13: =_xlfn.FORMULATEXT(V13) -> =SUMIFS($V$56:$V$166,$E$56:$E$166,$N13) | AI13: =SUMIFS($V$56:$V$155,$E$56:$E$155,$N13) | AJ13: =_xlfn.FORMULATEXT(X13) -> =SUMIFS($X$56:$X$166,$E$56:$E$166,$N13) | AK13: =SUMIFS($X$56:$X$155,$E$56:$E$155,$N13) | AL13: =_xlfn.FORMULATEXT(Z13) -> =SUMIFS($Z$56:$Z$166,$E$56:$E$166,$N13) | AM13: =SUMIFS($Z$56:$Z$155,$E$56:$E$155,$N13) | AN13: =IF(AND(AF13=AG13,AH13=AI13,AJ13=AK13,AL13=AM13),"","×") -> ×
N14: 賃金 | T14: =SUMIF($E$56:$E$166,N14,$T$56:$T$166) -> 0 | U14: 円 | V14: =SUMIFS($V$56:$V$166,$E$56:$E$166,$N14) -> 0 | W14: 円 | X14: =SUMIFS($X$56:$X$166,$E$56:$E$166,$N14) -> 0 | Y14: 円 | Z14: =SUMIFS($Z$56:$Z$166,$E$56:$E$166,$N14) -> 0 | AA14: 円 | AF14: =_xlfn.FORMULATEXT(T14) -> =SUMIF($E$56:$E$166,N14,$T$56:$T$166) | AG14: =SUMIF($E$56:$E$155,N14,$T$56:$T$155) | AH14: =_xlfn.FORMULATEXT(V14) -> =SUMIFS($V$56:$V$166,$E$56:$E$166,$N14) | AI14: =SUMIFS($V$56:$V$155,$E$56:$E$155,$N14) | AJ14: =_xlfn.FORMULATEXT(X14) -> =SUMIFS($X$56:$X$166,$E$56:$E$166,$N14) | AK14: =SUMIFS($X$56:$X$155,$E$56:$E$155,$N14) | AL14: =_xlfn.FORMULATEXT(Z14) -> =SUMIFS($Z$56:$Z$166,$E$56:$E$166,$N14) | AM14: =SUMIFS($Z$56:$Z$155,$E$56:$E$155,$N14) | AN14: =IF(AND(AF14=AG14,AH14=AI14,AJ14=AK14,AL14=AM14),"","×") -> ×
N15: 旅費 | T15: =SUMIF($E$56:$E$166,N15,$T$56:$T$166) -> 0 | U15: 円 | V15: =SUMIFS($V$56:$V$166,$E$56:$E$166,$N15) -> 0 | W15: 円 | X15: =SUMIFS($X$56:$X$166,$E$56:$E$166,$N15) -> 0 | Y15: 円 | Z15: =SUMIFS($Z$56:$Z$166,$E$56:$E$166,$N15) -> 0 | AA15: 円 | AF15: =_xlfn.FORMULATEXT(T15) -> =SUMIF($E$56:$E$166,N15,$T$56:$T$166) | AG15: =SUMIF($E$56:$E$155,N15,$T$56:$T$155) | AH15: =_xlfn.FORMULATEXT(V15) -> =SUMIFS($V$56:$V$166,$E$56:$E$166,$N15) | AI15: =SUMIFS($V$56:$V$155,$E$56:$E$155,$N15) | AJ15: =_xlfn.FORMULATEXT(X15) -> =SUMIFS($X$56:$X$166,$E$56:$E$166,$N15) | AK15: =SUMIFS($X$56:$X$155,$E$56:$E$155,$N15) | AL15: =_xlfn.FORMULATEXT(Z15) -> =SUMIFS($Z$56:$Z$166,$E$56:$E$166,$N15) | AM15: =SUMIFS($Z$56:$Z$155,$E$56:$E$155,$N15) | AN15: =IF(AND(AF15=AG15,AH15=AI15,AJ15=AK15,AL15=AM15),"","×") -> ×
N16: 賃借料及び使用料 | T16: =SUMIF($E$56:$E$166,N16,$T$56:$T$166) -> 0 | U16: 円 | V16: =SUMIFS($V$56:$V$166,$E$56:$E$166,$N16) -> 0 | W16: 円 | X16: =SUMIFS($X$56:$X$166,$E$56:$E$166,$N16) -> 0 | Y16: 円 | Z16: =SUMIFS($Z$56:$Z$166,$E$56:$E$166,$N16) -> 0 | AA16: 円 | AF16: =_xlfn.FORMULATEXT(T16) -> =SUMIF($E$56:$E$166,N16,$T$56:$T$166) | AG16: =SUMIF($E$56:$E$155,N16,$T$56:$T$155) | AH16: =_xlfn.FORMULATEXT(V16) -> =SUMIFS($V$56:$V$166,$E$56:$E$166,$N16) | AI16: =SUMIFS($V$56:$V$155,$E$56:$E$155,$N16) | AJ16: =_xlfn.FORMULATEXT(X16) -> =SUMIFS($X$56:$X$166,$E$56:$E$166,$N16) | AK16: =SUMIFS($X$56:$X$155,$E$56:$E$155,$N16) | AL16: =_xlfn.FORMULATEXT(Z16) -> =SUMIFS($Z$56:$Z$166,$E$56:$E$166,$N16) | AM16: =SUMIFS($Z$56:$Z$155,$E$56:$E$155,$N16) | AN16: =IF(AND(AF16=AG16,AH16=AI16,AJ16=AK16,AL16=AM16),"","×") -> ×
N17: 広告宣伝費 | T17: =SUMIF($E$56:$E$166,N17,$T$56:$T$166) -> 0 | U17: 円 | V17: =SUMIFS($V$56:$V$166,$E$56:$E$166,$N17) -> 0 | W17: 円 | X17: =SUMIFS($X$56:$X$166,$E$56:$E$166,$N17) -> 0 | Y17: 円 | Z17: =SUMIFS($Z$56:$Z$166,$E$56:$E$166,$N17) -> 0 | AA17: 円 | AF17: =_xlfn.FORMULATEXT(T17) -> =SUMIF($E$56:$E$166,N17,$T$56:$T$166) | AG17: =SUMIF($E$56:$E$155,N17,$T$56:$T$155) | AH17: =_xlfn.FORMULATEXT(V17) -> =SUMIFS($V$56:$V$166,$E$56:$E$166,$N17) | AI17: =SUMIFS($V$56:$V$155,$E$56:$E$155,$N17) | AJ17: =_xlfn.FORMULATEXT(X17) -> =SUMIFS($X$56:$X$166,$E$56:$E$166,$N17) | AK17: =SUMIFS($X$56:$X$155,$E$56:$E$155,$N17) | AL17: =_xlfn.FORMULATEXT(Z17) -> =SUMIFS($Z$56:$Z$166,$E$56:$E$166,$N17) | AM17: =SUMIFS($Z$56:$Z$155,$E$56:$E$155,$N17) | AN17: =IF(AND(AF17=AG17,AH17=AI17,AJ17=AK17,AL17=AM17),"","×") -> ×
N18: 輸送費 | T18: =SUMIF($E$56:$E$166,N18,$T$56:$T$166) -> 0 | U18: 円 | V18: =SUMIFS($V$56:$V$166,$E$56:$E$166,$N18) -> 0 | W18: 円 | X18: =SUMIFS($X$56:$X$166,$E$56:$E$166,$N18) -> 0 | Y18: 円 | Z18: =SUMIFS($Z$56:$Z$166,$E$56:$E$166,$N18) -> 0 | AA18: 円 | AF18: =_xlfn.FORMULATEXT(T18) -> =SUMIF($E$56:$E$166,N18,$T$56:$T$166) | AG18: =SUMIF($E$56:$E$155,N18,$T$56:$T$155) | AH18: =_xlfn.FORMULATEXT(V18) -> =SUMIFS($V$56:$V$166,$E$56:$E$166,$N18) | AI18: =SUMIFS($V$56:$V$155,$E$56:$E$155,$N18) | AJ18: =_xlfn.FORMULATEXT(X18) -> =SUMIFS($X$56:$X$166,$E$56:$E$166,$N18) | AK18: =SUMIFS($X$56:$X$155,$E$56:$E$155,$N18) | AL18: =_xlfn.FORMULATEXT(Z18) -> =SUMIFS($Z$56:$Z$166,$E$56:$E$166,$N18) | AM18: =SUMIFS($Z$56:$Z$155,$E$56:$E$155,$N18) | AN18: =IF(AND(AF18=AG18,AH18=AI18,AJ18=AK18,AL18=AM18),"","×") -> ×
N19: 役務費 | T19: =SUMIF($E$56:$E$166,N19,$T$56:$T$166) -> 0 | U19: 円 | V19: =SUMIFS($V$56:$V$166,$E$56:$E$166,$N19) -> 0 | W19: 円 | X19: =SUMIFS($X$56:$X$166,$E$56:$E$166,$N19) -> 0 | Y19: 円 | Z19: =SUMIFS($Z$56:$Z$166,$E$56:$E$166,$N19) -> 0 | AA19: 円 | AF19: =_xlfn.FORMULATEXT(T19) -> =SUMIF($E$56:$E$166,N19,$T$56:$T$166) | AG19: =SUMIF($E$56:$E$155,N19,$T$56:$T$155) | AH19: =_xlfn.FORMULATEXT(V19) -> =SUMIFS($V$56:$V$166,$E$56:$E$166,$N19) | AI19: =SUMIFS($V$56:$V$155,$E$56:$E$155,$N19) | AJ19: =_xlfn.FORMULATEXT(X19) -> =SUMIFS($X$56:$X$166,$E$56:$E$166,$N19) | AK19: =SUMIFS($X$56:$X$155,$E$56:$E$155,$N19) | AL19: =_xlfn.FORMULATEXT(Z19) -> =SUMIFS($Z$56:$Z$166,$E$56:$E$166,$N19) | AM19: =SUMIFS($Z$56:$Z$155,$E$56:$E$155,$N19) | AN19: =IF(AND(AF19=AG19,AH19=AI19,AJ19=AK19,AL19=AM19),"","×") -> ×
N20: 印刷製本費 | T20: =SUMIF($E$56:$E$166,N20,$T$56:$T$166) -> 0 | U20: 円 | V20: =SUMIFS($V$56:$V$166,$E$56:$E$166,$N20) -> 0 | W20: 円 | X20: =SUMIFS($X$56:$X$166,$E$56:$E$166,$N20) -> 0 | Y20: 円 | Z20: =SUMIFS($Z$56:$Z$166,$E$56:$E$166,$N20) -> 0 | AA20: 円 | AF20: =_xlfn.FORMULATEXT(T20) -> =SUMIF($E$56:$E$166,N20,$T$56:$T$166) | AG20: =SUMIF($E$56:$E$155,N20,$T$56:$T$155) | AH20: =_xlfn.FORMULATEXT(V20) -> =SUMIFS($V$56:$V$166,$E$56:$E$166,$N20) | AI20: =SUMIFS($V$56:$V$155,$E$56:$E$155,$N20) | AJ20: =_xlfn.FORMULATEXT(X20) -> =SUMIFS($X$56:$X$166,$E$56:$E$166,$N20) | AK20: =SUMIFS($X$56:$X$155,$E$56:$E$155,$N20) | AL20: =_xlfn.FORMULATEXT(Z20) -> =SUMIFS($Z$56:$Z$166,$E$56:$E$166,$N20) | AM20: =SUMIFS($Z$56:$Z$155,$E$56:$E$155,$N20) | AN20: =IF(AND(AF20=AG20,AH20=AI20,AJ20=AK20,AL20=AM20),"","×") -> ×
N21: 消耗品費 | T21: =SUMIF($E$56:$E$166,N21,$T$56:$T$166) -> 0 | U21: 円 | V21: =SUMIFS($V$56:$V$166,$E$56:$E$166,$N21) -> 0 | W21: 円 | X21: =SUMIFS($X$56:$X$166,$E$56:$E$166,$N21) -> 0 | Y21: 円 | Z21: =SUMIFS($Z$56:$Z$166,$E$56:$E$166,$N21) -> 0 | AA21: 円 | AF21: =_xlfn.FORMULATEXT(T21) -> =SUMIF($E$56:$E$166,N21,$T$56:$T$166) | AG21: =SUMIF($E$56:$E$155,N21,$T$56:$T$155) | AH21: =_xlfn.FORMULATEXT(V21) -> =SUMIFS($V$56:$V$166,$E$56:$E$166,$N21) | AI21: =SUMIFS($V$56:$V$155,$E$56:$E$155,$N21) | AJ21: =_xlfn.FORMULATEXT(X21) -> =SUMIFS($X$56:$X$166,$E$56:$E$166,$N21) | AK21: =SUMIFS($X$56:$X$155,$E$56:$E$155,$N21) | AL21: =_xlfn.FORMULATEXT(Z21) -> =SUMIFS($Z$56:$Z$166,$E$56:$E$166,$N21) | AM21: =SUMIFS($Z$56:$Z$155,$E$56:$E$155,$N21) | AN21: =IF(AND(AF21=AG21,AH21=AI21,AJ21=AK21,AL21=AM21),"","×") -> ×
N22: 機器・備品費 | T22: =SUMIF($E$56:$E$166,N22,$T$56:$T$166) -> 0 | U22: 円 | V22: =SUMIFS($V$56:$V$166,$E$56:$E$166,$N22) -> 0 | W22: 円 | X22: =SUMIFS($X$56:$X$166,$E$56:$E$166,$N22) -> 0 | Y22: 円 | Z22: =SUMIFS($Z$56:$Z$166,$E$56:$E$166,$N22) -> 0 | AA22: 円 | AF22: =_xlfn.FORMULATEXT(T22) -> =SUMIF($E$56:$E$166,N22,$T$56:$T$166) | AG22: =SUMIF($E$56:$E$155,N22,$T$56:$T$155) | AH22: =_xlfn.FORMULATEXT(V22) -> =SUMIFS($V$56:$V$166,$E$56:$E$166,$N22) | AI22: =SUMIFS($V$56:$V$155,$E$56:$E$155,$N22) | AJ22: =_xlfn.FORMULATEXT(X22) -> =SUMIFS($X$56:$X$166,$E$56:$E$166,$N22) | AK22: =SUMIFS($X$56:$X$155,$E$56:$E$155,$N22) | AL22: =_xlfn.FORMULATEXT(Z22) -> =SUMIFS($Z$56:$Z$166,$E$56:$E$166,$N22) | AM22: =SUMIFS($Z$56:$Z$155,$E$56:$E$155,$N22) | AN22: =IF(AND(AF22=AG22,AH22=AI22,AJ22=AK22,AL22=AM22),"","×") -> ×
N23: 借上げ費 | T23: =SUMIF($E$56:$E$166,N23,$T$56:$T$166) -> 0 | U23: 円 | V23: =SUMIFS($V$56:$V$166,$E$56:$E$166,$N23) -> 0 | W23: 円 | X23: =SUMIFS($X$56:$X$166,$E$56:$E$166,$N23) -> 0 | Y23: 円 | Z23: =SUMIFS($Z$56:$Z$166,$E$56:$E$166,$N23) -> 0 | AA23: 円 | AF23: =_xlfn.FORMULATEXT(T23) -> =SUMIF($E$56:$E$166,N23,$T$56:$T$166) | AG23: =SUMIF($E$56:$E$155,N23,$T$56:$T$155) | AH23: =_xlfn.FORMULATEXT(V23) -> =SUMIFS($V$56:$V$166,$E$56:$E$166,$N23) | AI23: =SUMIFS($V$56:$V$155,$E$56:$E$155,$N23) | AJ23: =_xlfn.FORMULATEXT(X23) -> =SUMIFS($X$56:$X$166,$E$56:$E$166,$N23) | AK23: =SUMIFS($X$56:$X$155,$E$56:$E$155,$N23) | AL23: =_xlfn.FORMULATEXT(Z23) -> =SUMIFS($Z$56:$Z$166,$E$56:$E$166,$N23) | AM23: =SUMIFS($Z$56:$Z$155,$E$56:$E$155,$N23) | AN23: =IF(AND(AF23=AG23,AH23=AI23,AJ23=AK23,AL23=AM23),"","×") -> ×
... N25: その他 | T25: =SUMIF($E$56:$E$166,N25,$T$56:$T$166) -> 0 | U25: 円 | V25: =SUMIFS($V$56:$V$166,$E$56:$E$166,$N25) -> 0 | W25: 円 | X25: =SUMIFS($X$56:$X$166,$E$56:$E$166,$N25) -> 0 | Y25: 円 | Z25: =SUMIFS($Z$56:$Z$166,$E$56:$E$166,$N25) -> 0 | AA25: 円 | AF25: =_xlfn.FORMULATEXT(T25) -> =SUMIF($E$56:$E$166,N25,$T$56:$T$166) | AG25: =SUMIF($E$56:$E$155,N25,$T$56:$T$155) | AH25: =_xlfn.FORMULATEXT(V25) -> =SUMIFS($V$56:$V$166,$E$56:$E$166,$N25) | AI25: =SUMIFS($V$56:$V$155,$E$56:$E$155,$N25) | AJ25: =_xlfn.FORMULATEXT(X25) -> =SUMIFS($X$56:$X$166,$E$56:$E$166,$N25) | AK25: =SUMIFS($X$56:$X$155,$E$56:$E$155,$N25) | AL25: =_xlfn.FORMULATEXT(Z25) -> =SUMIFS($Z$56:$Z$166,$E$56:$E$166,$N25) | AM25: =SUMIFS($Z$56:$Z$155,$E$56:$E$155,$N25) | AN25: =IF(AND(AF25=AG25,AH25=AI25,AJ25=AK25,AL25=AM25),"","×") -> ×
N26: 事業費合計 | T26: =SUM(T12:T25) -> 0 | U26: 円 | V26: =SUM(V12:V25) -> 0 | W26: 円 | X26: =SUM(X12:X25) -> 0 | Y26: 円 | Z26: =SUM(Z12:Z25) -> 0 | AA26: 円 | AF26: =_xlfn.FORMULATEXT(T26) -> =SUM(T12:T25) | AG26: =SUM(T12:T25) | AH26: =_xlfn.FORMULATEXT(V26) -> =SUM(V12:V25) | AI26: =SUM(V12:V25) | AJ26: =_xlfn.FORMULATEXT(X26) -> =SUM(X12:X25) | AK26: =SUM(X12:X25) | AL26: =_xlfn.FORMULATEXT(Z26) -> =SUM(Z12:Z25) | AM26: =SUM(Z12:Z25) | AN26: =IF(AND(AF26=AG26,AH26=AI26,AJ26=AK26,AL26=AM26),"","×")
N28: 【事業費（取組ごと）】
N29: 取組 番号 | O29: 取組名 | T29: 合計 | V29: 負担区分 | Z29: 消費税額 | AF29: 取組名 | AH29: 合計 | AJ29: 国庫補助金 | AL29: 自己負担金 | AN29: 消費税額 | AP29: （H）詳細
V30: 国庫補助金 | X30: 自己負担金 | AF30: 入力中関数 | AG30: 初期関数 | AH30: 入力中関数 | AI30: 初期関数 | AJ30: 入力中関数 | AK30: 初期関数 | AL30: 入力中関数 | AM30: 初期関数 | AN30: 入力中関数 | AO30: 初期関数
N31: 1 | O31: =IFERROR(VLOOKUP($N31,$C$56:$D$166,2,FALSE),"") | T31: =IF(O31="","",SUMIF($C$56:$C$166,$N31,$T$56:$T$166)) | U31: 円 | V31: =IF(O31="","",SUMIF($C$56:$C$166,$N31,$V$56:$V$166)) | W31: 円 | X31: =IF(O31="","",SUMIF($C$56:$C$166,$N31,$X$56:$X$166)) | Y31: 円 | Z31: =IF(T31="","",SUMIF($C$56:$C$166,$N31,$Z$56:$Z$166)) | AA31: 円 | AF31: =_xlfn.FORMULATEXT(O31) -> =IFERROR(VLOOKUP($N31,$C$56:$D$166,2,FALSE),"") | AG31: =IFERROR(VLOOKUP($N31,$C$56:$D$155,2,FALSE),"") | AH31: =_xlfn.FORMULATEXT(T31) -> =IF(O31="","",SUMIF($C$56:$C$166,$N31,$T$56:$T$166)) | AI31: =IF(O31="","",SUMIF($C$56:$C$155,$N31,$T$56:$T$155)) | AJ31: =_xlfn.FORMULATEXT(V31) -> =IF(O31="","",SUMIF($C$56:$C$166,$N31,$V$56:$V$166)) | AK31: =IF(O31="","",SUMIF($C$56:$C$155,$N31,$V$56:$V$155)) | AL31: =_xlfn.FORMULATEXT(X31) -> =IF(O31="","",SUMIF($C$56:$C$166,$N31,$X$56:$X$166)) | AM31: =IF(O31="","",SUMIF($C$56:$C$155,$N31,$X$56:$X$155)) | AN31: =_xlfn.FORMULATEXT(Z31) -> =IF(T31="","",SUMIF($C$56:$C$166,$N31,$Z$56:$Z$166)) | AO31: =IF(T31="","",SUMIF($C$56:$C$155,$N31,$Z$56:$Z$155)) | AP31: =IF(AND(AF31=AG31,AH31=AI31,AJ31=AK31,AL31=AM31,AN31=AO31),"","×") -> ×
N32: 2 | O32: =IFERROR(VLOOKUP($N32,$C$56:$D$166,2,FALSE),"") | T32: =IF(O32="","",SUMIF($C$56:$C$166,$N32,$T$56:$T$166)) | U32: 円 | V32: =IF(O32="","",SUMIF($C$56:$C$166,$N32,$V$56:$V$166)) | W32: 円 | X32: =IF(O32="","",SUMIF($C$56:$C$166,$N32,$X$56:$X$166)) | Y32: 円 | Z32: =IF(T32="","",SUMIF($C$56:$C$166,$N32,$Z$56:$Z$166)) | AA32: 円 | AF32: =_xlfn.FORMULATEXT(O32) -> =IFERROR(VLOOKUP($N32,$C$56:$D$166,2,FALSE),"") | AG32: =IFERROR(VLOOKUP($N32,$C$56:$D$155,2,FALSE),"") | AH32: =_xlfn.FORMULATEXT(T32) -> =IF(O32="","",SUMIF($C$56:$C$166,$N32,$T$56:$T$166)) | AI32: =IF(O32="","",SUMIF($C$56:$C$155,$N32,$T$56:$T$155)) | AJ32: =_xlfn.FORMULATEXT(V32) -> =IF(O32="","",SUMIF($C$56:$C$166,$N32,$V$56:$V$166)) | AK32: =IF(O32="","",SUMIF($C$56:$C$155,$N32,$V$56:$V$155)) | AL32: =_xlfn.FORMULATEXT(X32) -> =IF(O32="","",SUMIF($C$56:$C$166,$N32,$X$56:$X$166)) | AM32: =IF(O32="","",SUMIF($C$56:$C$155,$N32,$X$56:$X$155)) | AN32: =_xlfn.FORMULATEXT(Z32) -> =IF(T32="","",SUMIF($C$56:$C$166,$N32,$Z$56:$Z$166)) | AO32: =IF(T32="","",SUMIF($C$56:$C$155,$N32,$Z$56:$Z$155)) | AP32: =IF(AND(AF32=AG32,AH32=AI32,AJ32=AK32,AL32=AM32,AN32=AO32),"","×") -> ×
N33: 3 | O33: =IFERROR(VLOOKUP($N33,$C$56:$D$166,2,FALSE),"") | T33: =IF(O33="","",SUMIF($C$56:$C$166,$N33,$T$56:$T$166)) | U33: 円 | V33: =IF(O33="","",SUMIF($C$56:$C$166,$N33,$V$56:$V$166)) | W33: 円 | X33: =IF(O33="","",SUMIF($C$56:$C$166,$N33,$X$56:$X$166)) | Y33: 円 | Z33: =IF(T33="","",SUMIF($C$56:$C$166,$N33,$Z$56:$Z$166)) | AA33: 円 | AF33: =_xlfn.FORMULATEXT(O33) -> =IFERROR(VLOOKUP($N33,$C$56:$D$166,2,FALSE),"") | AG33: =IFERROR(VLOOKUP($N33,$C$56:$D$155,2,FALSE),"") | AH33: =_xlfn.FORMULATEXT(T33) -> =IF(O33="","",SUMIF($C$56:$C$166,$N33,$T$56:$T$166)) | AI33: =IF(O33="","",SUMIF($C$56:$C$155,$N33,$T$56:$T$155)) | AJ33: =_xlfn.FORMULATEXT(V33) -> =IF(O33="","",SUMIF($C$56:$C$166,$N33,$V$56:$V$166)) | AK33: =IF(O33="","",SUMIF($C$56:$C$155,$N33,$V$56:$V$155)) | AL33: =_xlfn.FORMULATEXT(X33) -> =IF(O33="","",SUMIF($C$56:$C$166,$N33,$X$56:$X$166)) | AM33: =IF(O33="","",SUMIF($C$56:$C$155,$N33,$X$56:$X$155)) | AN33: =_xlfn.FORMULATEXT(Z33) -> =IF(T33="","",SUMIF($C$56:$C$166,$N33,$Z$56:$Z$166)) | AO33: =IF(T33="","",SUMIF($C$56:$C$155,$N33,$Z$56:$Z$155)) | AP33: =IF(AND(AF33=AG33,AH33=AI33,AJ33=AK33,AL33=AM33,AN33=AO33),"","×") -> ×
N34: 4 | O34: =IFERROR(VLOOKUP($N34,$C$56:$D$166,2,FALSE),"") | T34: =IF(O34="","",SUMIF($C$56:$C$166,$N34,$T$56:$T$166)) | U34: 円 | V34: =IF(O34="","",SUMIF($C$56:$C$166,$N34,$V$56:$V$166)) | W34: 円 | X34: =IF(O34="","",SUMIF($C$56:$C$166,$N34,$X$56:$X$166)) | Y34: 円 | Z34: =IF(T34="","",SUMIF($C$56:$C$166,$N34,$Z$56:$Z$166)) | AA34: 円 | AF34: =_xlfn.FORMULATEXT(O34) -> =IFERROR(VLOOKUP($N34,$C$56:$D$166,2,FALSE),"") | AG34: =IFERROR(VLOOKUP($N34,$C$56:$D$155,2,FALSE),"") | AH34: =_xlfn.FORMULATEXT(T34) -> =IF(O34="","",SUMIF($C$56:$C$166,$N34,$T$56:$T$166)) | AI34: =IF(O34="","",SUMIF($C$56:$C$155,$N34,$T$56:$T$155)) | AJ34: =_xlfn.FORMULATEXT(V34) -> =IF(O34="","",SUMIF($C$56:$C$166,$N34,$V$56:$V$166)) | AK34: =IF(O34="","",SUMIF($C$56:$C$155,$N34,$V$56:$V$155)) | AL34: =_xlfn.FORMULATEXT(X34) -> =IF(O34="","",SUMIF($C$56:$C$166,$N34,$X$56:$X$166)) | AM34: =IF(O34="","",SUMIF($C$56:$C$155,$N34,$X$56:$X$155)) | AN34: =_xlfn.FORMULATEXT(Z34) -> =IF(T34="","",SUMIF($C$56:$C$166,$N34,$Z$56:$Z$166)) | AO34: =IF(T34="","",SUMIF($C$56:$C$155,$N34,$Z$56:$Z$155)) | AP34: =IF(AND(AF34=AG34,AH34=AI34,AJ34=AK34,AL34=AM34,AN34=AO34),"","×") -> ×
N35: 5 | O35: =IFERROR(VLOOKUP($N35,$C$56:$D$166,2,FALSE),"") | T35: =IF(O35="","",SUMIF($C$56:$C$166,$N35,$T$56:$T$166)) | U35: 円 | V35: =IF(O35="","",SUMIF($C$56:$C$166,$N35,$V$56:$V$166)) | W35: 円 | X35: =IF(O35="","",SUMIF($C$56:$C$166,$N35,$X$56:$X$166)) | Y35: 円 | Z35: =IF(T35="","",SUMIF($C$56:$C$166,$N35,$Z$56:$Z$166)) | AA35: 円 | AF35: =_xlfn.FORMULATEXT(O35) -> =IFERROR(VLOOKUP($N35,$C$56:$D$166,2,FALSE),"") | AG35: =IFERROR(VLOOKUP($N35,$C$56:$D$155,2,FALSE),"") | AH35: =_xlfn.FORMULATEXT(T35) -> =IF(O35="","",SUMIF($C$56:$C$166,$N35,$T$56:$T$166)) | AI35: =IF(O35="","",SUMIF($C$56:$C$155,$N35,$T$56:$T$155)) | AJ35: =_xlfn.FORMULATEXT(V35) -> =IF(O35="","",SUMIF($C$56:$C$166,$N35,$V$56:$V$166)) | AK35: =IF(O35="","",SUMIF($C$56:$C$155,$N35,$V$56:$V$155)) | AL35: =_xlfn.FORMULATEXT(X35) -> =IF(O35="","",SUMIF($C$56:$C$166,$N35,$X$56:$X$166)) | AM35: =IF(O35="","",SUMIF($C$56:$C$155,$N35,$X$56:$X$155)) | AN35: =_xlfn.FORMULATEXT(Z35) -> =IF(T35="","",SUMIF($C$56:$C$166,$N35,$Z$56:$Z$166)) | AO35: =IF(T35="","",SUMIF($C$56:$C$155,$N35,$Z$56:$Z$155)) | AP35: =IF(AND(AF35=AG35,AH35=AI35,AJ35=AK35,AL35=AM35,AN35=AO35),"","×") -> ×
N36: 6 | O36: =IFERROR(VLOOKUP($N36,$C$56:$D$166,2,FALSE),"") | T36: =IF(O36="","",SUMIF($C$56:$C$166,$N36,$T$56:$T$166)) | U36: 円 | V36: =IF(O36="","",SUMIF($C$56:$C$166,$N36,$V$56:$V$166)) | W36: 円 | X36: =IF(O36="","",SUMIF($C$56:$C$166,$N36,$X$56:$X$166)) | Y36: 円 | Z36: =IF(T36="","",SUMIF($C$56:$C$166,$N36,$Z$56:$Z$166)) | AA36: 円 | AF36: =_xlfn.FORMULATEXT(O36) -> =IFERROR(VLOOKUP($N36,$C$56:$D$166,2,FALSE),"") | AG36: =IFERROR(VLOOKUP($N36,$C$56:$D$155,2,FALSE),"") | AH36: =_xlfn.FORMULATEXT(T36) -> =IF(O36="","",SUMIF($C$56:$C$166,$N36,$T$56:$T$166)) | AI36: =IF(O36="","",SUMIF($C$56:$C$155,$N36,$T$56:$T$155)) | AJ36: =_xlfn.FORMULATEXT(V36) -> =IF(O36="","",SUMIF($C$56:$C$166,$N36,$V$56:$V$166)) | AK36: =IF(O36="","",SUMIF($C$56:$C$155,$N36,$V$56:$V$155)) | AL36: =_xlfn.FORMULATEXT(X36) -> =IF(O36="","",SUMIF($C$56:$C$166,$N36,$X$56:$X$166)) | AM36: =IF(O36="","",SUMIF($C$56:$C$155,$N36,$X$56:$X$155)) | AN36: =_xlfn.FORMULATEXT(Z36) -> =IF(T36="","",SUMIF($C$56:$C$166,$N36,$Z$56:$Z$166)) | AO36: =IF(T36="","",SUMIF($C$56:$C$155,$N36,$Z$56:$Z$155)) | AP36: =IF(AND(AF36=AG36,AH36=AI36,AJ36=AK36,AL36=AM36,AN36=AO36),"","×") -> ×
N37: 7 | O37: =IFERROR(VLOOKUP($N37,$C$56:$D$166,2,FALSE),"") | T37: =IF(O37="","",SUMIF($C$56:$C$166,$N37,$T$56:$T$166)) | U37: 円 | V37: =IF(O37="","",SUMIF($C$56:$C$166,$N37,$V$56:$V$166)) | W37: 円 | X37: =IF(O37="","",SUMIF($C$56:$C$166,$N37,$X$56:$X$166)) | Y37: 円 | Z37: =IF(T37="","",SUMIF($C$56:$C$166,$N37,$Z$56:$Z$166)) | AA37: 円 | AF37: =_xlfn.FORMULATEXT(O37) -> =IFERROR(VLOOKUP($N37,$C$56:$D$166,2,FALSE),"") | AG37: =IFERROR(VLOOKUP($N37,$C$56:$D$155,2,FALSE),"") | AH37: =_xlfn.FORMULATEXT(T37) -> =IF(O37="","",SUMIF($C$56:$C$166,$N37,$T$56:$T$166)) | AI37: =IF(O37="","",SUMIF($C$56:$C$155,$N37,$T$56:$T$155)) | AJ37: =_xlfn.FORMULATEXT(V37) -> =IF(O37="","",SUMIF($C$56:$C$166,$N37,$V$56:$V$166)) | AK37: =IF(O37="","",SUMIF($C$56:$C$155,$N37,$V$56:$V$155)) | AL37: =_xlfn.FORMULATEXT(X37) -> =IF(O37="","",SUMIF($C$56:$C$166,$N37,$X$56:$X$166)) | AM37: =IF(O37="","",SUMIF($C$56:$C$155,$N37,$X$56:$X$155)) | AN37: =_xlfn.FORMULATEXT(Z37) -> =IF(T37="","",SUMIF($C$56:$C$166,$N37,$Z$56:$Z$166)) | AO37: =IF(T37="","",SUMIF($C$56:$C$155,$N37,$Z$56:$Z$155)) | AP37: =IF(AND(AF37=AG37,AH37=AI37,AJ37=AK37,AL37=AM37,AN37=AO37),"","×") -> ×
N38: 8 | O38: =IFERROR(VLOOKUP($N38,$C$56:$D$166,2,FALSE),"") | T38: =IF(O38="","",SUMIF($C$56:$C$166,$N38,$T$56:$T$166)) | U38: 円 | V38: =IF(O38="","",SUMIF($C$56:$C$166,$N38,$V$56:$V$166)) | W38: 円 | X38: =IF(O38="","",SUMIF($C$56:$C$166,$N38,$X$56:$X$166)) | Y38: 円 | Z38: =IF(T38="","",SUMIF($C$56:$C$166,$N38,$Z$56:$Z$166)) | AA38: 円 | AF38: =_xlfn.FORMULATEXT(O38) -> =IFERROR(VLOOKUP($N38,$C$56:$D$166,2,FALSE),"") | AG38: =IFERROR(VLOOKUP($N38,$C$56:$D$155,2,FALSE),"") | AH38: =_xlfn.FORMULATEXT(T38) -> =IF(O38="","",SUMIF($C$56:$C$166,$N38,$T$56:$T$166)) | AI38: =IF(O38="","",SUMIF($C$56:$C$155,$N38,$T$56:$T$155)) | AJ38: =_xlfn.FORMULATEXT(V38) -> =IF(O38="","",SUMIF($C$56:$C$166,$N38,$V$56:$V$166)) | AK38: =IF(O38="","",SUMIF($C$56:$C$155,$N38,$V$56:$V$155)) | AL38: =_xlfn.FORMULATEXT(X38) -> =IF(O38="","",SUMIF($C$56:$C$166,$N38,$X$56:$X$166)) | AM38: =IF(O38="","",SUMIF($C$56:$C$155,$N38,$X$56:$X$155)) | AN38: =_xlfn.FORMULATEXT(Z38) -> =IF(T38="","",SUMIF($C$56:$C$166,$N38,$Z$56:$Z$166)) | AO38: =IF(T38="","",SUMIF($C$56:$C$155,$N38,$Z$56:$Z$155)) | AP38: =IF(AND(AF38=AG38,AH38=AI38,AJ38=AK38,AL38=AM38,AN38=AO38),"","×") -> ×
N39: 9 | O39: =IFERROR(VLOOKUP($N39,$C$56:$D$166,2,FALSE),"") | T39: =IF(O39="","",SUMIF($C$56:$C$166,$N39,$T$56:$T$166)) | U39: 円 | V39: =IF(O39="","",SUMIF($C$56:$C$166,$N39,$V$56:$V$166)) | W39: 円 | X39: =IF(O39="","",SUMIF($C$56:$C$166,$N39,$X$56:$X$166)) | Y39: 円 | Z39: =IF(T39="","",SUMIF($C$56:$C$166,$N39,$Z$56:$Z$166)) | AA39: 円 | AF39: =_xlfn.FORMULATEXT(O39) -> =IFERROR(VLOOKUP($N39,$C$56:$D$166,2,FALSE),"") | AG39: =IFERROR(VLOOKUP($N39,$C$56:$D$155,2,FALSE),"") | AH39: =_xlfn.FORMULATEXT(T39) -> =IF(O39="","",SUMIF($C$56:$C$166,$N39,$T$56:$T$166)) | AI39: =IF(O39="","",SUMIF($C$56:$C$155,$N39,$T$56:$T$155)) | AJ39: =_xlfn.FORMULATEXT(V39) -> =IF(O39="","",SUMIF($C$56:$C$166,$N39,$V$56:$V$166)) | AK39: =IF(O39="","",SUMIF($C$56:$C$155,$N39,$V$56:$V$155)) | AL39: =_xlfn.FORMULATEXT(X39) -> =IF(O39="","",SUMIF($C$56:$C$166,$N39,$X$56:$X$166)) | AM39: =IF(O39="","",SUMIF($C$56:$C$155,$N39,$X$56:$X$155)) | AN39: =_xlfn.FORMULATEXT(Z39) -> =IF(T39="","",SUMIF($C$56:$C$166,$N39,$Z$56:$Z$166)) | AO39: =IF(T39="","",SUMIF($C$56:$C$155,$N39,$Z$56:$Z$155)) | AP39: =IF(AND(AF39=AG39,AH39=AI39,AJ39=AK39,AL39=AM39,AN39=AO39),"","×") -> ×
N40: 10 | O40: =IFERROR(VLOOKUP($N40,$C$56:$D$166,2,FALSE),"") | T40: =IF(O40="","",SUMIF($C$56:$C$166,$N40,$T$56:$T$166)) | U40: 円 | V40: =IF(O40="","",SUMIF($C$56:$C$166,$N40,$V$56:$V$166)) | W40: 円 | X40: =IF(O40="","",SUMIF($C$56:$C$166,$N40,$X$56:$X$166)) | Y40: 円 | Z40: =IF(T40="","",SUMIF($C$56:$C$166,$N40,$Z$56:$Z$166)) | AA40: 円 | AF40: =_xlfn.FORMULATEXT(O40) -> =IFERROR(VLOOKUP($N40,$C$56:$D$166,2,FALSE),"") | AG40: =IFERROR(VLOOKUP($N40,$C$56:$D$155,2,FALSE),"") | AH40: =_xlfn.FORMULATEXT(T40) -> =IF(O40="","",SUMIF($C$56:$C$166,$N40,$T$56:$T$166)) | AI40: =IF(O40="","",SUMIF($C$56:$C$155,$N40,$T$56:$T$155)) | AJ40: =_xlfn.FORMULATEXT(V40) -> =IF(O40="","",SUMIF($C$56:$C$166,$N40,$V$56:$V$166)) | AK40: =IF(O40="","",SUMIF($C$56:$C$155,$N40,$V$56:$V$155)) | AL40: =_xlfn.FORMULATEXT(X40) -> =IF(O40="","",SUMIF($C$56:$C$166,$N40,$X$56:$X$166)) | AM40: =IF(O40="","",SUMIF($C$56:$C$155,$N40,$X$56:$X$155)) | AN40: =_xlfn.FORMULATEXT(Z40) -> =IF(T40="","",SUMIF($C$56:$C$166,$N40,$Z$56:$Z$166)) | AO40: =IF(T40="","",SUMIF($C$56:$C$155,$N40,$Z$56:$Z$155)) | AP40: =IF(AND(AF40=AG40,AH40=AI40,AJ40=AK40,AL40=AM40,AN40=AO40),"","×") -> ×
N41: 11 | O41: =IFERROR(VLOOKUP($N41,$C$56:$D$166,2,FALSE),"") | T41: =IF(O41="","",SUMIF($C$56:$C$166,$N41,$T$56:$T$166)) | U41: 円 | V41: =IF(O41="","",SUMIF($C$56:$C$166,$N41,$V$56:$V$166)) | W41: 円 | X41: =IF(O41="","",SUMIF($C$56:$C$166,$N41,$X$56:$X$166)) | Y41: 円 | Z41: =IF(T41="","",SUMIF($C$56:$C$166,$N41,$Z$56:$Z$166)) | AA41: 円 | AF41: =_xlfn.FORMULATEXT(O41) -> =IFERROR(VLOOKUP($N41,$C$56:$D$166,2,FALSE),"") | AG41: =IFERROR(VLOOKUP($N41,$C$56:$D$155,2,FALSE),"") | AH41: =_xlfn.FORMULATEXT(T41) -> =IF(O41="","",SUMIF($C$56:$C$166,$N41,$T$56:$T$166)) | AI41: =IF(O41="","",SUMIF($C$56:$C$155,$N41,$T$56:$T$155)) | AJ41: =_xlfn.FORMULATEXT(V41) -> =IF(O41="","",SUMIF($C$56:$C$166,$N41,$V$56:$V$166)) | AK41: =IF(O41="","",SUMIF($C$56:$C$155,$N41,$V$56:$V$155)) | AL41: =_xlfn.FORMULATEXT(X41) -> =IF(O41="","",SUMIF($C$56:$C$166,$N41,$X$56:$X$166)) | AM41: =IF(O41="","",SUMIF($C$56:$C$155,$N41,$X$56:$X$155)) | AN41: =_xlfn.FORMULATEXT(Z41) -> =IF(T41="","",SUMIF($C$56:$C$166,$N41,$Z$56:$Z$166)) | AO41: =IF(T41="","",SUMIF($C$56:$C$155,$N41,$Z$56:$Z$155)) | AP41: =IF(AND(AF41=AG41,AH41=AI41,AJ41=AK41,AL41=AM41,AN41=AO41),"","×") -> ×
N42: 12 | O42: =IFERROR(VLOOKUP($N42,$C$56:$D$166,2,FALSE),"") | T42: =IF(O42="","",SUMIF($C$56:$C$166,$N42,$T$56:$T$166)) | U42: 円 | V42: =IF(O42="","",SUMIF($C$56:$C$166,$N42,$V$56:$V$166)) | W42: 円 | X42: =IF(O42="","",SUMIF($C$56:$C$166,$N42,$X$56:$X$166)) | Y42: 円 | Z42: =IF(T42="","",SUMIF($C$56:$C$166,$N42,$Z$56:$Z$166)) | AA42: 円 | AF42: =_xlfn.FORMULATEXT(O42) -> =IFERROR(VLOOKUP($N42,$C$56:$D$166,2,FALSE),"") | AG42: =IFERROR(VLOOKUP($N42,$C$56:$D$155,2,FALSE),"") | AH42: =_xlfn.FORMULATEXT(T42) -> =IF(O42="","",SUMIF($C$56:$C$166,$N42,$T$56:$T$166)) | AI42: =IF(O42="","",SUMIF($C$56:$C$155,$N42,$T$56:$T$155)) | AJ42: =_xlfn.FORMULATEXT(V42) -> =IF(O42="","",SUMIF($C$56:$C$166,$N42,$V$56:$V$166)) | AK42: =IF(O42="","",SUMIF($C$56:$C$155,$N42,$V$56:$V$155)) | AL42: =_xlfn.FORMULATEXT(X42) -> =IF(O42="","",SUMIF($C$56:$C$166,$N42,$X$56:$X$166)) | AM42: =IF(O42="","",SUMIF($C$56:$C$155,$N42,$X$56:$X$155)) | AN42: =_xlfn.FORMULATEXT(Z42) -> =IF(T42="","",SUMIF($C$56:$C$166,$N42,$Z$56:$Z$166)) | AO42: =IF(T42="","",SUMIF($C$56:$C$155,$N42,$Z$56:$Z$155)) | AP42: =IF(AND(AF42=AG42,AH42=AI42,AJ42=AK42,AL42=AM42,AN42=AO42),"","×") -> ×
... N50: 20 | O50: =IFERROR(VLOOKUP($N50,$C$56:$D$166,2,FALSE),"") | T50: =IF(O50="","",SUMIF($C$56:$C$166,$N50,$T$56:$T$166)) | U50: 円 | V50: =IF(O50="","",SUMIF($C$56:$C$166,$N50,$V$56:$V$166)) | W50: 円 | X50: =IF(O50="","",SUMIF($C$56:$C$166,$N50,$X$56:$X$166)) | Y50: 円 | Z50: =IF(T50="","",SUMIF($C$56:$C$166,$N50,$Z$56:$Z$166)) | AA50: 円 | AF50: =_xlfn.FORMULATEXT(O50) -> =IFERROR(VLOOKUP($N50,$C$56:$D$166,2,FALSE),"") | AG50: =IFERROR(VLOOKUP($N50,$C$56:$D$155,2,FALSE),"") | AH50: =_xlfn.FORMULATEXT(T50) -> =IF(O50="","",SUMIF($C$56:$C$166,$N50,$T$56:$T$166)) | AI50: =IF(O50="","",SUMIF($C$56:$C$155,$N50,$T$56:$T$155)) | AJ50: =_xlfn.FORMULATEXT(V50) -> =IF(O50="","",SUMIF($C$56:$C$166,$N50,$V$56:$V$166)) | AK50: =IF(O50="","",SUMIF($C$56:$C$155,$N50,$V$56:$V$155)) | AL50: =_xlfn.FORMULATEXT(X50) -> =IF(O50="","",SUMIF($C$56:$C$166,$N50,$X$56:$X$166)) | AM50: =IF(O50="","",SUMIF($C$56:$C$155,$N50,$X$56:$X$155)) | AN50: =_xlfn.FORMULATEXT(Z50) -> =IF(T50="","",SUMIF($C$56:$C$166,$N50,$Z$56:$Z$166)) | AO50: =IF(T50="","",SUMIF($C$56:$C$155,$N50,$Z$56:$Z$155)) | AP50: =IF(AND(AF50=AG50,AH50=AI50,AJ50=AK50,AL50=AM50,AN50=AO50),"","×") -> ×
N51: 取組合計 | T51: =SUM(T31:T50) -> 0 | U51: 円 | V51: =SUM(V31:V50) -> 0 | W51: 円 | X51: =SUM(X31:X50) -> 0 | Y51: 円 | Z51: =SUM(Z31:Z50) -> 0 | AA51: 円 | AH51: =_xlfn.FORMULATEXT(T51) -> =SUM(T31:T50) | AI51: =SUM(T31:T50) | AJ51: =_xlfn.FORMULATEXT(V51) -> =SUM(V31:V50) | AK51: =SUM(V31:V50) | AL51: =_xlfn.FORMULATEXT(X51) -> =SUM(X31:X50) | AM51: =SUM(X31:X50) | AN51: =_xlfn.FORMULATEXT(Z51) -> =SUM(Z31:Z50) | AO51: =SUM(Z31:Z50) | AP51: =IF(AND(AF51=AG51,AH51=AI51,AJ51=AK51,AL51=AM51,AN51=AO51),"","×")
B53: 積算内訳（１．輸出ターゲット国・地域や新たな輸出国・地域の開拓に向けた市場調査及び課題解決に向けた実証等）補助率：定額 | AF53: （A） | AG53: （B） | AH53: （C) | AI53: （D） | AJ53: （E） | AK53: （F） | AL53: （G） | AM53: （H） | AN53: （I)
B54: No | C54: 区分 | F54: 使途（支出内容） | G54: 備考 | H54: 負担区分 | I54: 消費税区分 | J54: 単価（税込） | M54: 数量 | P54: 数量 | T54: 金額 | Z54: 消費税 | AD54: 証拠書類番号 | AF54: 一部自己負担金 | AG54: 一部非課税 | AI54: 計 | AJ54: うち国庫補助金 | AK54: 消費税額 | AL54: 費目ごと 関数 | AM54: 取組ごと 関数 | AN54: 合計 | AR54: 国庫補助金 | AV54: 自己負担金
C55: 取組 番号 | D55: 取組名 | E55: 費目 | M55: 個数 | N55: 単位 | P55: 個数 | Q55: 単位 | T55: 計 | V55: うち 国庫補助金 | X55: うち 自己負担金 | Z55: 消費税額 | AB55: 「一部非課税」 の消費税額 | AO55: 積算内訳書 | AP55: 費目ごと | AQ55: 取組ごと | AS55: 積算内訳書 | AT55: 費目ごと | AU55: 取組ごと | AW55: 積算内訳書 | AX55: 費目ごと | AY55: 取組ごと
B56: =ROW(B56)-55 -> 1 | K56: 円 | L56: × | O56: × | R56: × | S56: = | T56: =PRODUCT(J56,M56,P56) -> 0 | U56: 円 | V56: =IF(E56="","",T56-X56) | W56: 円 | Y56: 円 | Z56: {=IF($T56=0,"",ROUNDDOWN(_xlfn.IFS($I56="課税",$T56*0.1/1.1,$I56="軽減",$T56*0.08/1.08,$I56="一部非課税",$AB56,I56="非課税",0),0))} | AA56: 円 | AC56: 円 | AF56: =IF(AND($H56="一部自己負担金",$X56=""),"×","") | AG56: =IF(AND($I56="一部非課税",$AB56=""),"×","") | AI56: =IF(PRODUCT($J56,$M56,$P56)=T56,"","×") | AJ56: =IF(IF($E56="","",$T56-$X56)=$V56,"","×") | AK56: {=IF(IF($T56=0,"",ROUNDDOWN(_xlfn.IFS($I56="課税",$T56*0.1/1.1,$I56="軽減",$T56*0.08/1.08,$I56="一部非課税",$AB56,I56="非課税",0),0))=$Z56,"","×")} | AL56: =IF(COUNTIF($AN$12:$AN$26,"×")>0,"×","") -> × | AM56: =IF(COUNTIF($AP$31:$AP$51,"×")>0,"×","") -> × | AN56: =IF(AND(AO56=AP56,AP56=AQ56),"","×") -> #N/A | AO56: #N/A | AP56: =$T$26 -> 0 | AQ56: =$T$51 -> 0 | AR56: =IF(AND(AS56=AT56,AT56=AU56),"","×") -> #N/A | AS56: #N/A | AT56: =$V$25 -> 0 | AU56: =$V$51 -> 0 | AV56: =IF(AND(AW56=AX56,AX56=AY56),"","×") -> #N/A | AW56: #N/A | AX56: =$X$26 -> 0 | AY56: =$X$51 -> 0
B57: =ROW(B57)-55 -> 2 | K57: 円 | L57: × | O57: × | R57: × | S57: = | T57: =PRODUCT(J57,M57,P57) -> 0 | U57: 円 | V57: =IF(E57="","",T57-X57) | W57: 円 | Y57: 円 | Z57: {=IF($T57=0,"",ROUNDDOWN(_xlfn.IFS($I57="課税",$T57*0.1/1.1,$I57="軽減",$T57*0.08/1.08,$I57="一部非課税",$AB57,I57="非課税",0),0))} | AA57: 円 | AC57: 円 | AF57: =IF(AND($H57="一部自己負担金",$X57=""),"×","") | AG57: =IF(AND($I57="一部非課税",$AB57=""),"×","") | AI57: =IF(PRODUCT($J57,$M57,$P57)=T57,"","×") | AJ57: =IF(IF($E57="","",$T57-$X57)=$V57,"","×") | AK57: {=IF(IF($T57=0,"",ROUNDDOWN(_xlfn.IFS($I57="課税",$T57*0.1/1.1,$I57="軽減",$T57*0.08/1.08,$I57="一部非課税",$AB57,I57="非課税",0),0))=$Z57,"","×")} | AL57: =IF(COUNTIF($AN$12:$AN$26,"×")>0,"×","") -> × | AM57: =IF(COUNTIF($AP$31:$AP$51,"×")>0,"×","") -> × | AN57: =IF(AND(AO57=AP57,AP57=AQ57),"","×")
B58: =ROW(B58)-55 -> 3 | K58: 円 | L58: × | O58: × | R58: × | S58: = | T58: =PRODUCT(J58,M58,P58) -> 0 | U58: 円 | V58: =IF(E58="","",T58-X58) | W58: 円 | Y58: 円 | Z58: {=IF($T58=0,"",ROUNDDOWN(_xlfn.IFS($I58="課税",$T58*0.1/1.1,$I58="軽減",$T58*0.08/1.08,$I58="一部非課税",$AB58,I58="非課税",0),0))} | AA58: 円 | AC58: 円 | AF58: =IF(AND($H58="一部自己負担金",$X58=""),"×","") | AG58: =IF(AND($I58="一部非課税",$AB58=""),"×","") | AI58: =IF(PRODUCT($J58,$M58,$P58)=T58,"","×") | AJ58: =IF(IF($E58="","",$T58-$X58)=$V58,"","×") | AK58: {=IF(IF($T58=0,"",ROUNDDOWN(_xlfn.IFS($I58="課税",$T58*0.1/1.1,$I58="軽減",$T58*0.08/1.08,$I58="一部非課税",$AB58,I58="非課税",0),0))=$Z58,"","×")} | AL58: =IF(COUNTIF($AN$12:$AN$26,"×")>0,"×","") -> × | AM58: =IF(COUNTIF($AP$31:$AP$51,"×")>0,"×","") -> × | AN58: =IF(AND(AO58=AP58,AP58=AQ58),"","×")
B59: =ROW(B59)-55 -> 4 | K59: 円 | L59: × | O59: × | R59: × | S59: = | T59: =PRODUCT(J59,M59,P59) -> 0 | U59: 円 | V59: =IF(E59="","",T59-X59) | W59: 円 | Y59: 円 | Z59: {=IF($T59=0,"",ROUNDDOWN(_xlfn.IFS($I59="課税",$T59*0.1/1.1,$I59="軽減",$T59*0.08/1.08,$I59="一部非課税",$AB59,I59="非課税",0),0))} | AA59: 円 | AC59: 円 | AF59: =IF(AND($H59="一部自己負担金",$X59=""),"×","") | AG59: =IF(AND($I59="一部非課税",$AB59=""),"×","") | AI59: =IF(PRODUCT($J59,$M59,$P59)=T59,"","×") | AJ59: =IF(IF($E59="","",$T59-$X59)=$V59,"","×") | AK59: {=IF(IF($T59=0,"",ROUNDDOWN(_xlfn.IFS($I59="課税",$T59*0.1/1.1,$I59="軽減",$T59*0.08/1.08,$I59="一部非課税",$AB59,I59="非課税",0),0))=$Z59,"","×")} | AL59: =IF(COUNTIF($AN$12:$AN$26,"×")>0,"×","") -> × | AM59: =IF(COUNTIF($AP$31:$AP$51,"×")>0,"×","") -> × | AN59: =IF(AND(AO59=AP59,AP59=AQ59),"","×")
B60: =ROW(B60)-55 -> 5 | K60: 円 | L60: × | O60: × | R60: × | S60: = | T60: =PRODUCT(J60,M60,P60) -> 0 | U60: 円 | V60: =IF(E60="","",T60-X60) | W60: 円 | Y60: 円 | Z60: {=IF($T60=0,"",ROUNDDOWN(_xlfn.IFS($I60="課税",$T60*0.1/1.1,$I60="軽減",$T60*0.08/1.08,$I60="一部非課税",$AB60,I60="非課税",0),0))} | AA60: 円 | AC60: 円 | AF60: =IF(AND($H60="一部自己負担金",$X60=""),"×","") | AG60: =IF(AND($I60="一部非課税",$AB60=""),"×","") | AI60: =IF(PRODUCT($J60,$M60,$P60)=T60,"","×") | AJ60: =IF(IF($E60="","",$T60-$X60)=$V60,"","×") | AK60: {=IF(IF($T60=0,"",ROUNDDOWN(_xlfn.IFS($I60="課税",$T60*0.1/1.1,$I60="軽減",$T60*0.08/1.08,$I60="一部非課税",$AB60,I60="非課税",0),0))=$Z60,"","×")} | AL60: =IF(COUNTIF($AN$12:$AN$26,"×")>0,"×","") -> × | AM60: =IF(COUNTIF($AP$31:$AP$51,"×")>0,"×","") -> × | AN60: =IF(AND(AO60=AP60,AP60=AQ60),"","×")
B61: =ROW(B61)-55 -> 6 | K61: 円 | L61: × | O61: × | R61: × | S61: = | T61: =PRODUCT(J61,M61,P61) -> 0 | U61: 円 | V61: =IF(E61="","",T61-X61) | W61: 円 | Y61: 円 | Z61: {=IF($T61=0,"",ROUNDDOWN(_xlfn.IFS($I61="課税",$T61*0.1/1.1,$I61="軽減",$T61*0.08/1.08,$I61="一部非課税",$AB61,I61="非課税",0),0))} | AA61: 円 | AC61: 円 | AF61: =IF(AND($H61="一部自己負担金",$X61=""),"×","") | AG61: =IF(AND($I61="一部非課税",$AB61=""),"×","") | AI61: =IF(PRODUCT($J61,$M61,$P61)=T61,"","×") | AJ61: =IF(IF($E61="","",$T61-$X61)=$V61,"","×") | AK61: {=IF(IF($T61=0,"",ROUNDDOWN(_xlfn.IFS($I61="課税",$T61*0.1/1.1,$I61="軽減",$T61*0.08/1.08,$I61="一部非課税",$AB61,I61="非課税",0),0))=$Z61,"","×")} | AL61: =IF(COUNTIF($AN$12:$AN$26,"×")>0,"×","") -> × | AM61: =IF(COUNTIF($AP$31:$AP$51,"×")>0,"×","") -> × | AN61: =IF(AND(AO61=AP61,AP61=AQ61),"","×")
B62: =ROW(B62)-55 -> 7 | K62: 円 | L62: × | O62: × | R62: × | S62: = | T62: =PRODUCT(J62,M62,P62) -> 0 | U62: 円 | V62: =IF(E62="","",T62-X62) | W62: 円 | Y62: 円 | Z62: {=IF($T62=0,"",ROUNDDOWN(_xlfn.IFS($I62="課税",$T62*0.1/1.1,$I62="軽減",$T62*0.08/1.08,$I62="一部非課税",$AB62,I62="非課税",0),0))} | AA62: 円 | AC62: 円 | AF62: =IF(AND($H62="一部自己負担金",$X62=""),"×","") | AG62: =IF(AND($I62="一部非課税",$AB62=""),"×","") | AI62: =IF(PRODUCT($J62,$M62,$P62)=T62,"","×") | AJ62: =IF(IF($E62="","",$T62-$X62)=$V62,"","×") | AK62: {=IF(IF($T62=0,"",ROUNDDOWN(_xlfn.IFS($I62="課税",$T62*0.1/1.1,$I62="軽減",$T62*0.08/1.08,$I62="一部非課税",$AB62,I62="非課税",0),0))=$Z62,"","×")} | AL62: =IF(COUNTIF($AN$12:$AN$26,"×")>0,"×","") -> × | AM62: =IF(COUNTIF($AP$31:$AP$51,"×")>0,"×","") -> × | AN62: =IF(AND(AO62=AP62,AP62=AQ62),"","×")
B63: =ROW(B63)-55 -> 8 | K63: 円 | L63: × | O63: × | R63: × | S63: = | T63: =PRODUCT(J63,M63,P63) -> 0 | U63: 円 | V63: =IF(E63="","",T63-X63) | W63: 円 | Y63: 円 | Z63: {=IF($T63=0,"",ROUNDDOWN(_xlfn.IFS($I63="課税",$T63*0.1/1.1,$I63="軽減",$T63*0.08/1.08,$I63="一部非課税",$AB63,I63="非課税",0),0))} | AA63: 円 | AC63: 円 | AF63: =IF(AND($H63="一部自己負担金",$X63=""),"×","") | AG63: =IF(AND($I63="一部非課税",$AB63=""),"×","") | AI63: =IF(PRODUCT($J63,$M63,$P63)=T63,"","×") | AJ63: =IF(IF($E63="","",$T63-$X63)=$V63,"","×") | AK63: {=IF(IF($T63=0,"",ROUNDDOWN(_xlfn.IFS($I63="課税",$T63*0.1/1.1,$I63="軽減",$T63*0.08/1.08,$I63="一部非課税",$AB63,I63="非課税",0),0))=$Z63,"","×")} | AL63: =IF(COUNTIF($AN$12:$AN$26,"×")>0,"×","") -> × | AM63: =IF(COUNTIF($AP$31:$AP$51,"×")>0,"×","") -> × | AN63: =IF(AND(AO63=AP63,AP63=AQ63),"","×")
B64: =ROW(B64)-55 -> 9 | K64: 円 | L64: × | O64: × | R64: × | S64: = | T64: =PRODUCT(J64,M64,P64) -> 0 | U64: 円 | V64: =IF(E64="","",T64-X64) | W64: 円 | Y64: 円 | Z64: {=IF($T64=0,"",ROUNDDOWN(_xlfn.IFS($I64="課税",$T64*0.1/1.1,$I64="軽減",$T64*0.08/1.08,$I64="一部非課税",$AB64,I64="非課税",0),0))} | AA64: 円 | AC64: 円 | AF64: =IF(AND($H64="一部自己負担金",$X64=""),"×","") | AG64: =IF(AND($I64="一部非課税",$AB64=""),"×","") | AI64: =IF(PRODUCT($J64,$M64,$P64)=T64,"","×") | AJ64: =IF(IF($E64="","",$T64-$X64)=$V64,"","×") | AK64: {=IF(IF($T64=0,"",ROUNDDOWN(_xlfn.IFS($I64="課税",$T64*0.1/1.1,$I64="軽減",$T64*0.08/1.08,$I64="一部非課税",$AB64,I64="非課税",0),0))=$Z64,"","×")} | AL64: =IF(COUNTIF($AN$12:$AN$26,"×")>0,"×","") -> × | AM64: =IF(COUNTIF($AP$31:$AP$51,"×")>0,"×","") -> × | AN64: =IF(AND(AO64=AP64,AP64=AQ64),"","×")
B65: =ROW(B65)-55 -> 10 | K65: 円 | L65: × | O65: × | R65: × | S65: = | T65: =PRODUCT(J65,M65,P65) -> 0 | U65: 円 | V65: =IF(E65="","",T65-X65) | W65: 円 | Y65: 円 | Z65: {=IF($T65=0,"",ROUNDDOWN(_xlfn.IFS($I65="課税",$T65*0.1/1.1,$I65="軽減",$T65*0.08/1.08,$I65="一部非課税",$AB65,I65="非課税",0),0))} | AA65: 円 | AC65: 円 | AF65: =IF(AND($H65="一部自己負担金",$X65=""),"×","") | AG65: =IF(AND($I65="一部非課税",$AB65=""),"×","") | AI65: =IF(PRODUCT($J65,$M65,$P65)=T65,"","×") | AJ65: =IF(IF($E65="","",$T65-$X65)=$V65,"","×") | AK65: {=IF(IF($T65=0,"",ROUNDDOWN(_xlfn.IFS($I65="課税",$T65*0.1/1.1,$I65="軽減",$T65*0.08/1.08,$I65="一部非課税",$AB65,I65="非課税",0),0))=$Z65,"","×")} | AL65: =IF(COUNTIF($AN$12:$AN$26,"×")>0,"×","") -> × | AM65: =IF(COUNTIF($AP$31:$AP$51,"×")>0,"×","") -> × | AN65: =IF(AND(AO65=AP65,AP65=AQ65),"","×")
B66: =ROW(B66)-55 -> 11 | K66: 円 | L66: × | O66: × | R66: × | S66: = | T66: =PRODUCT(J66,M66,P66) -> 0 | U66: 円 | V66: =IF(E66="","",T66-X66) | W66: 円 | Y66: 円 | Z66: {=IF($T66=0,"",ROUNDDOWN(_xlfn.IFS($I66="課税",$T66*0.1/1.1,$I66="軽減",$T66*0.08/1.08,$I66="一部非課税",$AB66,I66="非課税",0),0))} | AA66: 円 | AC66: 円 | AF66: =IF(AND($H66="一部自己負担金",$X66=""),"×","") | AG66: =IF(AND($I66="一部非課税",$AB66=""),"×","") | AI66: =IF(PRODUCT($J66,$M66,$P66)=T66,"","×") | AJ66: =IF(IF($E66="","",$T66-$X66)=$V66,"","×") | AK66: {=IF(IF($T66=0,"",ROUNDDOWN(_xlfn.IFS($I66="課税",$T66*0.1/1.1,$I66="軽減",$T66*0.08/1.08,$I66="一部非課税",$AB66,I66="非課税",0),0))=$Z66,"","×")} | AL66: =IF(COUNTIF($AN$12:$AN$26,"×")>0,"×","") -> × | AM66: =IF(COUNTIF($AP$31:$AP$51,"×")>0,"×","") -> × | AN66: =IF(AND(AO66=AP66,AP66=AQ66),"","×")
B67: =ROW(B67)-55 -> 12 | K67: 円 | L67: × | O67: × | R67: × | S67: = | T67: =PRODUCT(J67,M67,P67) -> 0 | U67: 円 | V67: =IF(E67="","",T67-X67) | W67: 円 | Y67: 円 | Z67: {=IF($T67=0,"",ROUNDDOWN(_xlfn.IFS($I67="課税",$T67*0.1/1.1,$I67="軽減",$T67*0.08/1.08,$I67="一部非課税",$AB67,I67="非課税",0),0))} | AA67: 円 | AC67: 円 | AF67: =IF(AND($H67="一部自己負担金",$X67=""),"×","") | AG67: =IF(AND($I67="一部非課税",$AB67=""),"×","") | AI67: =IF(PRODUCT($J67,$M67,$P67)=T67,"","×") | AJ67: =IF(IF($E67="","",$T67-$X67)=$V67,"","×") | AK67: {=IF(IF($T67=0,"",ROUNDDOWN(_xlfn.IFS($I67="課税",$T67*0.1/1.1,$I67="軽減",$T67*0.08/1.08,$I67="一部非課税",$AB67,I67="非課税",0),0))=$Z67,"","×")} | AL67: =IF(COUNTIF($AN$12:$AN$26,"×")>0,"×","") -> × | AM67: =IF(COUNTIF($AP$31:$AP$51,"×")>0,"×","") -> × | AN67: =IF(AND(AO67=AP67,AP67=AQ67),"","×")
B68: =ROW(B68)-55 -> 13 | K68: 円 | L68: × | O68: × | R68: × | S68: = | T68: =PRODUCT(J68,M68,P68) -> 0 | U68: 円 | V68: =IF(E68="","",T68-X68) | W68: 円 | Y68: 円 | Z68: {=IF($T68=0,"",ROUNDDOWN(_xlfn.IFS($I68="課税",$T68*0.1/1.1,$I68="軽減",$T68*0.08/1.08,$I68="一部非課税",$AB68,I68="非課税",0),0))} | AA68: 円 | AC68: 円 | AF68: =IF(AND($H68="一部自己負担金",$X68=""),"×","") | AG68: =IF(AND($I68="一部非課税",$AB68=""),"×","") | AI68: =IF(PRODUCT($J68,$M68,$P68)=T68,"","×") | AJ68: =IF(IF($E68="","",$T68-$X68)=$V68,"","×") | AK68: {=IF(IF($T68=0,"",ROUNDDOWN(_xlfn.IFS($I68="課税",$T68*0.1/1.1,$I68="軽減",$T68*0.08/1.08,$I68="一部非課税",$AB68,I68="非課税",0),0))=$Z68,"","×")} | AL68: =IF(COUNTIF($AN$12:$AN$26,"×")>0,"×","") -> × | AM68: =IF(COUNTIF($AP$31:$AP$51,"×")>0,"×","") -> × | AN68: =IF(AND(AO68=AP68,AP68=AQ68),"","×")
... B166: =ROW(B166)-55 -> 111 | K166: 円 | L166: × | O166: × | R166: × | S166: = | T166: =PRODUCT(J166,M166,P166) -> 0 | U166: 円 | V166: =IF(E166="","",T166-X166) | W166: 円 | Y166: 円 | Z166: {=IF($T166=0,"",ROUNDDOWN(_xlfn.IFS($I166="課税",$T166*0.1/1.1,$I166="軽減",$T166*0.08/1.08,$I166="一部非課税",$AB166,I166="非課税",0),0))} | AA166: 円 | AC166: 円 | AF166: =IF(AND($H166="一部自己負担金",$X166=""),"×","") | AG166: =IF(AND($I166="一部非課税",$AB166=""),"×","") | AI166: =IF(PRODUCT($J166,$M166,$P166)=T166,"","×") | AJ166: =IF(IF($E166="","",$T166-$X166)=$V166,"","×") | AK166: {=IF(IF($T166=0,"",ROUNDDOWN(_xlfn.IFS($I166="課税",$T166*0.1/1.1,$I166="軽減",$T166*0.08/1.08,$I166="一部非課税",$AB166,I166="非課税",0),0))=$Z166,"","×")} | AL166: =IF(COUNTIF($AN$12:$AN$26,"×")>0,"×","") -> × | AM166: =IF(COUNTIF($AP$31:$AP$51,"×")>0,"×","") -> × | AN166: =IF(AND(AO166=AP166,AP166=AQ166),"","×")
X167: =IF(T167="","",T167-V167)
X168: =IF(T168="","",T168-V168)
X169: =IF(T169="","",T169-V169)
X170: =IF(T170="","",T170-V170)
X171: =IF(T171="","",T171-V171)
X172: =IF(T172="","",T172-V172)
X173: =IF(T173="","",T173-V173)
X174: =IF(T174="","",T174-V174)
X175: =IF(T175="","",T175-V175)
X176: =IF(T176="","",T176-V176)
X177: =IF(T177="","",T177-V177)
X178: =IF(T178="","",T178-V178)
... X769: =IF(T769="","",T769-V769)

Sheet ２（１）．業界統一規格の策定や国内事業者の水平連携に向けた体制
A1: （別紙様式４ 別紙 ）令和７年度補正公募
D2: 品目団体名 | E2: =IF(積算内訳書!$F$3="","",積算内訳書!$F$3)
A4: 品目団体輸出力強化緊急支援事業（別紙様式４ 別紙） （２．輸出促進のための規格策定や事業者の水平連携に向けた体制整備等（１）業界統一規格の策定や国内事業者の水平連携に向けた体制整備等）
B6: 記載の注意点 | N6: 事業者区分（課税・非課税）
B7: 【入力方法】 ● 色のついていないセルについては入力をしないようにご注意ください。（関数等が消去される恐れがあります。） ● 緑色セル（取組番号（C56）や取組名（D56）等）はデータ及び数値等を入力してください。 ● 黄色セル（費目（E56）や負担区分（H56）等）は該当する項目をプルダウンから選択して入力してください。 【団体名】 ● 品目団体名を確認してください。（積算内訳シートで選択した団体名が反映されます。） 【事業者区分】 ● 事業者区分は、消費税の課税対象について「課税・免税」のいずれに該当するか選択してください。 【積算内訳】 ● 補助事業に係る経費の全てを記載してください。 ● 「取組番号」、「取組名」は「別紙様式３（課題提案書）」等にある、事業の内容の「取組内容」、「取組番号」と その「項目」の名称と同一のものを記載ください。 ● 各経費については、「【参考】補助対象経費」シートより、該当する費目を選択してください。 ● 事業の一部を委託する場合は、当該事業に要する経費を記載してください。 ● 備考欄には、区分欄に掲げる経費の根拠（経費内容）を詳細に記載してください。 なお、備考欄に記載内容がおさまらない場合は、別葉としても構いません。 ● 人件費、謝金及び賃金については、その単価の根拠資料を添付してください。 ● 「負担区分」については、「国庫補助金」及び「一部自己負担金」から選択してください。 「一部自己負担金」を選択した場合には、「うち、自己 負担額」に該当金額を記載してください。 ● 「消費税区分」については、「課税」、「一部非課税」、「非課税」及び「軽減」から選択してください。 「一部非課税」を選択した場合は、「一部非課税の消費税額」欄に該当経費にかかる消費税額を入力してください。 ● 「数量」には、「単価（税込）×個数1」あるいは「単価（税込）×個数1×個数2」の形で入力ください。 (例)謝金：25,000円×2人×3回 ● 「証拠書類番号」は金額の根拠となる別添資料番号（見積書番号等）を入力してください。 【その他】 ● 行の追加は以下の手順で行ってください。 ※追加したい箇所の行番号（表内のNoでなく、左端のグレー部分）をクリックして「コピー」→右クリック→「コピーしたセルの挿入」で計算式が反映された「行」が追加されます。
N9: 【事業費（費目ごと）】
N10: 費目 | T10: 合計 | V10: 負担区分 | Z10: 消費税額 | AF10: 合計 | AH10: 国庫補助金 | AJ10: 自己負担金 | AL10: 消費税額 | AN10: （G）詳細
V11: 国庫補助金 | X11: 自己負担金 | AF11: 入力中関数 | AG11: 初期関数 | AH11: 入力中関数 | AI11: 初期関数 | AJ11: 入力中関数 | AK11: 初期関数 | AL11: 入力中関数 | AM11: 初期関数
N12: 人件費 | T12: =SUMIF($E$56:$E$155,N12,$T$56:$T$155) -> 0 | U12: 円 | V12: =SUMIFS($V$56:$V$155,$E$56:$E$155,$N12) -> 0 | W12: 円 | X12: =SUMIFS($X$56:$X$155,$E$56:$E$155,$N12) -> 0 | Y12: 円 | Z12: =SUMIFS($Z$56:$Z$155,$E$56:$E$155,$N12) -> 0 | AA12: 円 | AF12: =_xlfn.FORMULATEXT(T12) -> =SUMIF($E$56:$E$155,N12,$T$56:$T$155) | AG12: =SUMIF($E$56:$E$155,N12,$T$56:$T$155) | AH12: =_xlfn.FORMULATEXT(V12) -> =SUMIFS($V$56:$V$155,$E$56:$E$155,$N12) | AI12: =SUMIFS($V$56:$V$155,$E$56:$E$155,$N12) | AJ12: =_xlfn.FORMULATEXT(X12) -> =SUMIFS($X$56:$X$155,$E$56:$E$155,$N12) | AK12: =SUMIFS($X$56:$X$155,$E$56:$E$155,$N12) | AL12: =_xlfn.FORMULATEXT(Z12) -> =SUMIFS($Z$56:$Z$155,$E$56:$E$155,$N12) | AM12: =SUMIFS($Z$56:$Z$155,$E$56:$E$155,$N12) | AN12: =IF(AND(AF12=AG12,AH12=AI12,AJ12=AK12,AL12=AM12),"","×")
N13: 謝金 | T13: =SUMIF($E$56:$E$155,N13,$T$56:$T$155) -> 0 | U13: 円 | V13: =SUMIFS($V$56:$V$155,$E$56:$E$155,$N13) -> 0 | W13: 円 | X13: =SUMIFS($X$56:$X$155,$E$56:$E$155,$N13) -> 0 | Y13: 円 | Z13: =SUMIFS($Z$56:$Z$155,$E$56:$E$155,$N13) -> 0 | AA13: 円 | AF13: =_xlfn.FORMULATEXT(T13) -> =SUMIF($E$56:$E$155,N13,$T$56:$T$155) | AG13: =SUMIF($E$56:$E$155,N13,$T$56:$T$155) | AH13: =_xlfn.FORMULATEXT(V13) -> =SUMIFS($V$56:$V$155,$E$56:$E$155,$N13) | AI13: =SUMIFS($V$56:$V$155,$E$56:$E$155,$N13) | AJ13: =_xlfn.FORMULATEXT(X13) -> =SUMIFS($X$56:$X$155,$E$56:$E$155,$N13) | AK13: =SUMIFS($X$56:$X$155,$E$56:$E$155,$N13) | AL13: =_xlfn.FORMULATEXT(Z13) -> =SUMIFS($Z$56:$Z$155,$E$56:$E$155,$N13) | AM13: =SUMIFS($Z$56:$Z$155,$E$56:$E$155,$N13) | AN13: =IF(AND(AF13=AG13,AH13=AI13,AJ13=AK13,AL13=AM13),"","×")
N14: 賃金 | T14: =SUMIF($E$56:$E$155,N14,$T$56:$T$155) -> 0 | U14: 円 | V14: =SUMIFS($V$56:$V$155,$E$56:$E$155,$N14) -> 0 | W14: 円 | X14: =SUMIFS($X$56:$X$155,$E$56:$E$155,$N14) -> 0 | Y14: 円 | Z14: =SUMIFS($Z$56:$Z$155,$E$56:$E$155,$N14) -> 0 | AA14: 円 | AF14: =_xlfn.FORMULATEXT(T14) -> =SUMIF($E$56:$E$155,N14,$T$56:$T$155) | AG14: =SUMIF($E$56:$E$155,N14,$T$56:$T$155) | AH14: =_xlfn.FORMULATEXT(V14) -> =SUMIFS($V$56:$V$155,$E$56:$E$155,$N14) | AI14: =SUMIFS($V$56:$V$155,$E$56:$E$155,$N14) | AJ14: =_xlfn.FORMULATEXT(X14) -> =SUMIFS($X$56:$X$155,$E$56:$E$155,$N14) | AK14: =SUMIFS($X$56:$X$155,$E$56:$E$155,$N14) | AL14: =_xlfn.FORMULATEXT(Z14) -> =SUMIFS($Z$56:$Z$155,$E$56:$E$155,$N14) | AM14: =SUMIFS($Z$56:$Z$155,$E$56:$E$155,$N14) | AN14: =IF(AND(AF14=AG14,AH14=AI14,AJ14=AK14,AL14=AM14),"","×")
N15: 旅費 | T15: =SUMIF($E$56:$E$155,N15,$T$56:$T$155) -> 0 | U15: 円 | V15: =SUMIFS($V$56:$V$155,$E$56:$E$155,$N15) -> 0 | W15: 円 | X15: =SUMIFS($X$56:$X$155,$E$56:$E$155,$N15) -> 0 | Y15: 円 | Z15: =SUMIFS($Z$56:$Z$155,$E$56:$E$155,$N15) -> 0 | AA15: 円 | AF15: =_xlfn.FORMULATEXT(T15) -> =SUMIF($E$56:$E$155,N15,$T$56:$T$155) | AG15: =SUMIF($E$56:$E$155,N15,$T$56:$T$155) | AH15: =_xlfn.FORMULATEXT(V15) -> =SUMIFS($V$56:$V$155,$E$56:$E$155,$N15) | AI15: =SUMIFS($V$56:$V$155,$E$56:$E$155,$N15) | AJ15: =_xlfn.FORMULATEXT(X15) -> =SUMIFS($X$56:$X$155,$E$56:$E$155,$N15) | AK15: =SUMIFS($X$56:$X$155,$E$56:$E$155,$N15) | AL15: =_xlfn.FORMULATEXT(Z15) -> =SUMIFS($Z$56:$Z$155,$E$56:$E$155,$N15) | AM15: =SUMIFS($Z$56:$Z$155,$E$56:$E$155,$N15) | AN15: =IF(AND(AF15=AG15,AH15=AI15,AJ15=AK15,AL15=AM15),"","×")
N16: 賃借料及び使用料 | T16: =SUMIF($E$56:$E$155,N16,$T$56:$T$155) -> 0 | U16: 円 | V16: =SUMIFS($V$56:$V$155,$E$56:$E$155,$N16) -> 0 | W16: 円 | X16: =SUMIFS($X$56:$X$155,$E$56:$E$155,$N16) -> 0 | Y16: 円 | Z16: =SUMIFS($Z$56:$Z$155,$E$56:$E$155,$N16) -> 0 | AA16: 円 | AF16: =_xlfn.FORMULATEXT(T16) -> =SUMIF($E$56:$E$155,N16,$T$56:$T$155) | AG16: =SUMIF($E$56:$E$155,N16,$T$56:$T$155) | AH16: =_xlfn.FORMULATEXT(V16) -> =SUMIFS($V$56:$V$155,$E$56:$E$155,$N16) | AI16: =SUMIFS($V$56:$V$155,$E$56:$E$155,$N16) | AJ16: =_xlfn.FORMULATEXT(X16) -> =SUMIFS($X$56:$X$155,$E$56:$E$155,$N16) | AK16: =SUMIFS($X$56:$X$155,$E$56:$E$155,$N16) | AL16: =_xlfn.FORMULATEXT(Z16) -> =SUMIFS($Z$56:$Z$155,$E$56:$E$155,$N16) | AM16: =SUMIFS($Z$56:$Z$155,$E$56:$E$155,$N16) | AN16: =IF(AND(AF16=AG16,AH16=AI16,AJ16=AK16,AL16=AM16),"","×")
N17: 広告宣伝費 | T17: =SUMIF($E$56:$E$155,N17,$T$56:$T$155) -> 0 | U17: 円 | V17: =SUMIFS($V$56:$V$155,$E$56:$E$155,$N17) -> 0 | W17: 円 | X17: =SUMIFS($X$56:$X$155,$E$56:$E$155,$N17) -> 0 | Y17: 円 | Z17: =SUMIFS($Z$56:$Z$155,$E$56:$E$155,$N17) -> 0 | AA17: 円 | AF17: =_xlfn.FORMULATEXT(T17) -> =SUMIF($E$56:$E$155,N17,$T$56:$T$155) | AG17: =SUMIF($E$56:$E$155,N17,$T$56:$T$155) | AH17: =_xlfn.FORMULATEXT(V17) -> =SUMIFS($V$56:$V$155,$E$56:$E$155,$N17) | AI17: =SUMIFS($V$56:$V$155,$E$56:$E$155,$N17) | AJ17: =_xlfn.FORMULATEXT(X17) -> =SUMIFS($X$56:$X$155,$E$56:$E$155,$N17) | AK17: =SUMIFS($X$56:$X$155,$E$56:$E$155,$N17) | AL17: =_xlfn.FORMULATEXT(Z17) -> =SUMIFS($Z$56:$Z$155,$E$56:$E$155,$N17) | AM17: =SUMIFS($Z$56:$Z$155,$E$56:$E$155,$N17) | AN17: =IF(AND(AF17=AG17,AH17=AI17,AJ17=AK17,AL17=AM17),"","×")
N18: 輸送費 | T18: =SUMIF($E$56:$E$155,N18,$T$56:$T$155) -> 0 | U18: 円 | V18: =SUMIFS($V$56:$V$155,$E$56:$E$155,$N18) -> 0 | W18: 円 | X18: =SUMIFS($X$56:$X$155,$E$56:$E$155,$N18) -> 0 | Y18: 円 | Z18: =SUMIFS($Z$56:$Z$155,$E$56:$E$155,$N18) -> 0 | AA18: 円 | AF18: =_xlfn.FORMULATEXT(T18) -> =SUMIF($E$56:$E$155,N18,$T$56:$T$155) | AG18: =SUMIF($E$56:$E$155,N18,$T$56:$T$155) | AH18: =_xlfn.FORMULATEXT(V18) -> =SUMIFS($V$56:$V$155,$E$56:$E$155,$N18) | AI18: =SUMIFS($V$56:$V$155,$E$56:$E$155,$N18) | AJ18: =_xlfn.FORMULATEXT(X18) -> =SUMIFS($X$56:$X$155,$E$56:$E$155,$N18) | AK18: =SUMIFS($X$56:$X$155,$E$56:$E$155,$N18) | AL18: =_xlfn.FORMULATEXT(Z18) -> =SUMIFS($Z$56:$Z$155,$E$56:$E$155,$N18) | AM18: =SUMIFS($Z$56:$Z$155,$E$56:$E$155,$N18) | AN18: =IF(AND(AF18=AG18,AH18=AI18,AJ18=AK18,AL18=AM18),"","×")
N19: 役務費 | T19: =SUMIF($E$56:$E$155,N19,$T$56:$T$155) -> 0 | U19: 円 | V19: =SUMIFS($V$56:$V$155,$E$56:$E$155,$N19) -> 0 | W19: 円 | X19: =SUMIFS($X$56:$X$155,$E$56:$E$155,$N19) -> 0 | Y19: 円 | Z19: =SUMIFS($Z$56:$Z$155,$E$56:$E$155,$N19) -> 0 | AA19: 円 | AF19: =_xlfn.FORMULATEXT(T19) -> =SUMIF($E$56:$E$155,N19,$T$56:$T$155) | AG19: =SUMIF($E$56:$E$155,N19,$T$56:$T$155) | AH19: =_xlfn.FORMULATEXT(V19) -> =SUMIFS($V$56:$V$155,$E$56:$E$155,$N19) | AI19: =SUMIFS($V$56:$V$155,$E$56:$E$155,$N19) | AJ19: =_xlfn.FORMULATEXT(X19) -> =SUMIFS($X$56:$X$155,$E$56:$E$155,$N19) | AK19: =SUMIFS($X$56:$X$155,$E$56:$E$155,$N19) | AL19: =_xlfn.FORMULATEXT(Z19) -> =SUMIFS($Z$56:$Z$155,$E$56:$E$155,$N19) | AM19: =SUMIFS($Z$56:$Z$155,$E$56:$E$155,$N19) | AN19: =IF(AND(AF19=AG19,AH19=AI19,AJ19=AK19,AL19=AM19),"","×")
N20: 印刷製本費 | T20: =SUMIF($E$56:$E$155,N20,$T$56:$T$155) -> 0 | U20: 円 | V20: =SUMIFS($V$56:$V$155,$E$56:$E$155,$N20) -> 0 | W20: 円 | X20: =SUMIFS($X$56:$X$155,$E$56:$E$155,$N20) -> 0 | Y20: 円 | Z20: =SUMIFS($Z$56:$Z$155,$E$56:$E$155,$N20) -> 0 | AA20: 円 | AF20: =_xlfn.FORMULATEXT(T20) -> =SUMIF($E$56:$E$155,N20,$T$56:$T$155) | AG20: =SUMIF($E$56:$E$155,N20,$T$56:$T$155) | AH20: =_xlfn.FORMULATEXT(V20) -> =SUMIFS($V$56:$V$155,$E$56:$E$155,$N20) | AI20: =SUMIFS($V$56:$V$155,$E$56:$E$155,$N20) | AJ20: =_xlfn.FORMULATEXT(X20) -> =SUMIFS($X$56:$X$155,$E$56:$E$155,$N20) | AK20: =SUMIFS($X$56:$X$155,$E$56:$E$155,$N20) | AL20: =_xlfn.FORMULATEXT(Z20) -> =SUMIFS($Z$56:$Z$155,$E$56:$E$155,$N20) | AM20: =SUMIFS($Z$56:$Z$155,$E$56:$E$155,$N20) | AN20: =IF(AND(AF20=AG20,AH20=AI20,AJ20=AK20,AL20=AM20),"","×")
N21: 消耗品費 | T21: =SUMIF($E$56:$E$155,N21,$T$56:$T$155) -> 0 | U21: 円 | V21: =SUMIFS($V$56:$V$155,$E$56:$E$155,$N21) -> 0 | W21: 円 | X21: =SUMIFS($X$56:$X$155,$E$56:$E$155,$N21) -> 0 | Y21: 円 | Z21: =SUMIFS($Z$56:$Z$155,$E$56:$E$155,$N21) -> 0 | AA21: 円 | AF21: =_xlfn.FORMULATEXT(T21) -> =SUMIF($E$56:$E$155,N21,$T$56:$T$155) | AG21: =SUMIF($E$56:$E$155,N21,$T$56:$T$155) | AH21: =_xlfn.FORMULATEXT(V21) -> =SUMIFS($V$56:$V$155,$E$56:$E$155,$N21) | AI21: =SUMIFS($V$56:$V$155,$E$56:$E$155,$N21) | AJ21: =_xlfn.FORMULATEXT(X21) -> =SUMIFS($X$56:$X$155,$E$56:$E$155,$N21) | AK21: =SUMIFS($X$56:$X$155,$E$56:$E$155,$N21) | AL21: =_xlfn.FORMULATEXT(Z21) -> =SUMIFS($Z$56:$Z$155,$E$56:$E$155,$N21) | AM21: =SUMIFS($Z$56:$Z$155,$E$56:$E$155,$N21) | AN21: =IF(AND(AF21=AG21,AH21=AI21,AJ21=AK21,AL21=AM21),"","×")
N22: 機器・備品費 | T22: =SUMIF($E$56:$E$155,N22,$T$56:$T$155) -> 0 | U22: 円 | V22: =SUMIFS($V$56:$V$155,$E$56:$E$155,$N22) -> 0 | W22: 円 | X22: =SUMIFS($X$56:$X$155,$E$56:$E$155,$N22) -> 0 | Y22: 円 | Z22: =SUMIFS($Z$56:$Z$155,$E$56:$E$155,$N22) -> 0 | AA22: 円 | AF22: =_xlfn.FORMULATEXT(T22) -> =SUMIF($E$56:$E$155,N22,$T$56:$T$155) | AG22: =SUMIF($E$56:$E$155,N22,$T$56:$T$155) | AH22: =_xlfn.FORMULATEXT(V22) -> =SUMIFS($V$56:$V$155,$E$56:$E$155,$N22) | AI22: =SUMIFS($V$56:$V$155,$E$56:$E$155,$N22) | AJ22: =_xlfn.FORMULATEXT(X22) -> =SUMIFS($X$56:$X$155,$E$56:$E$155,$N22) | AK22: =SUMIFS($X$56:$X$155,$E$56:$E$155,$N22) | AL22: =_xlfn.FORMULATEXT(Z22) -> =SUMIFS($Z$56:$Z$155,$E$56:$E$155,$N22) | AM22: =SUMIFS($Z$56:$Z$155,$E$56:$E$155,$N22) | AN22: =IF(AND(AF22=AG22,AH22=AI22,AJ22=AK22,AL22=AM22),"","×")
N23: 借上げ費 | T23: =SUMIF($E$56:$E$155,N23,$T$56:$T$155) -> 0 | U23: 円 | V23: =SUMIFS($V$56:$V$155,$E$56:$E$155,$N23) -> 0 | W23: 円 | X23: =SUMIFS($X$56:$X$155,$E$56:$E$155,$N23) -> 0 | Y23: 円 | Z23: =SUMIFS($Z$56:$Z$155,$E$56:$E$155,$N23) -> 0 | AA23: 円 | AF23: =_xlfn.FORMULATEXT(T23) -> =SUMIF($E$56:$E$155,N23,$T$56:$T$155) | AG23: =SUMIF($E$56:$E$155,N23,$T$56:$T$155) | AH23: =_xlfn.FORMULATEXT(V23) -> =SUMIFS($V$56:$V$155,$E$56:$E$155,$N23) | AI23: =SUMIFS($V$56:$V$155,$E$56:$E$155,$N23) | AJ23: =_xlfn.FORMULATEXT(X23) -> =SUMIFS($X$56:$X$155,$E$56:$E$155,$N23) | AK23: =SUMIFS($X$56:$X$155,$E$56:$E$155,$N23) | AL23: =_xlfn.FORMULATEXT(Z23) -> =SUMIFS($Z$56:$Z$155,$E$56:$E$155,$N23) | AM23: =SUMIFS($Z$56:$Z$155,$E$56:$E$155,$N23) | AN23: =IF(AND(AF23=AG23,AH23=AI23,AJ23=AK23,AL23=AM23),"","×")
... N25: その他 | T25: =SUMIF($E$56:$E$155,N25,$T$56:$T$155) -> 0 | U25: 円 | V25: =SUMIFS($V$56:$V$155,$E$56:$E$155,$N25) -> 0 | W25: 円 | X25: =SUMIFS($X$56:$X$155,$E$56:$E$155,$N25) -> 0 | Y25: 円 | Z25: =SUMIFS($Z$56:$Z$155,$E$56:$E$155,$N25) -> 0 | AA25: 円 | AF25: =_xlfn.FORMULATEXT(T25) -> =SUMIF($E$56:$E$155,N25,$T$56:$T$155) | AG25: =SUMIF($E$56:$E$155,N25,$T$56:$T$155) | AH25: =_xlfn.FORMULATEXT(V25) -> =SUMIFS($V$56:$V$155,$E$56:$E$155,$N25) | AI25: =SUMIFS($V$56:$V$155,$E$56:$E$155,$N25) | AJ25: =_xlfn.FORMULATEXT(X25) -> =SUMIFS($X$56:$X$155,$E$56:$E$155,$N25) | AK25: =SUMIFS($X$56:$X$155,$E$56:$E$155,$N25) | AL25: =_xlfn.FORMULATEXT(Z25) -> =SUMIFS($Z$56:$Z$155,$E$56:$E$155,$N25) | AM25: =SUMIFS($Z$56:$Z$155,$E$56:$E$155,$N25) | AN25: =IF(AND(AF25=AG25,AH25=AI25,AJ25=AK25,AL25=AM25),"","×")
N26: 事業費合計 | T26: =SUM(T12:T25) -> 0 | U26: 円 | V26: =SUM(V12:V25) -> 0 | W26: 円 | X26: =SUM(X12:X25) -> 0 | Y26: 円 | Z26: =SUM(Z12:Z25) -> 0 | AA26: 円 | AF26: =_xlfn.FORMULATEXT(T26) -> =SUM(T12:T25) | AG26: =SUM(T12:T25) | AH26: =_xlfn.FORMULATEXT(V26) -> =SUM(V12:V25) | AI26: =SUM(V12:V25) | AJ26: =_xlfn.FORMULATEXT(X26) -> =SUM(X12:X25) | AK26: =SUM(X12:X25) | AL26: =_xlfn.FORMULATEXT(Z26) -> =SUM(Z12:Z25) | AM26: =SUM(Z12:Z25) | AN26: =IF(AND(AF26=AG26,AH26=AI26,AJ26=AK26,AL26=AM26),"","×")
N28: 【事業費（取組ごと）】
N29: 取組 番号 | O29: 取組名 | T29: 合計 | V29: 負担区分 | Z29: 消費税額 | AF29: 取組名 | AH29: 合計 | AJ29: 国庫補助金 | AL29: 自己負担金 | AN29: 消費税額 | AP29: （H）詳細
V30: 国庫補助金 | X30: 自己負担金 | AF30: 入力中関数 | AG30: 初期関数 | AH30: 入力中関数 | AI30: 初期関数 | AJ30: 入力中関数 | AK30: 初期関数 | AL30: 入力中関数 | AM30: 初期関数 | AN30: 入力中関数 | AO30: 初期関数
N31: 1 | O31: =IFERROR(VLOOKUP($N31,$C$56:$D$155,2,FALSE),"") | T31: =IF(O31="","",SUMIF($C$56:$C$155,$N31,$T$56:$T$155)) | U31: 円 | V31: =IF(O31="","",SUMIF($C$56:$C$155,$N31,$V$56:$V$155)) | W31: 円 | X31: =IF(O31="","",SUMIF($C$56:$C$155,$N31,$X$56:$X$155)) | Y31: 円 | Z31: =IF(T31="","",SUMIF($C$56:$C$155,$N31,$Z$56:$Z$155)) | AA31: 円 | AF31: =_xlfn.FORMULATEXT(O31) -> =IFERROR(VLOOKUP($N31,$C$56:$D$155,2,FALSE),"") | AG31: =IFERROR(VLOOKUP($N31,$C$56:$D$155,2,FALSE),"") | AH31: =_xlfn.FORMULATEXT(T31) -> =IF(O31="","",SUMIF($C$56:$C$155,$N31,$T$56:$T$155)) | AI31: =IF(O31="","",SUMIF($C$56:$C$155,$N31,$T$56:$T$155)) | AJ31: =_xlfn.FORMULATEXT(V31) -> =IF(O31="","",SUMIF($C$56:$C$155,$N31,$V$56:$V$155)) | AK31: =IF(O31="","",SUMIF($C$56:$C$155,$N31,$V$56:$V$155)) | AL31: =_xlfn.FORMULATEXT(X31) -> =IF(O31="","",SUMIF($C$56:$C$155,$N31,$X$56:$X$155)) | AM31: =IF(O31="","",SUMIF($C$56:$C$155,$N31,$X$56:$X$155)) | AN31: =_xlfn.FORMULATEXT(Z31) -> =IF(T31="","",SUMIF($C$56:$C$155,$N31,$Z$56:$Z$155)) | AO31: =IF(T31="","",SUMIF($C$56:$C$155,$N31,$Z$56:$Z$155)) | AP31: =IF(AND(AF31=AG31,AH31=AI31,AJ31=AK31,AL31=AM31,AN31=AO31),"","×")
N32: 2 | O32: =IFERROR(VLOOKUP($N32,$C$56:$D$155,2,FALSE),"") | T32: =IF(O32="","",SUMIF($C$56:$C$155,$N32,$T$56:$T$155)) | U32: 円 | V32: =IF(O32="","",SUMIF($C$56:$C$155,$N32,$V$56:$V$155)) | W32: 円 | X32: =IF(O32="","",SUMIF($C$56:$C$155,$N32,$X$56:$X$155)) | Y32: 円 | Z32: =IF(T32="","",SUMIF($C$56:$C$155,$N32,$Z$56:$Z$155)) | AA32: 円 | AF32: =_xlfn.FORMULATEXT(O32) -> =IFERROR(VLOOKUP($N32,$C$56:$D$155,2,FALSE),"") | AG32: =IFERROR(VLOOKUP($N32,$C$56:$D$155,2,FALSE),"") | AH32: =_xlfn.FORMULATEXT(T32) -> =IF(O32="","",SUMIF($C$56:$C$155,$N32,$T$56:$T$155)) | AI32: =IF(O32="","",SUMIF($C$56:$C$155,$N32,$T$56:$T$155)) | AJ32: =_xlfn.FORMULATEXT(V32) -> =IF(O32="","",SUMIF($C$56:$C$155,$N32,$V$56:$V$155)) | AK32: =IF(O32="","",SUMIF($C$56:$C$155,$N32,$V$56:$V$155)) | AL32: =_xlfn.FORMULATEXT(X32) -> =IF(O32="","",SUMIF($C$56:$C$155,$N32,$X$56:$X$155)) | AM32: =IF(O32="","",SUMIF($C$56:$C$155,$N32,$X$56:$X$155)) | AN32: =_xlfn.FORMULATEXT(Z32) -> =IF(T32="","",SUMIF($C$56:$C$155,$N32,$Z$56:$Z$155)) | AO32: =IF(T32="","",SUMIF($C$56:$C$155,$N32,$Z$56:$Z$155)) | AP32: =IF(AND(AF32=AG32,AH32=AI32,AJ32=AK32,AL32=AM32,AN32=AO32),"","×")
N33: 3 | O33: =IFERROR(VLOOKUP($N33,$C$56:$D$155,2,FALSE),"") | T33: =IF(O33="","",SUMIF($C$56:$C$155,$N33,$T$56:$T$155)) | U33: 円 | V33: =IF(O33="","",SUMIF($C$56:$C$155,$N33,$V$56:$V$155)) | W33: 円 | X33: =IF(O33="","",SUMIF($C$56:$C$155,$N33,$X$56:$X$155)) | Y33: 円 | Z33: =IF(T33="","",SUMIF($C$56:$C$155,$N33,$Z$56:$Z$155)) | AA33: 円 | AF33: =_xlfn.FORMULATEXT(O33) -> =IFERROR(VLOOKUP($N33,$C$56:$D$155,2,FALSE),"") | AG33: =IFERROR(VLOOKUP($N33,$C$56:$D$155,2,FALSE),"") | AH33: =_xlfn.FORMULATEXT(T33) -> =IF(O33="","",SUMIF($C$56:$C$155,$N33,$T$56:$T$155)) | AI33: =IF(O33="","",SUMIF($C$56:$C$155,$N33,$T$56:$T$155)) | AJ33: =_xlfn.FORMULATEXT(V33) -> =IF(O33="","",SUMIF($C$56:$C$155,$N33,$V$56:$V$155)) | AK33: =IF(O33="","",SUMIF($C$56:$C$155,$N33,$V$56:$V$155)) | AL33: =_xlfn.FORMULATEXT(X33) -> =IF(O33="","",SUMIF($C$56:$C$155,$N33,$X$56:$X$155)) | AM33: =IF(O33="","",SUMIF($C$56:$C$155,$N33,$X$56:$X$155)) | AN33: =_xlfn.FORMULATEXT(Z33) -> =IF(T33="","",SUMIF($C$56:$C$155,$N33,$Z$56:$Z$155)) | AO33: =IF(T33="","",SUMIF($C$56:$C$155,$N33,$Z$56:$Z$155)) | AP33: =IF(AND(AF33=AG33,AH33=AI33,AJ33=AK33,AL33=AM33,AN33=AO33),"","×")
N34: 4 | O34: =IFERROR(VLOOKUP($N34,$C$56:$D$155,2,FALSE),"") | T34: =IF(O34="","",SUMIF($C$56:$C$155,$N34,$T$56:$T$155)) | U34: 円 | V34: =IF(O34="","",SUMIF($C$56:$C$155,$N34,$V$56:$V$155)) | W34: 円 | X34: =IF(O34="","",SUMIF($C$56:$C$155,$N34,$X$56:$X$155)) | Y34: 円 | Z34: =IF(T34="","",SUMIF($C$56:$C$155,$N34,$Z$56:$Z$155)) | AA34: 円 | AF34: =_xlfn.FORMULATEXT(O34) -> =IFERROR(VLOOKUP($N34,$C$56:$D$155,2,FALSE),"") | AG34: =IFERROR(VLOOKUP($N34,$C$56:$D$155,2,FALSE),"") | AH34: =_xlfn.FORMULATEXT(T34) -> =IF(O34="","",SUMIF($C$56:$C$155,$N34,$T$56:$T$155)) | AI34: =IF(O34="","",SUMIF($C$56:$C$155,$N34,$T$56:$T$155)) | AJ34: =_xlfn.FORMULATEXT(V34) -> =IF(O34="","",SUMIF($C$56:$C$155,$N34,$V$56:$V$155)) | AK34: =IF(O34="","",SUMIF($C$56:$C$155,$N34,$V$56:$V$155)) | AL34: =_xlfn.FORMULATEXT(X34) -> =IF(O34="","",SUMIF($C$56:$C$155,$N34,$X$56:$X$155)) | AM34: =IF(O34="","",SUMIF($C$56:$C$155,$N34,$X$56:$X$155)) | AN34: =_xlfn.FORMULATEXT(Z34) -> =IF(T34="","",SUMIF($C$56:$C$155,$N34,$Z$56:$Z$155)) | AO34: =IF(T34="","",SUMIF($C$56:$C$155,$N34,$Z$56:$Z$155)) | AP34: =IF(AND(AF34=AG34,AH34=AI34,AJ34=AK34,AL34=AM34,AN34=AO34),"","×")
N35: 5 | O35: =IFERROR(VLOOKUP($N35,$C$56:$D$155,2,FALSE),"") | T35: =IF(O35="","",SUMIF($C$56:$C$155,$N35,$T$56:$T$155)) | U35: 円 | V35: =IF(O35="","",SUMIF($C$56:$C$155,$N35,$V$56:$V$155)) | W35: 円 | X35: =IF(O35="","",SUMIF($C$56:$C$155,$N35,$X$56:$X$155)) | Y35: 円 | Z35: =IF(T35="","",SUMIF($C$56:$C$155,$N35,$Z$56:$Z$155)) | AA35: 円 | AF35: =_xlfn.FORMULATEXT(O35) -> =IFERROR(VLOOKUP($N35,$C$56:$D$155,2,FALSE),"") | AG35: =IFERROR(VLOOKUP($N35,$C$56:$D$155,2,FALSE),"") | AH35: =_xlfn.FORMULATEXT(T35) -> =IF(O35="","",SUMIF($C$56:$C$155,$N35,$T$56:$T$155)) | AI35: =IF(O35="","",SUMIF($C$56:$C$155,$N35,$T$56:$T$155)) | AJ35: =_xlfn.FORMULATEXT(V35) -> =IF(O35="","",SUMIF($C$56:$C$155,$N35,$V$56:$V$155)) | AK35: =IF(O35="","",SUMIF($C$56:$C$155,$N35,$V$56:$V$155)) | AL35: =_xlfn.FORMULATEXT(X35) -> =IF(O35="","",SUMIF($C$56:$C$155,$N35,$X$56:$X$155)) | AM35: =IF(O35="","",SUMIF($C$56:$C$155,$N35,$X$56:$X$155)) | AN35: =_xlfn.FORMULATEXT(Z35) -> =IF(T35="","",SUMIF($C$56:$C$155,$N35,$Z$56:$Z$155)) | AO35: =IF(T35="","",SUMIF($C$56:$C$155,$N35,$Z$56:$Z$155)) | AP35: =IF(AND(AF35=AG35,AH35=AI35,AJ35=AK35,AL35=AM35,AN35=AO35),"","×")
N36: 6 | O36: =IFERROR(VLOOKUP($N36,$C$56:$D$155,2,FALSE),"") | T36: =IF(O36="","",SUMIF($C$56:$C$155,$N36,$T$56:$T$155)) | U36: 円 | V36: =IF(O36="","",SUMIF($C$56:$C$155,$N36,$V$56:$V$155)) | W36: 円 | X36: =IF(O36="","",SUMIF($C$56:$C$155,$N36,$X$56:$X$155)) | Y36: 円 | Z36: =IF(T36="","",SUMIF($C$56:$C$155,$N36,$Z$56:$Z$155)) | AA36: 円 | AF36: =_xlfn.FORMULATEXT(O36) -> =IFERROR(VLOOKUP($N36,$C$56:$D$155,2,FALSE),"") | AG36: =IFERROR(VLOOKUP($N36,$C$56:$D$155,2,FALSE),"") | AH36: =_xlfn.FORMULATEXT(T36) -> =IF(O36="","",SUMIF($C$56:$C$155,$N36,$T$56:$T$155)) | AI36: =IF(O36="","",SUMIF($C$56:$C$155,$N36,$T$56:$T$155)) | AJ36: =_xlfn.FORMULATEXT(V36) -> =IF(O36="","",SUMIF($C$56:$C$155,$N36,$V$56:$V$155)) | AK36: =IF(O36="","",SUMIF($C$56:$C$155,$N36,$V$56:$V$155)) | AL36: =_xlfn.FORMULATEXT(X36) -> =IF(O36="","",SUMIF($C$56:$C$155,$N36,$X$56:$X$155)) | AM36: =IF(O36="","",SUMIF($C$56:$C$155,$N36,$X$56:$X$155)) | AN36: =_xlfn.FORMULATEXT(Z36) -> =IF(T36="","",SUMIF($C$56:$C$155,$N36,$Z$56:$Z$155)) | AO36: =IF(T36="","",SUMIF($C$56:$C$155,$N36,$Z$56:$Z$155)) | AP36: =IF(AND(AF36=AG36,AH36=AI36,AJ36=AK36,AL36=AM36,AN36=AO36),"","×")
N37: 7 | O37: =IFERROR(VLOOKUP($N37,$C$56:$D$155,2,FALSE),"") | T37: =IF(O37="","",SUMIF($C$56:$C$155,$N37,$T$56:$T$155)) | U37: 円 | V37: =IF(O37="","",SUMIF($C$56:$C$155,$N37,$V$56:$V$155)) | W37: 円 | X37: =IF(O37="","",SUMIF($C$56:$C$155,$N37,$X$56:$X$155)) | Y37: 円 | Z37: =IF(T37="","",SUMIF($C$56:$C$155,$N37,$Z$56:$Z$155)) | AA37: 円 | AF37: =_xlfn.FORMULATEXT(O37) -> =IFERROR(VLOOKUP($N37,$C$56:$D$155,2,FALSE),"") | AG37: =IFERROR(VLOOKUP($N37,$C$56:$D$155,2,FALSE),"") | AH37: =_xlfn.FORMULATEXT(T37) -> =IF(O37="","",SUMIF($C$56:$C$155,$N37,$T$56:$T$155)) | AI37: =IF(O37="","",SUMIF($C$56:$C$155,$N37,$T$56:$T$155)) | AJ37: =_xlfn.FORMULATEXT(V37) -> =IF(O37="","",SUMIF($C$56:$C$155,$N37,$V$56:$V$155)) | AK37: =IF(O37="","",SUMIF($C$56:$C$155,$N37,$V$56:$V$155)) | AL37: =_xlfn.FORMULATEXT(X37) -> =IF(O37="","",SUMIF($C$56:$C$155,$N37,$X$56:$X$155)) | AM37: =IF(O37="","",SUMIF($C$56:$C$155,$N37,$X$56:$X$155)) | AN37: =_xlfn.FORMULATEXT(Z37) -> =IF(T37="","",SUMIF($C$56:$C$155,$N37,$Z$56:$Z$155)) | AO37: =IF(T37="","",SUMIF($C$56:$C$155,$N37,$Z$56:$Z$155)) | AP37: =IF(AND(AF37=AG37,AH37=AI37,AJ37=AK37,AL37=AM37,AN37=AO37),"","×")
N38: 8 | O38: =IFERROR(VLOOKUP($N38,$C$56:$D$155,2,FALSE),"") | T38: =IF(O38="","",SUMIF($C$56:$C$155,$N38,$T$56:$T$155)) | U38: 円 | V38: =IF(O38="","",SUMIF($C$56:$C$155,$N38,$V$56:$V$155)) | W38: 円 | X38: =IF(O38="","",SUMIF($C$56:$C$155,$N38,$X$56:$X$155)) | Y38: 円 | Z38: =IF(T38="","",SUMIF($C$56:$C$155,$N38,$Z$56:$Z$155)) | AA38: 円 | AF38: =_xlfn.FORMULATEXT(O38) -> =IFERROR(VLOOKUP($N38,$C$56:$D$155,2,FALSE),"") | AG38: =IFERROR(VLOOKUP($N38,$C$56:$D$155,2,FALSE),"") | AH38: =_xlfn.FORMULATEXT(T38) -> =IF(O38="","",SUMIF($C$56:$C$155,$N38,$T$56:$T$155)) | AI38: =IF(O38="","",SUMIF($C$56:$C$155,$N38,$T$56:$T$155)) | AJ38: =_xlfn.FORMULATEXT(V38) -> =IF(O38="","",SUMIF($C$56:$C$155,$N38,$V$56:$V$155)) | AK38: =IF(O38="","",SUMIF($C$56:$C$155,$N38,$V$56:$V$155)) | AL38: =_xlfn.FORMULATEXT(X38) -> =IF(O38="","",SUMIF($C$56:$C$155,$N38,$X$56:$X$155)) | AM38: =IF(O38="","",SUMIF($C$56:$C$155,$N38,$X$56:$X$155)) | AN38: =_xlfn.FORMULATEXT(Z38) -> =IF(T38="","",SUMIF($C$56:$C$155,$N38,$Z$56:$Z$155)) | AO38: =IF(T38="","",SUMIF($C$56:$C$155,$N38,$Z$56:$Z$155)) | AP38: =IF(AND(AF38=AG38,AH38=AI38,AJ38=AK38,AL38=AM38,AN38=AO38),"","×")
N39: 9 | O39: =IFERROR(VLOOKUP($N39,$C$56:$D$155,2,FALSE),"") | T39: =IF(O39="","",SUMIF($C$56:$C$155,$N39,$T$56:$T$155)) | U39: 円 | V39: =IF(O39="","",SUMIF($C$56:$C$155,$N39,$V$56:$V$155)) | W39: 円 | X39: =IF(O39="","",SUMIF($C$56:$C$155,$N39,$X$56:$X$155)) | Y39: 円 | Z39: =IF(T39="","",SUMIF($C$56:$C$155,$N39,$Z$56:$Z$155)) | AA39: 円 | AF39: =_xlfn.FORMULATEXT(O39) -> =IFERROR(VLOOKUP($N39,$C$56:$D$155,2,FALSE),"") | AG39: =IFERROR(VLOOKUP($N39,$C$56:$D$155,2,FALSE),"") | AH39: =_xlfn.FORMULATEXT(T39) -> =IF(O39="","",SUMIF($C$56:$C$155,$N39,$T$56:$T$155)) | AI39: =IF(O39="","",SUMIF($C$56:$C$155,$N39,$T$56:$T$155)) | AJ39: =_xlfn.FORMULATEXT(V39) -> =IF(O39="","",SUMIF($C$56:$C$155,$N39,$V$56:$V$155)) | AK39: =IF(O39="","",SUMIF($C$56:$C$155,$N39,$V$56:$V$155)) | AL39: =_xlfn.FORMULATEXT(X39) -> =IF(O39="","",SUMIF($C$56:$C$155,$N39,$X$56:$X$155)) | AM39: =IF(O39="","",SUMIF($C$56:$C$155,$N39,$X$56:$X$155)) | AN39: =_xlfn.FORMULATEXT(Z39) -> =IF(T39="","",SUMIF($C$56:$C$155,$N39,$Z$56:$Z$155)) | AO39: =IF(T39="","",SUMIF($C$56:$C$155,$N39,$Z$56:$Z$155)) | AP39: =IF(AND(AF39=AG39,AH39=AI39,AJ39=AK39,AL39=AM39,AN39=AO39),"","×")
N40: 10 | O40: =IFERROR(VLOOKUP($N40,$C$56:$D$155,2,FALSE),"") | T40: =IF(O40="","",SUMIF($C$56:$C$155,$N40,$T$56:$T$155)) | U40: 円 | V40: =IF(O40="","",SUMIF($C$56:$C$155,$N40,$V$56:$V$155)) | W40: 円 | X40: =IF(O40="","",SUMIF($C$56:$C$155,$N40,$X$56:$X$155)) | Y40: 円 | Z40: =IF(T40="","",SUMIF($C$56:$C$155,$N40,$Z$56:$Z$155)) | AA40: 円 | AF40: =_xlfn.FORMULATEXT(O40) -> =IFERROR(VLOOKUP($N40,$C$56:$D$155,2,FALSE),"") | AG40: =IFERROR(VLOOKUP($N40,$C$56:$D$155,2,FALSE),"") | AH40: =_xlfn.FORMULATEXT(T40) -> =IF(O40="","",SUMIF($C$56:$C$155,$N40,$T$56:$T$155)) | AI40: =IF(O40="","",SUMIF($C$56:$C$155,$N40,$T$56:$T$155)) | AJ40: =_xlfn.FORMULATEXT(V40) -> =IF(O40="","",SUMIF($C$56:$C$155,$N40,$V$56:$V$155)) | AK40: =IF(O40="","",SUMIF($C$56:$C$155,$N40,$V$56:$V$155)) | AL40: =_xlfn.FORMULATEXT(X40) -> =IF(O40="","",SUMIF($C$56:$C$155,$N40,$X$56:$X$155)) | AM40: =IF(O40="","",SUMIF($C$56:$C$155,$N40,$X$56:$X$155)) | AN40: =_xlfn.FORMULATEXT(Z40) -> =IF(T40="","",SUMIF($C$56:$C$155,$N40,$Z$56:$Z$155)) | AO40: =IF(T40="","",SUMIF($C$56:$C$155,$N40,$Z$56:$Z$155)) | AP40: =IF(AND(AF40=AG40,AH40=AI40,AJ40=AK40,AL40=AM40,AN40=AO40),"","×")
N41: 11 | O41: =IFERROR(VLOOKUP($N41,$C$56:$D$155,2,FALSE),"") | T41: =IF(O41="","",SUMIF($C$56:$C$155,$N41,$T$56:$T$155)) | U41: 円 | V41: =IF(O41="","",SUMIF($C$56:$C$155,$N41,$V$56:$V$155)) | W41: 円 | X41: =IF(O41="","",SUMIF($C$56:$C$155,$N41,$X$56:$X$155)) | Y41: 円 | Z41: =IF(T41="","",SUMIF($C$56:$C$155,$N41,$Z$56:$Z$155)) | AA41: 円 | AF41: =_xlfn.FORMULATEXT(O41) -> =IFERROR(VLOOKUP($N41,$C$56:$D$155,2,FALSE),"") | AG41: =IFERROR(VLOOKUP($N41,$C$56:$D$155,2,FALSE),"") | AH41: =_xlfn.FORMULATEXT(T41) -> =IF(O41="","",SUMIF($C$56:$C$155,$N41,$T$56:$T$155)) | AI41: =IF(O41="","",SUMIF($C$56:$C$155,$N41,$T$56:$T$155)) | AJ41: =_xlfn.FORMULATEXT(V41) -> =IF(O41="","",SUMIF($C$56:$C$155,$N41,$V$56:$V$155)) | AK41: =IF(O41="","",SUMIF($C$56:$C$155,$N41,$V$56:$V$155)) | AL41: =_xlfn.FORMULATEXT(X41) -> =IF(O41="","",SUMIF($C$56:$C$155,$N41,$X$56:$X$155)) | AM41: =IF(O41="","",SUMIF($C$56:$C$155,$N41,$X$56:$X$155)) | AN41: =_xlfn.FORMULATEXT(Z41) -> =IF(T41="","",SUMIF($C$56:$C$155,$N41,$Z$56:$Z$155)) | AO41: =IF(T41="","",SUMIF($C$56:$C$155,$N41,$Z$56:$Z$155)) | AP41: =IF(AND(AF41=AG41,AH41=AI41,AJ41=AK41,AL41=AM41,AN41=AO41),"","×")
N42: 12 | O42: =IFERROR(VLOOKUP($N42,$C$56:$D$155,2,FALSE),"") | T42: =IF(O42="","",SUMIF($C$56:$C$155,$N42,$T$56:$T$155)) | U42: 円 | V42: =IF(O42="","",SUMIF($C$56:$C$155,$N42,$V$56:$V$155)) | W42: 円 | X42: =IF(O42="","",SUMIF($C$56:$C$155,$N42,$X$56:$X$155)) | Y42: 円 | Z42: =IF(T42="","",SUMIF($C$56:$C$155,$N42,$Z$56:$Z$155)) | AA42: 円 | AF42: =_xlfn.FORMULATEXT(O42) -> =IFERROR(VLOOKUP($N42,$C$56:$D$155,2,FALSE),"") | AG42: =IFERROR(VLOOKUP($N42,$C$56:$D$155,2,FALSE),"") | AH42: =_xlfn.FORMULATEXT(T42) -> =IF(O42="","",SUMIF($C$56:$C$155,$N42,$T$56:$T$155)) | AI42: =IF(O42="","",SUMIF($C$56:$C$155,$N42,$T$56:$T$155)) | AJ42: =_xlfn.FORMULATEXT(V42) -> =IF(O42="","",SUMIF($C$56:$C$155,$N42,$V$56:$V$155)) | AK42: =IF(O42="","",SUMIF($C$56:$C$155,$N42,$V$56:$V$155)) | AL42: =_xlfn.FORMULATEXT(X42) -> =IF(O42="","",SUMIF($C$56:$C$155,$N42,$X$56:$X$155)) | AM42: =IF(O42="","",SUMIF($C$56:$C$155,$N42,$X$56:$X$155)) | AN42: =_xlfn.FORMULATEXT(Z42) -> =IF(T42="","",SUMIF($C$56:$C$155,$N42,$Z$56:$Z$155)) | AO42: =IF(T42="","",SUMIF($C$56:$C$155,$N42,$Z$56:$Z$155)) | AP42: =IF(AND(AF42=AG42,AH42=AI42,AJ42=AK42,AL42=AM42,AN42=AO42),"","×")
... N50: 20 | O50: =IFERROR(VLOOKUP($N50,$C$56:$D$155,2,FALSE),"") | T50: =IF(O50="","",SUMIF($C$56:$C$155,$N50,$T$56:$T$155)) | U50: 円 | V50: =IF(O50="","",SUMIF($C$56:$C$155,$N50,$V$56:$V$155)) | W50: 円 | X50: =IF(O50="","",SUMIF($C$56:$C$155,$N50,$X$56:$X$155)) | Y50: 円 | Z50: =IF(T50="","",SUMIF($C$56:$C$155,$N50,$Z$56:$Z$155)) | AA50: 円 | AF50: =_xlfn.FORMULATEXT(O50) -> =IFERROR(VLOOKUP($N50,$C$56:$D$155,2,FALSE),"") | AG50: =IFERROR(VLOOKUP($N50,$C$56:$D$155,2,FALSE),"") | AH50: =_xlfn.FORMULATEXT(T50) -> =IF(O50="","",SUMIF($C$56:$C$155,$N50,$T$56:$T$155)) | AI50: =IF(O50="","",SUMIF($C$56:$C$155,$N50,$T$56:$T$155)) | AJ50: =_xlfn.FORMULATEXT(V50) -> =IF(O50="","",SUMIF($C$56:$C$155,$N50,$V$56:$V$155)) | AK50: =IF(O50="","",SUMIF($C$56:$C$155,$N50,$V$56:$V$155)) | AL50: =_xlfn.FORMULATEXT(X50) -> =IF(O50="","",SUMIF($C$56:$C$155,$N50,$X$56:$X$155)) | AM50: =IF(O50="","",SUMIF($C$56:$C$155,$N50,$X$56:$X$155)) | AN50: =_xlfn.FORMULATEXT(Z50) -> =IF(T50="","",SUMIF($C$56:$C$155,$N50,$Z$56:$Z$155)) | AO50: =IF(T50="","",SUMIF($C$56:$C$155,$N50,$Z$56:$Z$155)) | AP50: =IF(AND(AF50=AG50,AH50=AI50,AJ50=AK50,AL50=AM50,AN50=AO50),"","×")
N51: 取組合計 | T51: =SUM(T31:T50) -> 0 | U51: 円 | V51: =SUM(V31:V50) -> 0 | W51: 円 | X51: =SUM(X31:X50) -> 0 | Y51: 円 | Z51: =SUM(Z31:Z50) -> 0 | AA51: 円 | AH51: =_xlfn.FORMULATEXT(T51) -> =SUM(T31:T50) | AI51: =SUM(T31:T50) | AJ51: =_xlfn.FORMULATEXT(V51) -> =SUM(V31:V50) | AK51: =SUM(V31:V50) | AL51: =_xlfn.FORMULATEXT(X51) -> =SUM(X31:X50) | AM51: =SUM(X31:X50) | AN51: =_xlfn.FORMULATEXT(Z51) -> =SUM(Z31:Z50) | AO51: =SUM(Z31:Z50) | AP51: =IF(AND(AF51=AG51,AH51=AI51,AJ51=AK51,AL51=AM51,AN51=AO51),"","×")
B53: 積算内訳（２．輸出促進のための規格策定や事業者の水平連携に向けた体制整備等（１）業界統一規格の策定や国内事業者の水平連携に向けた体制整備等）補助率：定額 | AF53: （A） | AG53: （B） | AH53: （C) | AI53: （D） | AJ53: （E） | AK53: （F） | AL53: （G） | AM53: （H） | AN53: （I)
B54: No | C54: 区分 | F54: 使途（支出内容） | G54: 備考 | H54: 負担区分 | I54: 消費税区分 | J54: 単価（税込） | M54: 数量 | P54: 数量 | T54: 金額 | Z54: 消費税 | AD54: 証拠書類番号 | AF54: 一部自己負担金 | AG54: 一部非課税 | AI54: 計 | AJ54: うち国庫補助金 | AK54: 消費税額 | AL54: 費目ごと 関数 | AM54: 取組ごと 関数 | AN54: 合計 | AR54: 国庫補助金 | AV54: 自己負担金
C55: 取組 番号 | D55: 取組名 | E55: 費目 | M55: 個数 | N55: 単位 | P55: 個数 | Q55: 単位 | T55: 計 | V55: うち 国庫補助金 | X55: うち 自己負担金 | Z55: 消費税額 | AB55: 「一部非課税」 の消費税額 | AO55: 積算内訳書 | AP55: 費目ごと | AQ55: 取組ごと | AS55: 積算内訳書 | AT55: 費目ごと | AU55: 取組ごと | AW55: 積算内訳書 | AX55: 費目ごと | AY55: 取組ごと
B56: =ROW(B56)-55 -> 1 | K56: 円 | L56: × | O56: × | R56: × | S56: = | T56: =PRODUCT(J56,M56,P56) -> 0 | U56: 円 | V56: =IF(E56="","",T56-X56) | W56: 円 | Y56: 円 | Z56: {=IF($T56=0,"",ROUNDDOWN(_xlfn.IFS($I56="課税",$T56*0.1/1.1,$I56="軽減",$T56*0.08/1.08,$I56="一部非課税",$AB56,I56="非課税",0),0))} | AA56: 円 | AC56: 円 | AF56: =IF(AND($H56="一部自己負担金",$X56=""),"×","") | AG56: =IF(AND($I56="一部非課税",$AB56=""),"×","") | AI56: =IF(PRODUCT($J56,$M56,$P56)=T56,"","×") | AJ56: =IF(IF($E56="","",$T56-$X56)=$V56,"","×") | AK56: {=IF(IF($T56=0,"",ROUNDDOWN(_xlfn.IFS($I56="課税",$T56*0.1/1.1,$I56="軽減",$T56*0.08/1.08,$I56="一部非課税",$AB56,I56="非課税",0),0))=$Z56,"","×")} | AL56: =IF(COUNTIF($AN$12:$AN$26,"×")>0,"×","") | AM56: =IF(COUNTIF($AP$31:$AP$51,"×")>0,"×","") | AN56: =IF(AND(AO56=AP56,AP56=AQ56),"","×") -> #N/A | AO56: #N/A | AP56: =$T$26 -> 0 | AQ56: =$T$51 -> 0 | AR56: =IF(AND(AS56=AT56,AT56=AU56),"","×") -> #N/A | AS56: #N/A | AT56: =$V$25 -> 0 | AU56: =$V$51 -> 0 | AV56: =IF(AND(AW56=AX56,AX56=AY56),"","×") -> #N/A | AW56: #N/A | AX56: =$X$26 -> 0 | AY56: =$X$51 -> 0
B57: =ROW(B57)-55 -> 2 | K57: 円 | L57: × | O57: × | R57: × | S57: = | T57: =PRODUCT(J57,M57,P57) -> 0 | U57: 円 | V57: =IF(E57="","",T57-X57) | W57: 円 | Y57: 円 | Z57: {=IF($T57=0,"",ROUNDDOWN(_xlfn.IFS($I57="課税",$T57*0.1/1.1,$I57="軽減",$T57*0.08/1.08,$I57="一部非課税",$AB57,I57="非課税",0),0))} | AA57: 円 | AC57: 円 | AF57: =IF(AND($H57="一部自己負担金",$X57=""),"×","") | AG57: =IF(AND($I57="一部非課税",$AB57=""),"×","") | AI57: =IF(PRODUCT($J57,$M57,$P57)=T57,"","×") | AJ57: =IF(IF($E57="","",$T57-$X57)=$V57,"","×") | AK57: {=IF(IF($T57=0,"",ROUNDDOWN(_xlfn.IFS($I57="課税",$T57*0.1/1.1,$I57="軽減",$T57*0.08/1.08,$I57="一部非課税",$AB57,I57="非課税",0),0))=$Z57,"","×")} | AL57: =IF(COUNTIF($AN$12:$AN$26,"×")>0,"×","") | AM57: =IF(COUNTIF($AP$31:$AP$51,"×")>0,"×","") | AN57: =IF(AND(AO57=AP57,AP57=AQ57),"","×")
B58: =ROW(B58)-55 -> 3 | K58: 円 | L58: × | O58: × | R58: × | S58: = | T58: =PRODUCT(J58,M58,P58) -> 0 | U58: 円 | V58: =IF(E58="","",T58-X58) | W58: 円 | Y58: 円 | Z58: {=IF($T58=0,"",ROUNDDOWN(_xlfn.IFS($I58="課税",$T58*0.1/1.1,$I58="軽減",$T58*0.08/1.08,$I58="一部非課税",$AB58,I58="非課税",0),0))} | AA58: 円 | AC58: 円 | AF58: =IF(AND($H58="一部自己負担金",$X58=""),"×","") | AG58: =IF(AND($I58="一部非課税",$AB58=""),"×","") | AI58: =IF(PRODUCT($J58,$M58,$P58)=T58,"","×") | AJ58: =IF(IF($E58="","",$T58-$X58)=$V58,"","×") | AK58: {=IF(IF($T58=0,"",ROUNDDOWN(_xlfn.IFS($I58="課税",$T58*0.1/1.1,$I58="軽減",$T58*0.08/1.08,$I58="一部非課税",$AB58,I58="非課税",0),0))=$Z58,"","×")} | AL58: =IF(COUNTIF($AN$12:$AN$26,"×")>0,"×","") | AM58: =IF(COUNTIF($AP$31:$AP$51,"×")>0,"×","") | AN58: =IF(AND(AO58=AP58,AP58=AQ58),"","×")
B59: =ROW(B59)-55 -> 4 | K59: 円 | L59: × | O59: × | R59: × | S59: = | T59: =PRODUCT(J59,M59,P59) -> 0 | U59: 円 | V59: =IF(E59="","",T59-X59) | W59: 円 | Y59: 円 | Z59: {=IF($T59=0,"",ROUNDDOWN(_xlfn.IFS($I59="課税",$T59*0.1/1.1,$I59="軽減",$T59*0.08/1.08,$I59="一部非課税",$AB59,I59="非課税",0),0))} | AA59: 円 | AC59: 円 | AF59: =IF(AND($H59="一部自己負担金",$X59=""),"×","") | AG59: =IF(AND($I59="一部非課税",$AB59=""),"×","") | AI59: =IF(PRODUCT($J59,$M59,$P59)=T59,"","×") | AJ59: =IF(IF($E59="","",$T59-$X59)=$V59,"","×") | AK59: {=IF(IF($T59=0,"",ROUNDDOWN(_xlfn.IFS($I59="課税",$T59*0.1/1.1,$I59="軽減",$T59*0.08/1.08,$I59="一部非課税",$AB59,I59="非課税",0),0))=$Z59,"","×")} | AL59: =IF(COUNTIF($AN$12:$AN$26,"×")>0,"×","") | AM59: =IF(COUNTIF($AP$31:$AP$51,"×")>0,"×","") | AN59: =IF(AND(AO59=AP59,AP59=AQ59),"","×")
B60: =ROW(B60)-55 -> 5 | K60: 円 | L60: × | O60: × | R60: × | S60: = | T60: =PRODUCT(J60,M60,P60) -> 0 | U60: 円 | V60: =IF(E60="","",T60-X60) | W60: 円 | Y60: 円 | Z60: {=IF($T60=0,"",ROUNDDOWN(_xlfn.IFS($I60="課税",$T60*0.1/1.1,$I60="軽減",$T60*0.08/1.08,$I60="一部非課税",$AB60,I60="非課税",0),0))} | AA60: 円 | AC60: 円 | AF60: =IF(AND($H60="一部自己負担金",$X60=""),"×","") | AG60: =IF(AND($I60="一部非課税",$AB60=""),"×","") | AI60: =IF(PRODUCT($J60,$M60,$P60)=T60,"","×") | AJ60: =IF(IF($E60="","",$T60-$X60)=$V60,"","×") | AK60: {=IF(IF($T60=0,"",ROUNDDOWN(_xlfn.IFS($I60="課税",$T60*0.1/1.1,$I60="軽減",$T60*0.08/1.08,$I60="一部非課税",$AB60,I60="非課税",0),0))=$Z60,"","×")} | AL60: =IF(COUNTIF($AN$12:$AN$26,"×")>0,"×","") | AM60: =IF(COUNTIF($AP$31:$AP$51,"×")>0,"×","") | AN60: =IF(AND(AO60=AP60,AP60=AQ60),"","×")
B61: =ROW(B61)-55 -> 6 | K61: 円 | L61: × | O61: × | R61: × | S61: = | T61: =PRODUCT(J61,M61,P61) -> 0 | U61: 円 | V61: =IF(E61="","",T61-X61) | W61: 円 | Y61: 円 | Z61: {=IF($T61=0,"",ROUNDDOWN(_xlfn.IFS($I61="課税",$T61*0.1/1.1,$I61="軽減",$T61*0.08/1.08,$I61="一部非課税",$AB61,I61="非課税",0),0))} | AA61: 円 | AC61: 円 | AF61: =IF(AND($H61="一部自己負担金",$X61=""),"×","") | AG61: =IF(AND($I61="一部非課税",$AB61=""),"×","") | AI61: =IF(PRODUCT($J61,$M61,$P61)=T61,"","×") | AJ61: =IF(IF($E61="","",$T61-$X61)=$V61,"","×") | AK61: {=IF(IF($T61=0,"",ROUNDDOWN(_xlfn.IFS($I61="課税",$T61*0.1/1.1,$I61="軽減",$T61*0.08/1.08,$I61="一部非課税",$AB61,I61="非課税",0),0))=$Z61,"","×")} | AL61: =IF(COUNTIF($AN$12:$AN$26,"×")>0,"×","") | AM61: =IF(COUNTIF($AP$31:$AP$51,"×")>0,"×","") | AN61: =IF(AND(AO61=AP61,AP61=AQ61),"","×")
B62: =ROW(B62)-55 -> 7 | K62: 円 | L62: × | O62: × | R62: × | S62: = | T62: =PRODUCT(J62,M62,P62) -> 0 | U62: 円 | V62: =IF(E62="","",T62-X62) | W62: 円 | Y62: 円 | Z62: {=IF($T62=0,"",ROUNDDOWN(_xlfn.IFS($I62="課税",$T62*0.1/1.1,$I62="軽減",$T62*0.08/1.08,$I62="一部非課税",$AB62,I62="非課税",0),0))} | AA62: 円 | AC62: 円 | AF62: =IF(AND($H62="一部自己負担金",$X62=""),"×","") | AG62: =IF(AND($I62="一部非課税",$AB62=""),"×","") | AI62: =IF(PRODUCT($J62,$M62,$P62)=T62,"","×") | AJ62: =IF(IF($E62="","",$T62-$X62)=$V62,"","×") | AK62: {=IF(IF($T62=0,"",ROUNDDOWN(_xlfn.IFS($I62="課税",$T62*0.1/1.1,$I62="軽減",$T62*0.08/1.08,$I62="一部非課税",$AB62,I62="非課税",0),0))=$Z62,"","×")} | AL62: =IF(COUNTIF($AN$12:$AN$26,"×")>0,"×","") | AM62: =IF(COUNTIF($AP$31:$AP$51,"×")>0,"×","") | AN62: =IF(AND(AO62=AP62,AP62=AQ62),"","×")
B63: =ROW(B63)-55 -> 8 | K63: 円 | L63: × | O63: × | R63: × | S63: = | T63: =PRODUCT(J63,M63,P63) -> 0 | U63: 円 | V63: =IF(E63="","",T63-X63) | W63: 円 | Y63: 円 | Z63: {=IF($T63=0,"",ROUNDDOWN(_xlfn.IFS($I63="課税",$T63*0.1/1.1,$I63="軽減",$T63*0.08/1.08,$I63="一部非課税",$AB63,I63="非課税",0),0))} | AA63: 円 | AC63: 円 | AF63: =IF(AND($H63="一部自己負担金",$X63=""),"×","") | AG63: =IF(AND($I63="一部非課税",$AB63=""),"×","") | AI63: =IF(PRODUCT($J63,$M63,$P63)=T63,"","×") | AJ63: =IF(IF($E63="","",$T63-$X63)=$V63,"","×") | AK63: {=IF(IF($T63=0,"",ROUNDDOWN(_xlfn.IFS($I63="課税",$T63*0.1/1.1,$I63="軽減",$T63*0.08/1.08,$I63="一部非課税",$AB63,I63="非課税",0),0))=$Z63,"","×")} | AL63: =IF(COUNTIF($AN$12:$AN$26,"×")>0,"×","") | AM63: =IF(COUNTIF($AP$31:$AP$51,"×")>0,"×","") | AN63: =IF(AND(AO63=AP63,AP63=AQ63),"","×")
B64: =ROW(B64)-55 -> 9 | K64: 円 | L64: × | O64: × | R64: × | S64: = | T64: =PRODUCT(J64,M64,P64) -> 0 | U64: 円 | V64: =IF(E64="","",T64-X64) | W64: 円 | Y64: 円 | Z64: {=IF($T64=0,"",ROUNDDOWN(_xlfn.IFS($I64="課税",$T64*0.1/1.1,$I64="軽減",$T64*0.08/1.08,$I64="一部非課税",$AB64,I64="非課税",0),0))} | AA64: 円 | AC64: 円 | AF64: =IF(AND($H64="一部自己負担金",$X64=""),"×","") | AG64: =IF(AND($I64="一部非課税",$AB64=""),"×","") | AI64: =IF(PRODUCT($J64,$M64,$P64)=T64,"","×") | AJ64: =IF(IF($E64="","",$T64-$X64)=$V64,"","×") | AK64: {=IF(IF($T64=0,"",ROUNDDOWN(_xlfn.IFS($I64="課税",$T64*0.1/1.1,$I64="軽減",$T64*0.08/1.08,$I64="一部非課税",$AB64,I64="非課税",0),0))=$Z64,"","×")} | AL64: =IF(COUNTIF($AN$12:$AN$26,"×")>0,"×","") | AM64: =IF(COUNTIF($AP$31:$AP$51,"×")>0,"×","") | AN64: =IF(AND(AO64=AP64,AP64=AQ64),"","×")
B65: =ROW(B65)-55 -> 10 | K65: 円 | L65: × | O65: × | R65: × | S65: = | T65: =PRODUCT(J65,M65,P65) -> 0 | U65: 円 | V65: =IF(E65="","",T65-X65) | W65: 円 | Y65: 円 | Z65: {=IF($T65=0,"",ROUNDDOWN(_xlfn.IFS($I65="課税",$T65*0.1/1.1,$I65="軽減",$T65*0.08/1.08,$I65="一部非課税",$AB65,I65="非課税",0),0))} | AA65: 円 | AC65: 円 | AF65: =IF(AND($H65="一部自己負担金",$X65=""),"×","") | AG65: =IF(AND($I65="一部非課税",$AB65=""),"×","") | AI65: =IF(PRODUCT($J65,$M65,$P65)=T65,"","×") | AJ65: =IF(IF($E65="","",$T65-$X65)=$V65,"","×") | AK65: {=IF(IF($T65=0,"",ROUNDDOWN(_xlfn.IFS($I65="課税",$T65*0.1/1.1,$I65="軽減",$T65*0.08/1.08,$I65="一部非課税",$AB65,I65="非課税",0),0))=$Z65,"","×")} | AL65: =IF(COUNTIF($AN$12:$AN$26,"×")>0,"×","") | AM65: =IF(COUNTIF($AP$31:$AP$51,"×")>0,"×","") | AN65: =IF(AND(AO65=AP65,AP65=AQ65),"","×")
B66: =ROW(B66)-55 -> 11 | K66: 円 | L66: × | O66: × | R66: × | S66: = | T66: =PRODUCT(J66,M66,P66) -> 0 | U66: 円 | V66: =IF(E66="","",T66-X66) | W66: 円 | Y66: 円 | Z66: {=IF($T66=0,"",ROUNDDOWN(_xlfn.IFS($I66="課税",$T66*0.1/1.1,$I66="軽減",$T66*0.08/1.08,$I66="一部非課税",$AB66,I66="非課税",0),0))} | AA66: 円 | AC66: 円 | AF66: =IF(AND($H66="一部自己負担金",$X66=""),"×","") | AG66: =IF(AND($I66="一部非課税",$AB66=""),"×","") | AI66: =IF(PRODUCT($J66,$M66,$P66)=T66,"","×") | AJ66: =IF(IF($E66="","",$T66-$X66)=$V66,"","×") | AK66: {=IF(IF($T66=0,"",ROUNDDOWN(_xlfn.IFS($I66="課税",$T66*0.1/1.1,$I66="軽減",$T66*0.08/1.08,$I66="一部非課税",$AB66,I66="非課税",0),0))=$Z66,"","×")} | AL66: =IF(COUNTIF($AN$12:$AN$26,"×")>0,"×","") | AM66: =IF(COUNTIF($AP$31:$AP$51,"×")>0,"×","") | AN66: =IF(AND(AO66=AP66,AP66=AQ66),"","×")
B67: =ROW(B67)-55 -> 12 | K67: 円 | L67: × | O67: × | R67: × | S67: = | T67: =PRODUCT(J67,M67,P67) -> 0 | U67: 円 | V67: =IF(E67="","",T67-X67) | W67: 円 | Y67: 円 | Z67: {=IF($T67=0,"",ROUNDDOWN(_xlfn.IFS($I67="課税",$T67*0.1/1.1,$I67="軽減",$T67*0.08/1.08,$I67="一部非課税",$AB67,I67="非課税",0),0))} | AA67: 円 | AC67: 円 | AF67: =IF(AND($H67="一部自己負担金",$X67=""),"×","") | AG67: =IF(AND($I67="一部非課税",$AB67=""),"×","") | AI67: =IF(PRODUCT($J67,$M67,$P67)=T67,"","×") | AJ67: =IF(IF($E67="","",$T67-$X67)=$V67,"","×") | AK67: {=IF(IF($T67=0,"",ROUNDDOWN(_xlfn.IFS($I67="課税",$T67*0.1/1.1,$I67="軽減",$T67*0.08/1.08,$I67="一部非課税",$AB67,I67="非課税",0),0))=$Z67,"","×")} | AL67: =IF(COUNTIF($AN$12:$AN$26,"×")>0,"×","") | AM67: =IF(COUNTIF($AP$31:$AP$51,"×")>0,"×","") | AN67: =IF(AND(AO67=AP67,AP67=AQ67),"","×")
B68: =ROW(B68)-55 -> 13 | K68: 円 | L68: × | O68: × | R68: × | S68: = | T68: =PRODUCT(J68,M68,P68) -> 0 | U68: 円 | V68: =IF(E68="","",T68-X68) | W68: 円 | Y68: 円 | Z68: {=IF($T68=0,"",ROUNDDOWN(_xlfn.IFS($I68="課税",$T68*0.1/1.1,$I68="軽減",$T68*0.08/1.08,$I68="一部非課税",$AB68,I68="非課税",0),0))} | AA68: 円 | AC68: 円 | AF68: =IF(AND($H68="一部自己負担金",$X68=""),"×","") | AG68: =IF(AND($I68="一部非課税",$AB68=""),"×","") | AI68: =IF(PRODUCT($J68,$M68,$P68)=T68,"","×") | AJ68: =IF(IF($E68="","",$T68-$X68)=$V68,"","×") | AK68: {=IF(IF($T68=0,"",ROUNDDOWN(_xlfn.IFS($I68="課税",$T68*0.1/1.1,$I68="軽減",$T68*0.08/1.08,$I68="一部非課税",$AB68,I68="非課税",0),0))=$Z68,"","×")} | AL68: =IF(COUNTIF($AN$12:$AN$26,"×")>0,"×","") | AM68: =IF(COUNTIF($AP$31:$AP$51,"×")>0,"×","") | AN68: =IF(AND(AO68=AP68,AP68=AQ68),"","×")
... B155: =ROW(B155)-55 -> 100 | K155: 円 | L155: × | O155: × | R155: × | S155: = | T155: =PRODUCT(J155,M155,P155) -> 0 | U155: 円 | V155: =IF(E155="","",T155-X155) | W155: 円 | Y155: 円 | Z155: {=IF($T155=0,"",ROUNDDOWN(_xlfn.IFS($I155="課税",$T155*0.1/1.1,$I155="軽減",$T155*0.08/1.08,$I155="一部非課税",$AB155,I155="非課税",0),0))} | AA155: 円 | AC155: 円 | AF155: =IF(AND($H155="一部自己負担金",$X155=""),"×","") | AG155: =IF(AND($I155="一部非課税",$AB155=""),"×","") | AI155: =IF(PRODUCT($J155,$M155,$P155)=T155,"","×") | AJ155: =IF(IF($E155="","",$T155-$X155)=$V155,"","×") | AK155: {=IF(IF($T155=0,"",ROUNDDOWN(_xlfn.IFS($I155="課税",$T155*0.1/1.1,$I155="軽減",$T155*0.08/1.08,$I155="一部非課税",$AB155,I155="非課税",0),0))=$Z155,"","×")} | AL155: =IF(COUNTIF($AN$12:$AN$26,"×")>0,"×","") | AM155: =IF(COUNTIF($AP$31:$AP$51,"×")>0,"×","") | AN155: =IF(AND(AO155=AP155,AP155=AQ155),"","×")
X156: =IF(T156="","",T156-V156)
X157: =IF(T157="","",T157-V157)
X158: =IF(T158="","",T158-V158)
X159: =IF(T159="","",T159-V159)
X160: =IF(T160="","",T160-V160)
X161: =IF(T161="","",T161-V161)
X162: =IF(T162="","",T162-V162)
X163: =IF(T163="","",T163-V163)
X164: =IF(T164="","",T164-V164)
X165: =IF(T165="","",T165-V165)
X166: =IF(T166="","",T166-V166)
X167: =IF(T167="","",T167-V167)
... X758: =IF(T758="","",T758-V758)

Sheet ２（２）．業界統一規格等の現場導入に向けた認証取得等支援
A1: （別紙様式４ 別紙 ）令和７年度補正公募
D2: 品目団体名 | E2: =IF(積算内訳書!$F$3="","",積算内訳書!$F$3)
A4: 品目団体輸出力強化緊急支援事業（別紙様式４ 別紙） （２．輸出促進のための規格策定や事業者の水平連携に向けた体制整備等（２）業界統一規格等の現場導入に向けた認証取得等支援）
B6: 記載の注意点 | N6: 事業者区分（課税・非課税）
B7: 【入力方法】 ● 色のついていないセルについては入力をしないようにご注意ください。（関数等が消去される恐れがあります。） ● 緑色セル（取組番号（C54）や取組名（D54）等）はデータ及び数値等を入力してください。 ● 黄色セル（費目（E54）や負担区分（I54）等）は該当する項目をプルダウンから選択して入力してください。 【団体名】 ● 品目団体名を確認してください。（積算内訳シートで選択した団体名が反映されます。） 【事業者区分】 ● 事業者区分は、消費税の課税対象について「課税・免税」のいずれに該当するか選択してください。 【積算内訳】 ● 補助事業に係る経費の全てを記載してください。 ● 「取組番号」、「取組名」は「別紙様式３（課題提案書）」等にある、事業の内容の「取組内容」、「取組番号」と その「項目」の名称と同一のものを記載ください。 ● 各経費については、2（２）に係る費用「団体構成員が認証等を取得するために必要な経費を補助する経費」のうち、 プルダウンより該当する費目を選択してください。 ● 事業の一部を委託する場合は、当該事業に要する経費を記載してください。 ● 備考欄には、区分欄に掲げる経費の根拠（経費内容）を詳細に記載してください。 なお、備考欄に記載内容がおさまらない場合は、別葉としても構いません。 ● 人件費、謝金及び賃金については、その単価の根拠資料を添付してください。 ● 「負担区分」については、「国庫補助金」及び「一部自己負担金」から選択してください。 「一部自己負担金」を選択した場合には、「うち自己負担額②」に該当金額を記載してください。 ※５（２）に係る費用は、補助率が1/2以内となるため「うち国庫補助金」「うち自己負担金①」に自動計算で数値が反映されます。 支出内容のうち別途自己負担金が含まれる場合は「一部自己負担金」を選択し、「うち自己負担金②」にその金額を記載してください。 「計」から「うち自己負担金②」を除いた金額で補助率が算出されます。 ● 「消費税区分」については、「課税」、「一部非課税」、「非課税」及び「軽減」から選択してください。 「一部非課税」を選択した場合は、「一部非課税の消費税額」欄に該当経費にかかる消費税額を入力してください。 ● 「数量」には、「単価（税込）×個数1」あるいは「単価（税込）×個数1×個数2」の形で記載してください。 (例)謝金：25,000円×2人×3回 ● 「証拠書類番号」は金額の根拠となる別添資料番号（見積書番号等）を入力してください。 【その他】 ● 行の追加は以下の手順で行ってください。 ※追加したい箇所の行番号（表内のNoでなく、左端のグレー部分）をクリックして「コピー」→右クリック→「コピーしたセルの挿入」で計算式が反映された「行」が追加されます。
N9: 【団体構成員が認証等を取得するために必要な経費を補助する経費の内訳】
N10: 費目 | T10: 合計 | V10: 負担区分 | AB10: 消費税額
X11: 自己負担金
V12: 国庫補助金 | X12: 自己負担金① | Z12: 自己負担金②
N13: 審査・登録費 | T13: =SUMIF($E$54:$E$153,N13,$T$54:$T$153) -> 0 | U13: 円 | V13: =SUMIFS($V$54:$V$153,$E$54:$E$153,$N13) -> 0 | W13: 円 | X13: =SUMIFS($X$54:$X$153,$E$54:$E$153,$N13) -> 0 | Y13: 円 | Z13: =SUMIFS($Z$54:$Z$153,$E$54:$E$153,$N13,$H$54:$H$153,"一部自己負担金") -> 0 | AA13: 円 | AB13: =SUMIFS($AB$54:$AB$153,$E$54:$E$153,$N13) -> 0 | AC13: 円
N14: 旅費 | T14: =SUMIF($E$54:$E$153,N14,$T$54:$T$153) -> 0 | U14: 円 | V14: =SUMIFS($V$54:$V$153,$E$54:$E$153,$N14) -> 0 | W14: 円 | X14: =SUMIFS($X$54:$X$153,$E$54:$E$153,$N14) -> 0 | Y14: 円 | Z14: =SUMIFS($Z$54:$Z$153,$E$54:$E$153,$N14,$H$54:$H$153,"一部自己負担金") -> 0 | AA14: 円 | AB14: =SUMIFS($AB$54:$AB$153,$E$54:$E$153,$N14) -> 0 | AC14: 円
N15: 役務費 | T15: =SUMIF($E$54:$E$153,N15,$T$54:$T$153) -> 0 | U15: 円 | V15: =SUMIFS($V$54:$V$153,$E$54:$E$153,$N15) -> 0 | W15: 円 | X15: =SUMIFS($X$54:$X$153,$E$54:$E$153,$N15) -> 0 | Y15: 円 | Z15: =SUMIFS($Z$54:$Z$153,$E$54:$E$153,$N15,$H$54:$H$153,"一部自己負担金") -> 0 | AA15: 円 | AB15: =SUMIFS($AB$54:$AB$153,$E$54:$E$153,$N15) -> 0 | AC15: 円
N16: 委託費 | T16: =SUMIF($E$54:$E$153,N16,$T$54:$T$153) -> 0 | U16: 円 | V16: =SUMIFS($V$54:$V$153,$E$54:$E$153,$N16) -> 0 | W16: 円 | X16: =SUMIFS($X$54:$X$153,$E$54:$E$153,$N16) -> 0 | Y16: 円 | Z16: =SUMIFS($Z$54:$Z$153,$E$54:$E$153,$N16,$H$54:$H$153,"一部自己負担金") -> 0 | AA16: 円 | AB16: =SUMIFS($AB$54:$AB$153,$E$54:$E$153,$N16) -> 0 | AC16: 円
N17: 通信運搬費 | T17: =SUMIF($E$54:$E$153,N17,$T$54:$T$153) -> 0 | U17: 円 | V17: =SUMIFS($V$54:$V$153,$E$54:$E$153,$N17) -> 0 | W17: 円 | X17: =SUMIFS($X$54:$X$153,$E$54:$E$153,$N17) -> 0 | Y17: 円 | Z17: =SUMIFS($Z$54:$Z$153,$E$54:$E$153,$N17,$H$54:$H$153,"一部自己負担金") -> 0 | AA17: 円 | AB17: =SUMIFS($AB$54:$AB$153,$E$54:$E$153,$N17) -> 0 | AC17: 円
N18: 消耗品費 | T18: =SUMIF($E$54:$E$153,N18,$T$54:$T$153) -> 0 | U18: 円 | V18: =SUMIFS($V$54:$V$153,$E$54:$E$153,$N18) -> 0 | W18: 円 | X18: =SUMIFS($X$54:$X$153,$E$54:$E$153,$N18) -> 0 | Y18: 円 | Z18: =SUMIFS($Z$54:$Z$153,$E$54:$E$153,$N18,$H$54:$H$153,"一部自己負担金") -> 0 | AA18: 円 | AB18: =SUMIFS($AB$54:$AB$153,$E$54:$E$153,$N18) -> 0 | AC18: 円
N19: その他 | T19: =SUMIF($E$54:$E$153,N19,$T$54:$T$153) -> 0 | U19: 円 | V19: =SUMIFS($V$54:$V$153,$E$54:$E$153,$N19) -> 0 | W19: 円 | X19: =SUMIFS($X$54:$X$153,$E$54:$E$153,$N19) -> 0 | Y19: 円 | Z19: =SUMIFS($Z$54:$Z$153,$E$54:$E$153,$N19,$H$54:$H$153,"一部自己負担金") -> 0 | AA19: 円 | AB19: =SUMIFS($AB$54:$AB$153,$E$54:$E$153,$N19) -> 0 | AC19: 円
N20: 事業費小計 | T20: =SUM(T13:T19) -> 0 | U20: 円 | V20: =SUM(V13:V19) -> 0 | W20: 円 | X20: =SUM(X13:X19) -> 0 | Y20: 円 | Z20: =SUM(Z13:Z19) -> 0 | AA20: 円 | AB20: =SUM(AB13:AB19) -> 0 | AC20: 円
N21: 事業費合計 | T21: =T20 -> 0 | U21: 円 | V21: =V20 -> 0 | W21: 円 | X21: =SUM(X20:Z20) -> 0 | AA21: 円 | AB21: =AB20 -> 0 | AC21: 円
N24: 【団体構成員が認証等を取得するために必要な経費を補助する経費（取組ごと）】
N25: 取組 番号 | O25: 取組名 | T25: 合計 | V25: 負担区分 | AB25: 消費税額
X26: 自己負担金
V27: 国庫補助金 | X27: 自己負担金① | Z27: 自己負担金②
N28: 1 | O28: =IFERROR(VLOOKUP($N28,$C$54:$D$153,2,FALSE),"") | T28: =IF(O28="","",SUMIF($C$54:$C$153,$N28,$T$54:$T$153)) | U28: 円 | V28: =IF(O28="","",SUMIF($C$54:$C$153,$N28,$V$54:$V$153)) | W28: 円 | X28: =IF(O28="","",SUMIF($C$54:$C$153,$N28,$X$54:$X$153)) | Y28: 円 | Z28: =IF(O28="","",SUMIF($C$54:$C$153,$N28,$Z$54:$Z$153)) | AA28: 円 | AB28: =IF(T28="","",SUMIF($C$54:$C$153,$N28,$AB$54:$AB$153)) | AC28: 円
N29: 2 | O29: =IFERROR(VLOOKUP($N29,$C$54:$D$153,2,FALSE),"") | T29: =IF(O29="","",SUMIF($C$54:$C$153,$N29,$T$54:$T$153)) | U29: 円 | V29: =IF(O29="","",SUMIF($C$54:$C$153,$N29,$V$54:$V$153)) | W29: 円 | X29: =IF(O29="","",SUMIF($C$54:$C$153,$N29,$X$54:$X$153)) | Y29: 円 | Z29: =IF(O29="","",SUMIF($C$54:$C$153,$N29,$Z$54:$Z$153)) | AA29: 円 | AB29: =IF(T29="","",SUMIF($C$54:$C$153,$N29,$AB$54:$AB$153)) | AC29: 円
N30: 3 | O30: =IFERROR(VLOOKUP($N30,$C$54:$D$153,2,FALSE),"") | T30: =IF(O30="","",SUMIF($C$54:$C$153,$N30,$T$54:$T$153)) | U30: 円 | V30: =IF(O30="","",SUMIF($C$54:$C$153,$N30,$V$54:$V$153)) | W30: 円 | X30: =IF(O30="","",SUMIF($C$54:$C$153,$N30,$X$54:$X$153)) | Y30: 円 | Z30: =IF(O30="","",SUMIF($C$54:$C$153,$N30,$Z$54:$Z$153)) | AA30: 円 | AB30: =IF(T30="","",SUMIF($C$54:$C$153,$N30,$AB$54:$AB$153)) | AC30: 円
N31: 4 | O31: =IFERROR(VLOOKUP($N31,$C$54:$D$153,2,FALSE),"") | T31: =IF(O31="","",SUMIF($C$54:$C$153,$N31,$T$54:$T$153)) | U31: 円 | V31: =IF(O31="","",SUMIF($C$54:$C$153,$N31,$V$54:$V$153)) | W31: 円 | X31: =IF(O31="","",SUMIF($C$54:$C$153,$N31,$X$54:$X$153)) | Y31: 円 | Z31: =IF(O31="","",SUMIF($C$54:$C$153,$N31,$Z$54:$Z$153)) | AA31: 円 | AB31: =IF(T31="","",SUMIF($C$54:$C$153,$N31,$AB$54:$AB$153)) | AC31: 円
N32: 5 | O32: =IFERROR(VLOOKUP($N32,$C$54:$D$153,2,FALSE),"") | T32: =IF(O32="","",SUMIF($C$54:$C$153,$N32,$T$54:$T$153)) | U32: 円 | V32: =IF(O32="","",SUMIF($C$54:$C$153,$N32,$V$54:$V$153)) | W32: 円 | X32: =IF(O32="","",SUMIF($C$54:$C$153,$N32,$X$54:$X$153)) | Y32: 円 | Z32: =IF(O32="","",SUMIF($C$54:$C$153,$N32,$Z$54:$Z$153)) | AA32: 円 | AB32: =IF(T32="","",SUMIF($C$54:$C$153,$N32,$AB$54:$AB$153)) | AC32: 円
N33: 6 | O33: =IFERROR(VLOOKUP($N33,$C$54:$D$153,2,FALSE),"") | T33: =IF(O33="","",SUMIF($C$54:$C$153,$N33,$T$54:$T$153)) | U33: 円 | V33: =IF(O33="","",SUMIF($C$54:$C$153,$N33,$V$54:$V$153)) | W33: 円 | X33: =IF(O33="","",SUMIF($C$54:$C$153,$N33,$X$54:$X$153)) | Y33: 円 | Z33: =IF(O33="","",SUMIF($C$54:$C$153,$N33,$Z$54:$Z$153)) | AA33: 円 | AB33: =IF(T33="","",SUMIF($C$54:$C$153,$N33,$AB$54:$AB$153)) | AC33: 円
N34: 7 | O34: =IFERROR(VLOOKUP($N34,$C$54:$D$153,2,FALSE),"") | T34: =IF(O34="","",SUMIF($C$54:$C$153,$N34,$T$54:$T$153)) | U34: 円 | V34: =IF(O34="","",SUMIF($C$54:$C$153,$N34,$V$54:$V$153)) | W34: 円 | X34: =IF(O34="","",SUMIF($C$54:$C$153,$N34,$X$54:$X$153)) | Y34: 円 | Z34: =IF(O34="","",SUMIF($C$54:$C$153,$N34,$Z$54:$Z$153)) | AA34: 円 | AB34: =IF(T34="","",SUMIF($C$54:$C$153,$N34,$AB$54:$AB$153)) | AC34: 円
N35: 8 | O35: =IFERROR(VLOOKUP($N35,$C$54:$D$153,2,FALSE),"") | T35: =IF(O35="","",SUMIF($C$54:$C$153,$N35,$T$54:$T$153)) | U35: 円 | V35: =IF(O35="","",SUMIF($C$54:$C$153,$N35,$V$54:$V$153)) | W35: 円 | X35: =IF(O35="","",SUMIF($C$54:$C$153,$N35,$X$54:$X$153)) | Y35: 円 | Z35: =IF(O35="","",SUMIF($C$54:$C$153,$N35,$Z$54:$Z$153)) | AA35: 円 | AB35: =IF(T35="","",SUMIF($C$54:$C$153,$N35,$AB$54:$AB$153)) | AC35: 円
N36: 9 | O36: =IFERROR(VLOOKUP($N36,$C$54:$D$153,2,FALSE),"") | T36: =IF(O36="","",SUMIF($C$54:$C$153,$N36,$T$54:$T$153)) | U36: 円 | V36: =IF(O36="","",SUMIF($C$54:$C$153,$N36,$V$54:$V$153)) | W36: 円 | X36: =IF(O36="","",SUMIF($C$54:$C$153,$N36,$X$54:$X$153)) | Y36: 円 | Z36: =IF(O36="","",SUMIF($C$54:$C$153,$N36,$Z$54:$Z$153)) | AA36: 円 | AB36: =IF(T36="","",SUMIF($C$54:$C$153,$N36,$AB$54:$AB$153)) | AC36: 円
N37: 10 | O37: =IFERROR(VLOOKUP($N37,$C$54:$D$153,2,FALSE),"") | T37: =IF(O37="","",SUMIF($C$54:$C$153,$N37,$T$54:$T$153)) | U37: 円 | V37: =IF(O37="","",SUMIF($C$54:$C$153,$N37,$V$54:$V$153)) | W37: 円 | X37: =IF(O37="","",SUMIF($C$54:$C$153,$N37,$X$54:$X$153)) | Y37: 円 | Z37: =IF(O37="","",SUMIF($C$54:$C$153,$N37,$Z$54:$Z$153)) | AA37: 円 | AB37: =IF(T37="","",SUMIF($C$54:$C$153,$N37,$AB$54:$AB$153)) | AC37: 円
N38: 11 | O38: =IFERROR(VLOOKUP($N38,$C$54:$D$153,2,FALSE),"") | T38: =IF(O38="","",SUMIF($C$54:$C$153,$N38,$T$54:$T$153)) | U38: 円 | V38: =IF(O38="","",SUMIF($C$54:$C$153,$N38,$V$54:$V$153)) | W38: 円 | X38: =IF(O38="","",SUMIF($C$54:$C$153,$N38,$X$54:$X$153)) | Y38: 円 | Z38: =IF(O38="","",SUMIF($C$54:$C$153,$N38,$Z$54:$Z$153)) | AA38: 円 | AB38: =IF(T38="","",SUMIF($C$54:$C$153,$N38,$AB$54:$AB$153)) | AC38: 円
N39: 12 | O39: =IFERROR(VLOOKUP($N39,$C$54:$D$153,2,FALSE),"") | T39: =IF(O39="","",SUMIF($C$54:$C$153,$N39,$T$54:$T$153)) | U39: 円 | V39: =IF(O39="","",SUMIF($C$54:$C$153,$N39,$V$54:$V$153)) | W39: 円 | X39: =IF(O39="","",SUMIF($C$54:$C$153,$N39,$X$54:$X$153)) | Y39: 円 | Z39: =IF(O39="","",SUMIF($C$54:$C$153,$N39,$Z$54:$Z$153)) | AA39: 円 | AB39: =IF(T39="","",SUMIF($C$54:$C$153,$N39,$AB$54:$AB$153)) | AC39: 円
... N47: 20 | O47: =IFERROR(VLOOKUP($N47,$C$54:$D$153,2,FALSE),"") | T47: =IF(O47="","",SUMIF($C$54:$C$153,$N47,$T$54:$T$153)) | U47: 円 | V47: =IF(O47="","",SUMIF($C$54:$C$153,$N47,$V$54:$V$153)) | W47: 円 | X47: =IF(O47="","",SUMIF($C$54:$C$153,$N47,$X$54:$X$153)) | Y47: 円 | Z47: =IF(O47="","",SUMIF($C$54:$C$153,$N47,$Z$54:$Z$153)) | AA47: 円 | AB47: =IF(T47="","",SUMIF($C$54:$C$153,$N47,$AB$54:$AB$153)) | AC47: 円
N48: 取組小計 | T48: =SUM(T28:T47) -> 0 | U48: 円 | V48: =SUM(V28:V47) -> 0 | W48: 円 | X48: =SUM(X28:X47) -> 0 | Y48: 円 | Z48: =SUM(Z28:Z47) -> 0 | AA48: 円 | AB48: =SUM(AB28:AB47) -> 0 | AC48: 円
N49: 取組合計 | T49: =T48 -> 0 | U49: 円 | V49: =V48 -> 0 | W49: 円 | X49: =SUM(X48:Z48) -> 0 | AA49: 円 | AB49: =AB48 -> 0 | AC49: 円
B51: 積算内訳（２．輸出促進のための規格策定や事業者の水平連携に向けた体制整備等（２）業界統一規格等の現場導入に向けた認証取得等支援）補助率：１／２以内
B52: No | C52: 区分 | F52: 使途（支出内容） | G52: 備考 | H52: 負担区分 | I52: 消費税区分 | J52: 単価（税込） | M52: 数量 | P52: 数量 | T52: 金額 | AB52: 消費税 | AF52: 証拠書類番号
C53: 取組 番号 | D53: 取組名 | E53: 費目 | M53: 個数 | N53: 単位 | P53: 個数 | Q53: 単位 | T53: 計 | V53: うち 国庫補助金 | X53: うち 自己負担金① | Z53: うち 自己負担金② | AB53: 消費税額 | AD53: 「一部非課税」 の消費税
B54: =ROW(B54)-53 -> 1 | K54: 円 | L54: × | O54: × | R54: × | S54: = | T54: =PRODUCT(J54,M54,P54) -> 0 | U54: 円 | V54: {=_xlfn.IFS(T54=0,"",H54="国庫補助金",ROUNDDOWN(T54/2,0),H54="一部自己負担金",ROUNDDOWN((T54-Z54)/2,0),TRUE,T54)} | W54: 円 | X54: {=_xlfn.IFS(T54=0,"",H54="国庫補助金",ROUNDDOWN(T54/2,0),H54="一部自己負担金",ROUNDDOWN((T54-Z54)/2,0))} | Y54: 円 | AA54: 円 | AB54: {=IF($T54=0,"",ROUNDDOWN(_xlfn.IFS($I54="課税",$T54*0.1/1.1,$I54="軽減",$T54*0.08/1.08,$I54="一部非課税",$AD54,I54="非課税",0),0))} | AC54: 円 | AE54: 円
B55: =ROW(B55)-53 -> 2 | K55: 円 | L55: × | O55: × | R55: × | S55: = | T55: =PRODUCT(J55,M55,P55) -> 0 | U55: 円 | V55: {=_xlfn.IFS(T55=0,"",H55="国庫補助金",ROUNDDOWN(T55/2,0),H55="一部自己負担金",ROUNDDOWN((T55-Z55)/2,0),TRUE,T55)} | W55: 円 | X55: {=_xlfn.IFS(T55=0,"",H55="国庫補助金",ROUNDDOWN(T55/2,0),H55="一部自己負担金",ROUNDDOWN((T55-Z55)/2,0))} | Y55: 円 | AA55: 円 | AB55: {=IF($T55=0,"",ROUNDDOWN(_xlfn.IFS($I55="課税",$T55*0.1/1.1,$I55="軽減",$T55*0.08/1.08,$I55="一部非課税",$AD55,I55="非課税",0),0))} | AC55: 円 | AE55: 円
B56: =ROW(B56)-53 -> 3 | K56: 円 | L56: × | O56: × | R56: × | S56: = | T56: =PRODUCT(J56,M56,P56) -> 0 | U56: 円 | V56: {=_xlfn.IFS(T56=0,"",H56="国庫補助金",ROUNDDOWN(T56/2,0),H56="一部自己負担金",ROUNDDOWN((T56-Z56)/2,0),TRUE,T56)} | W56: 円 | X56: {=_xlfn.IFS(T56=0,"",H56="国庫補助金",ROUNDDOWN(T56/2,0),H56="一部自己負担金",ROUNDDOWN((T56-Z56)/2,0))} | Y56: 円 | AA56: 円 | AB56: {=IF($T56=0,"",ROUNDDOWN(_xlfn.IFS($I56="課税",$T56*0.1/1.1,$I56="軽減",$T56*0.08/1.08,$I56="一部非課税",$AD56,I56="非課税",0),0))} | AC56: 円 | AE56: 円
B57: =ROW(B57)-53 -> 4 | K57: 円 | L57: × | O57: × | R57: × | S57: = | T57: =PRODUCT(J57,M57,P57) -> 0 | U57: 円 | V57: {=_xlfn.IFS(T57=0,"",H57="国庫補助金",ROUNDDOWN(T57/2,0),H57="一部自己負担金",ROUNDDOWN((T57-Z57)/2,0),TRUE,T57)} | W57: 円 | X57: {=_xlfn.IFS(T57=0,"",H57="国庫補助金",ROUNDDOWN(T57/2,0),H57="一部自己負担金",ROUNDDOWN((T57-Z57)/2,0))} | Y57: 円 | AA57: 円 | AB57: {=IF($T57=0,"",ROUNDDOWN(_xlfn.IFS($I57="課税",$T57*0.1/1.1,$I57="軽減",$T57*0.08/1.08,$I57="一部非課税",$AD57,I57="非課税",0),0))} | AC57: 円 | AE57: 円
B58: =ROW(B58)-53 -> 5 | K58: 円 | L58: × | O58: × | R58: × | S58: = | T58: =PRODUCT(J58,M58,P58) -> 0 | U58: 円 | V58: {=_xlfn.IFS(T58=0,"",H58="国庫補助金",ROUNDDOWN(T58/2,0),H58="一部自己負担金",ROUNDDOWN((T58-Z58)/2,0),TRUE,T58)} | W58: 円 | X58: {=_xlfn.IFS(T58=0,"",H58="国庫補助金",ROUNDDOWN(T58/2,0),H58="一部自己負担金",ROUNDDOWN((T58-Z58)/2,0))} | Y58: 円 | AA58: 円 | AB58: {=IF($T58=0,"",ROUNDDOWN(_xlfn.IFS($I58="課税",$T58*0.1/1.1,$I58="軽減",$T58*0.08/1.08,$I58="一部非課税",$AD58,I58="非課税",0),0))} | AC58: 円 | AE58: 円
B59: =ROW(B59)-53 -> 6 | K59: 円 | L59: × | O59: × | R59: × | S59: = | T59: =PRODUCT(J59,M59,P59) -> 0 | U59: 円 | V59: {=_xlfn.IFS(T59=0,"",H59="国庫補助金",ROUNDDOWN(T59/2,0),H59="一部自己負担金",ROUNDDOWN((T59-Z59)/2,0),TRUE,T59)} | W59: 円 | X59: {=_xlfn.IFS(T59=0,"",H59="国庫補助金",ROUNDDOWN(T59/2,0),H59="一部自己負担金",ROUNDDOWN((T59-Z59)/2,0))} | Y59: 円 | AA59: 円 | AB59: {=IF($T59=0,"",ROUNDDOWN(_xlfn.IFS($I59="課税",$T59*0.1/1.1,$I59="軽減",$T59*0.08/1.08,$I59="一部非課税",$AD59,I59="非課税",0),0))} | AC59: 円 | AE59: 円
B60: =ROW(B60)-53 -> 7 | K60: 円 | L60: × | O60: × | R60: × | S60: = | T60: =PRODUCT(J60,M60,P60) -> 0 | U60: 円 | V60: {=_xlfn.IFS(T60=0,"",H60="国庫補助金",ROUNDDOWN(T60/2,0),H60="一部自己負担金",ROUNDDOWN((T60-Z60)/2,0),TRUE,T60)} | W60: 円 | X60: {=_xlfn.IFS(T60=0,"",H60="国庫補助金",ROUNDDOWN(T60/2,0),H60="一部自己負担金",ROUNDDOWN((T60-Z60)/2,0))} | Y60: 円 | AA60: 円 | AB60: {=IF($T60=0,"",ROUNDDOWN(_xlfn.IFS($I60="課税",$T60*0.1/1.1,$I60="軽減",$T60*0.08/1.08,$I60="一部非課税",$AD60,I60="非課税",0),0))} | AC60: 円 | AE60: 円
B61: =ROW(B61)-53 -> 8 | K61: 円 | L61: × | O61: × | R61: × | S61: = | T61: =PRODUCT(J61,M61,P61) -> 0 | U61: 円 | V61: {=_xlfn.IFS(T61=0,"",H61="国庫補助金",ROUNDDOWN(T61/2,0),H61="一部自己負担金",ROUNDDOWN((T61-Z61)/2,0),TRUE,T61)} | W61: 円 | X61: {=_xlfn.IFS(T61=0,"",H61="国庫補助金",ROUNDDOWN(T61/2,0),H61="一部自己負担金",ROUNDDOWN((T61-Z61)/2,0))} | Y61: 円 | AA61: 円 | AB61: {=IF($T61=0,"",ROUNDDOWN(_xlfn.IFS($I61="課税",$T61*0.1/1.1,$I61="軽減",$T61*0.08/1.08,$I61="一部非課税",$AD61,I61="非課税",0),0))} | AC61: 円 | AE61: 円
B62: =ROW(B62)-53 -> 9 | K62: 円 | L62: × | O62: × | R62: × | S62: = | T62: =PRODUCT(J62,M62,P62) -> 0 | U62: 円 | V62: {=_xlfn.IFS(T62=0,"",H62="国庫補助金",ROUNDDOWN(T62/2,0),H62="一部自己負担金",ROUNDDOWN((T62-Z62)/2,0),TRUE,T62)} | W62: 円 | X62: {=_xlfn.IFS(T62=0,"",H62="国庫補助金",ROUNDDOWN(T62/2,0),H62="一部自己負担金",ROUNDDOWN((T62-Z62)/2,0))} | Y62: 円 | AA62: 円 | AB62: {=IF($T62=0,"",ROUNDDOWN(_xlfn.IFS($I62="課税",$T62*0.1/1.1,$I62="軽減",$T62*0.08/1.08,$I62="一部非課税",$AD62,I62="非課税",0),0))} | AC62: 円 | AE62: 円
B63: =ROW(B63)-53 -> 10 | K63: 円 | L63: × | O63: × | R63: × | S63: = | T63: =PRODUCT(J63,M63,P63) -> 0 | U63: 円 | V63: {=_xlfn.IFS(T63=0,"",H63="国庫補助金",ROUNDDOWN(T63/2,0),H63="一部自己負担金",ROUNDDOWN((T63-Z63)/2,0),TRUE,T63)} | W63: 円 | X63: {=_xlfn.IFS(T63=0,"",H63="国庫補助金",ROUNDDOWN(T63/2,0),H63="一部自己負担金",ROUNDDOWN((T63-Z63)/2,0))} | Y63: 円 | AA63: 円 | AB63: {=IF($T63=0,"",ROUNDDOWN(_xlfn.IFS($I63="課税",$T63*0.1/1.1,$I63="軽減",$T63*0.08/1.08,$I63="一部非課税",$AD63,I63="非課税",0),0))} | AC63: 円 | AE63: 円
B64: =ROW(B64)-53 -> 11 | K64: 円 | L64: × | O64: × | R64: × | S64: = | T64: =PRODUCT(J64,M64,P64) -> 0 | U64: 円 | V64: {=_xlfn.IFS(T64=0,"",H64="国庫補助金",ROUNDDOWN(T64/2,0),H64="一部自己負担金",ROUNDDOWN((T64-Z64)/2,0),TRUE,T64)} | W64: 円 | X64: {=_xlfn.IFS(T64=0,"",H64="国庫補助金",ROUNDDOWN(T64/2,0),H64="一部自己負担金",ROUNDDOWN((T64-Z64)/2,0))} | Y64: 円 | AA64: 円 | AB64: {=IF($T64=0,"",ROUNDDOWN(_xlfn.IFS($I64="課税",$T64*0.1/1.1,$I64="軽減",$T64*0.08/1.08,$I64="一部非課税",$AD64,I64="非課税",0),0))} | AC64: 円 | AE64: 円
B65: =ROW(B65)-53 -> 12 | K65: 円 | L65: × | O65: × | R65: × | S65: = | T65: =PRODUCT(J65,M65,P65) -> 0 | U65: 円 | V65: {=_xlfn.IFS(T65=0,"",H65="国庫補助金",ROUNDDOWN(T65/2,0),H65="一部自己負担金",ROUNDDOWN((T65-Z65)/2,0),TRUE,T65)} | W65: 円 | X65: {=_xlfn.IFS(T65=0,"",H65="国庫補助金",ROUNDDOWN(T65/2,0),H65="一部自己負担金",ROUNDDOWN((T65-Z65)/2,0))} | Y65: 円 | AA65: 円 | AB65: {=IF($T65=0,"",ROUNDDOWN(_xlfn.IFS($I65="課税",$T65*0.1/1.1,$I65="軽減",$T65*0.08/1.08,$I65="一部非課税",$AD65,I65="非課税",0),0))} | AC65: 円 | AE65: 円
... B153: =ROW(B153)-53 -> 100 | K153: 円 | L153: × | O153: × | R153: × | S153: = | T153: =PRODUCT(J153,M153,P153) -> 0 | U153: 円 | V153: {=_xlfn.IFS(T153=0,"",H153="国庫補助金",ROUNDDOWN(T153/2,0),H153="一部自己負担金",ROUNDDOWN((T153-Z153)/2,0),TRUE,T153)} | W153: 円 | X153: {=_xlfn.IFS(T153=0,"",H153="国庫補助金",ROUNDDOWN(T153/2,0),H153="一部自己負担金",ROUNDDOWN((T153-Z153)/2,0))} | Y153: 円 | AA153: 円 | AB153: {=IF($T153=0,"",ROUNDDOWN(_xlfn.IFS($I153="課税",$T153*0.1/1.1,$I153="軽減",$T153*0.08/1.08,$I153="一部非課税",$AD153,I153="非課税",0),0))} | AC153: 円 | AE153: 円

Sheet ３．海外におけるジャパンブランドの確立・販路開拓活動
A1: （別紙様式４ 別紙 ）令和７年度補正公募
D2: 品目団体名 | E2: =IF(積算内訳書!$F$3="","",積算内訳書!$F$3)
A4: 品目団体輸出力強化緊急支援事業（別紙様式４ 別紙） （３．海外におけるジャパンブランドの確立・販路開拓活動）
B6: 記載の注意点 | N6: 事業者区分（課税・非課税）
B7: 【入力方法】 ● 色のついていないセルについては入力をしないようにご注意ください。（関数等が消去される恐れがあります。） ● 緑色セル（取組番号（C56）や取組名（D56）等）はデータ及び数値等を入力してください。 ● 黄色セル（費目（E56）や負担区分（H56）等）は該当する項目をプルダウンから選択して入力してください。 【団体名】 ● 品目団体名を確認してください。（積算内訳シートで選択した団体名が反映されます。） 【事業者区分】 ● 事業者区分は、消費税の課税対象について「課税・免税」のいずれに該当するか選択してください。 【積算内訳】 ● 補助事業に係る経費の全てを記載してください。 ● 「取組番号」、「取組名」は「別紙様式３（課題提案書）」等にある、事業の内容の「取組内容」、「取組番号」と その「項目」の名称と同一のものを記載ください。 ● 各経費については、「【参考】補助対象経費」シートより、該当する費目を選択してください。 ● 事業の一部を委託する場合は、当該事業に要する経費を記載してください。 ● 備考欄には、区分欄に掲げる経費の根拠（経費内容）を詳細に記載してください。 なお、備考欄に記載内容がおさまらない場合は、別葉としても構いません。 ● 人件費、謝金及び賃金については、その単価の根拠資料を添付してください。 ● 「負担区分」については、「国庫補助金」及び「一部自己負担金」から選択してください。 「一部自己負担金」を選択した場合には、「うち、自己 負担額」に該当金額を記載してください。 ● 「消費税区分」については、「課税」、「一部非課税」、「非課税」及び「軽減」から選択してください。 「一部非課税」を選択した場合は、「一部非課税の消費税額」欄に該当経費にかかる消費税額を入力してください。 ● 「数量」には、「単価（税込）×個数1」あるいは「単価（税込）×個数1×個数2」の形で入力ください。 (例)謝金：25,000円×2人×3回 ● 「証拠書類番号」は金額の根拠となる別添資料番号（見積書番号等）を入力してください。 【その他】 ● 行の追加は以下の手順で行ってください。 ※追加したい箇所の行番号（表内のNoでなく、左端のグレー部分）をクリックして「コピー」→右クリック→「コピーしたセルの挿入」で計算式が反映された「行」が追加されます。
N9: 【事業費（費目ごと）】
N10: 費目 | T10: 合計 | V10: 負担区分 | Z10: 消費税額 | AF10: 合計 | AH10: 国庫補助金 | AJ10: 自己負担金 | AL10: 消費税額 | AN10: （G）詳細
V11: 国庫補助金 | X11: 自己負担金 | AF11: 入力中関数 | AG11: 初期関数 | AH11: 入力中関数 | AI11: 初期関数 | AJ11: 入力中関数 | AK11: 初期関数 | AL11: 入力中関数 | AM11: 初期関数
N12: 人件費 | T12: =SUMIF($E$56:$E$155,N12,$T$56:$T$155) -> 0 | U12: 円 | V12: =SUMIFS($V$56:$V$155,$E$56:$E$155,$N12) -> 0 | W12: 円 | X12: =SUMIFS($X$56:$X$155,$E$56:$E$155,$N12) -> 0 | Y12: 円 | Z12: =SUMIFS($Z$56:$Z$155,$E$56:$E$155,$N12) -> 0 | AA12: 円 | AF12: =_xlfn.FORMULATEXT(T12) -> =SUMIF($E$56:$E$155,N12,$T$56:$T$155) | AG12: =SUMIF($E$56:$E$155,N12,$T$56:$T$155) | AH12: =_xlfn.FORMULATEXT(V12) -> =SUMIFS($V$56:$V$155,$E$56:$E$155,$N12) | AI12: =SUMIFS($V$56:$V$155,$E$56:$E$155,$N12) | AJ12: =_xlfn.FORMULATEXT(X12) -> =SUMIFS($X$56:$X$155,$E$56:$E$155,$N12) | AK12: =SUMIFS($X$56:$X$155,$E$56:$E$155,$N12) | AL12: =_xlfn.FORMULATEXT(Z12) -> =SUMIFS($Z$56:$Z$155,$E$56:$E$155,$N12) | AM12: =SUMIFS($Z$56:$Z$155,$E$56:$E$155,$N12) | AN12: =IF(AND(AF12=AG12,AH12=AI12,AJ12=AK12,AL12=AM12),"","×")
N13: 謝金 | T13: =SUMIF($E$56:$E$155,N13,$T$56:$T$155) -> 0 | U13: 円 | V13: =SUMIFS($V$56:$V$155,$E$56:$E$155,$N13) -> 0 | W13: 円 | X13: =SUMIFS($X$56:$X$155,$E$56:$E$155,$N13) -> 0 | Y13: 円 | Z13: =SUMIFS($Z$56:$Z$155,$E$56:$E$155,$N13) -> 0 | AA13: 円 | AF13: =_xlfn.FORMULATEXT(T13) -> =SUMIF($E$56:$E$155,N13,$T$56:$T$155) | AG13: =SUMIF($E$56:$E$155,N13,$T$56:$T$155) | AH13: =_xlfn.FORMULATEXT(V13) -> =SUMIFS($V$56:$V$155,$E$56:$E$155,$N13) | AI13: =SUMIFS($V$56:$V$155,$E$56:$E$155,$N13) | AJ13: =_xlfn.FORMULATEXT(X13) -> =SUMIFS($X$56:$X$155,$E$56:$E$155,$N13) | AK13: =SUMIFS($X$56:$X$155,$E$56:$E$155,$N13) | AL13: =_xlfn.FORMULATEXT(Z13) -> =SUMIFS($Z$56:$Z$155,$E$56:$E$155,$N13) | AM13: =SUMIFS($Z$56:$Z$155,$E$56:$E$155,$N13) | AN13: =IF(AND(AF13=AG13,AH13=AI13,AJ13=AK13,AL13=AM13),"","×")
N14: 賃金 | T14: =SUMIF($E$56:$E$155,N14,$T$56:$T$155) -> 0 | U14: 円 | V14: =SUMIFS($V$56:$V$155,$E$56:$E$155,$N14) -> 0 | W14: 円 | X14: =SUMIFS($X$56:$X$155,$E$56:$E$155,$N14) -> 0 | Y14: 円 | Z14: =SUMIFS($Z$56:$Z$155,$E$56:$E$155,$N14) -> 0 | AA14: 円 | AF14: =_xlfn.FORMULATEXT(T14) -> =SUMIF($E$56:$E$155,N14,$T$56:$T$155) | AG14: =SUMIF($E$56:$E$155,N14,$T$56:$T$155) | AH14: =_xlfn.FORMULATEXT(V14) -> =SUMIFS($V$56:$V$155,$E$56:$E$155,$N14) | AI14: =SUMIFS($V$56:$V$155,$E$56:$E$155,$N14) | AJ14: =_xlfn.FORMULATEXT(X14) -> =SUMIFS($X$56:$X$155,$E$56:$E$155,$N14) | AK14: =SUMIFS($X$56:$X$155,$E$56:$E$155,$N14) | AL14: =_xlfn.FORMULATEXT(Z14) -> =SUMIFS($Z$56:$Z$155,$E$56:$E$155,$N14) | AM14: =SUMIFS($Z$56:$Z$155,$E$56:$E$155,$N14) | AN14: =IF(AND(AF14=AG14,AH14=AI14,AJ14=AK14,AL14=AM14),"","×")
N15: 旅費 | T15: =SUMIF($E$56:$E$155,N15,$T$56:$T$155) -> 0 | U15: 円 | V15: =SUMIFS($V$56:$V$155,$E$56:$E$155,$N15) -> 0 | W15: 円 | X15: =SUMIFS($X$56:$X$155,$E$56:$E$155,$N15) -> 0 | Y15: 円 | Z15: =SUMIFS($Z$56:$Z$155,$E$56:$E$155,$N15) -> 0 | AA15: 円 | AF15: =_xlfn.FORMULATEXT(T15) -> =SUMIF($E$56:$E$155,N15,$T$56:$T$155) | AG15: =SUMIF($E$56:$E$155,N15,$T$56:$T$155) | AH15: =_xlfn.FORMULATEXT(V15) -> =SUMIFS($V$56:$V$155,$E$56:$E$155,$N15) | AI15: =SUMIFS($V$56:$V$155,$E$56:$E$155,$N15) | AJ15: =_xlfn.FORMULATEXT(X15) -> =SUMIFS($X$56:$X$155,$E$56:$E$155,$N15) | AK15: =SUMIFS($X$56:$X$155,$E$56:$E$155,$N15) | AL15: =_xlfn.FORMULATEXT(Z15) -> =SUMIFS($Z$56:$Z$155,$E$56:$E$155,$N15) | AM15: =SUMIFS($Z$56:$Z$155,$E$56:$E$155,$N15) | AN15: =IF(AND(AF15=AG15,AH15=AI15,AJ15=AK15,AL15=AM15),"","×")
N16: 賃借料及び使用料 | T16: =SUMIF($E$56:$E$155,N16,$T$56:$T$155) -> 0 | U16: 円 | V16: =SUMIFS($V$56:$V$155,$E$56:$E$155,$N16) -> 0 | W16: 円 | X16: =SUMIFS($X$56:$X$155,$E$56:$E$155,$N16) -> 0 | Y16: 円 | Z16: =SUMIFS($Z$56:$Z$155,$E$56:$E$155,$N16) -> 0 | AA16: 円 | AF16: =_xlfn.FORMULATEXT(T16) -> =SUMIF($E$56:$E$155,N16,$T$56:$T$155) | AG16: =SUMIF($E$56:$E$155,N16,$T$56:$T$155) | AH16: =_xlfn.FORMULATEXT(V16) -> =SUMIFS($V$56:$V$155,$E$56:$E$155,$N16) | AI16: =SUMIFS($V$56:$V$155,$E$56:$E$155,$N16) | AJ16: =_xlfn.FORMULATEXT(X16) -> =SUMIFS($X$56:$X$155,$E$56:$E$155,$N16) | AK16: =SUMIFS($X$56:$X$155,$E$56:$E$155,$N16) | AL16: =_xlfn.FORMULATEXT(Z16) -> =SUMIFS($Z$56:$Z$155,$E$56:$E$155,$N16) | AM16: =SUMIFS($Z$56:$Z$155,$E$56:$E$155,$N16) | AN16: =IF(AND(AF16=AG16,AH16=AI16,AJ16=AK16,AL16=AM16),"","×")
N17: 広告宣伝費 | T17: =SUMIF($E$56:$E$155,N17,$T$56:$T$155) -> 0 | U17: 円 | V17: =SUMIFS($V$56:$V$155,$E$56:$E$155,$N17) -> 0 | W17: 円 | X17: =SUMIFS($X$56:$X$155,$E$56:$E$155,$N17) -> 0 | Y17: 円 | Z17: =SUMIFS($Z$56:$Z$155,$E$56:$E$155,$N17) -> 0 | AA17: 円 | AF17: =_xlfn.FORMULATEXT(T17) -> =SUMIF($E$56:$E$155,N17,$T$56:$T$155) | AG17: =SUMIF($E$56:$E$155,N17,$T$56:$T$155) | AH17: =_xlfn.FORMULATEXT(V17) -> =SUMIFS($V$56:$V$155,$E$56:$E$155,$N17) | AI17: =SUMIFS($V$56:$V$155,$E$56:$E$155,$N17) | AJ17: =_xlfn.FORMULATEXT(X17) -> =SUMIFS($X$56:$X$155,$E$56:$E$155,$N17) | AK17: =SUMIFS($X$56:$X$155,$E$56:$E$155,$N17) | AL17: =_xlfn.FORMULATEXT(Z17) -> =SUMIFS($Z$56:$Z$155,$E$56:$E$155,$N17) | AM17: =SUMIFS($Z$56:$Z$155,$E$56:$E$155,$N17) | AN17: =IF(AND(AF17=AG17,AH17=AI17,AJ17=AK17,AL17=AM17),"","×")
N18: 輸送費 | T18: =SUMIF($E$56:$E$155,N18,$T$56:$T$155) -> 0 | U18: 円 | V18: =SUMIFS($V$56:$V$155,$E$56:$E$155,$N18) -> 0 | W18: 円 | X18: =SUMIFS($X$56:$X$155,$E$56:$E$155,$N18) -> 0 | Y18: 円 | Z18: =SUMIFS($Z$56:$Z$155,$E$56:$E$155,$N18) -> 0 | AA18: 円 | AF18: =_xlfn.FORMULATEXT(T18) -> =SUMIF($E$56:$E$155,N18,$T$56:$T$155) | AG18: =SUMIF($E$56:$E$155,N18,$T$56:$T$155) | AH18: =_xlfn.FORMULATEXT(V18) -> =SUMIFS($V$56:$V$155,$E$56:$E$155,$N18) | AI18: =SUMIFS($V$56:$V$155,$E$56:$E$155,$N18) | AJ18: =_xlfn.FORMULATEXT(X18) -> =SUMIFS($X$56:$X$155,$E$56:$E$155,$N18) | AK18: =SUMIFS($X$56:$X$155,$E$56:$E$155,$N18) | AL18: =_xlfn.FORMULATEXT(Z18) -> =SUMIFS($Z$56:$Z$155,$E$56:$E$155,$N18) | AM18: =SUMIFS($Z$56:$Z$155,$E$56:$E$155,$N18) | AN18: =IF(AND(AF18=AG18,AH18=AI18,AJ18=AK18,AL18=AM18),"","×")
N19: 役務費 | T19: =SUMIF($E$56:$E$155,N19,$T$56:$T$155) -> 0 | U19: 円 | V19: =SUMIFS($V$56:$V$155,$E$56:$E$155,$N19) -> 0 | W19: 円 | X19: =SUMIFS($X$56:$X$155,$E$56:$E$155,$N19) -> 0 | Y19: 円 | Z19: =SUMIFS($Z$56:$Z$155,$E$56:$E$155,$N19) -> 0 | AA19: 円 | AF19: =_xlfn.FORMULATEXT(T19) -> =SUMIF($E$56:$E$155,N19,$T$56:$T$155) | AG19: =SUMIF($E$56:$E$155,N19,$T$56:$T$155) | AH19: =_xlfn.FORMULATEXT(V19) -> =SUMIFS($V$56:$V$155,$E$56:$E$155,$N19) | AI19: =SUMIFS($V$56:$V$155,$E$56:$E$155,$N19) | AJ19: =_xlfn.FORMULATEXT(X19) -> =SUMIFS($X$56:$X$155,$E$56:$E$155,$N19) | AK19: =SUMIFS($X$56:$X$155,$E$56:$E$155,$N19) | AL19: =_xlfn.FORMULATEXT(Z19) -> =SUMIFS($Z$56:$Z$155,$E$56:$E$155,$N19) | AM19: =SUMIFS($Z$56:$Z$155,$E$56:$E$155,$N19) | AN19: =IF(AND(AF19=AG19,AH19=AI19,AJ19=AK19,AL19=AM19),"","×")
N20: 印刷製本費 | T20: =SUMIF($E$56:$E$155,N20,$T$56:$T$155) -> 0 | U20: 円 | V20: =SUMIFS($V$56:$V$155,$E$56:$E$155,$N20) -> 0 | W20: 円 | X20: =SUMIFS($X$56:$X$155,$E$56:$E$155,$N20) -> 0 | Y20: 円 | Z20: =SUMIFS($Z$56:$Z$155,$E$56:$E$155,$N20) -> 0 | AA20: 円 | AF20: =_xlfn.FORMULATEXT(T20) -> =SUMIF($E$56:$E$155,N20,$T$56:$T$155) | AG20: =SUMIF($E$56:$E$155,N20,$T$56:$T$155) | AH20: =_xlfn.FORMULATEXT(V20) -> =SUMIFS($V$56:$V$155,$E$56:$E$155,$N20) | AI20: =SUMIFS($V$56:$V$155,$E$56:$E$155,$N20) | AJ20: =_xlfn.FORMULATEXT(X20) -> =SUMIFS($X$56:$X$155,$E$56:$E$155,$N20) | AK20: =SUMIFS($X$56:$X$155,$E$56:$E$155,$N20) | AL20: =_xlfn.FORMULATEXT(Z20) -> =SUMIFS($Z$56:$Z$155,$E$56:$E$155,$N20) | AM20: =SUMIFS($Z$56:$Z$155,$E$56:$E$155,$N20) | AN20: =IF(AND(AF20=AG20,AH20=AI20,AJ20=AK20,AL20=AM20),"","×")
N21: 消耗品費 | T21: =SUMIF($E$56:$E$155,N21,$T$56:$T$155) -> 0 | U21: 円 | V21: =SUMIFS($V$56:$V$155,$E$56:$E$155,$N21) -> 0 | W21: 円 | X21: =SUMIFS($X$56:$X$155,$E$56:$E$155,$N21) -> 0 | Y21: 円 | Z21: =SUMIFS($Z$56:$Z$155,$E$56:$E$155,$N21) -> 0 | AA21: 円 | AF21: =_xlfn.FORMULATEXT(T21) -> =SUMIF($E$56:$E$155,N21,$T$56:$T$155) | AG21: =SUMIF($E$56:$E$155,N21,$T$56:$T$155) | AH21: =_xlfn.FORMULATEXT(V21) -> =SUMIFS($V$56:$V$155,$E$56:$E$155,$N21) | AI21: =SUMIFS($V$56:$V$155,$E$56:$E$155,$N21) | AJ21: =_xlfn.FORMULATEXT(X21) -> =SUMIFS($X$56:$X$155,$E$56:$E$155,$N21) | AK21: =SUMIFS($X$56:$X$155,$E$56:$E$155,$N21) | AL21: =_xlfn.FORMULATEXT(Z21) -> =SUMIFS($Z$56:$Z$155,$E$56:$E$155,$N21) | AM21: =SUMIFS($Z$56:$Z$155,$E$56:$E$155,$N21) | AN21: =IF(AND(AF21=AG21,AH21=AI21,AJ21=AK21,AL21=AM21),"","×")
N22: 機器・備品費 | T22: =SUMIF($E$56:$E$155,N22,$T$56:$T$155) -> 0 | U22: 円 | V22: =SUMIFS($V$56:$V$155,$E$56:$E$155,$N22) -> 0 | W22: 円 | X22: =SUMIFS($X$56:$X$155,$E$56:$E$155,$N22) -> 0 | Y22: 円 | Z22: =SUMIFS($Z$56:$Z$155,$E$56:$E$155,$N22) -> 0 | AA22: 円 | AF22: =_xlfn.FORMULATEXT(T22) -> =SUMIF($E$56:$E$155,N22,$T$56:$T$155) | AG22: =SUMIF($E$56:$E$155,N22,$T$56:$T$155) | AH22: =_xlfn.FORMULATEXT(V22) -> =SUMIFS($V$56:$V$155,$E$56:$E$155,$N22) | AI22: =SUMIFS($V$56:$V$155,$E$56:$E$155,$N22) | AJ22: =_xlfn.FORMULATEXT(X22) -> =SUMIFS($X$56:$X$155,$E$56:$E$155,$N22) | AK22: =SUMIFS($X$56:$X$155,$E$56:$E$155,$N22) | AL22: =_xlfn.FORMULATEXT(Z22) -> =SUMIFS($Z$56:$Z$155,$E$56:$E$155,$N22) | AM22: =SUMIFS($Z$56:$Z$155,$E$56:$E$155,$N22) | AN22: =IF(AND(AF22=AG22,AH22=AI22,AJ22=AK22,AL22=AM22),"","×")
N23: 借上げ費 | T23: =SUMIF($E$56:$E$155,N23,$T$56:$T$155) -> 0 | U23: 円 | V23: =SUMIFS($V$56:$V$155,$E$56:$E$155,$N23) -> 0 | W23: 円 | X23: =SUMIFS($X$56:$X$155,$E$56:$E$155,$N23) -> 0 | Y23: 円 | Z23: =SUMIFS($Z$56:$Z$155,$E$56:$E$155,$N23) -> 0 | AA23: 円 | AF23: =_xlfn.FORMULATEXT(T23) -> =SUMIF($E$56:$E$155,N23,$T$56:$T$155) | AG23: =SUMIF($E$56:$E$155,N23,$T$56:$T$155) | AH23: =_xlfn.FORMULATEXT(V23) -> =SUMIFS($V$56:$V$155,$E$56:$E$155,$N23) | AI23: =SUMIFS($V$56:$V$155,$E$56:$E$155,$N23) | AJ23: =_xlfn.FORMULATEXT(X23) -> =SUMIFS($X$56:$X$155,$E$56:$E$155,$N23) | AK23: =SUMIFS($X$56:$X$155,$E$56:$E$155,$N23) | AL23: =_xlfn.FORMULATEXT(Z23) -> =SUMIFS($Z$56:$Z$155,$E$56:$E$155,$N23) | AM23: =SUMIFS($Z$56:$Z$155,$E$56:$E$155,$N23) | AN23: =IF(AND(AF23=AG23,AH23=AI23,AJ23=AK23,AL23=AM23),"","×")
... N25: その他 | T25: =SUMIF($E$56:$E$155,N25,$T$56:$T$155) -> 0 | U25: 円 | V25: =SUMIFS($V$56:$V$155,$E$56:$E$155,$N25) -> 0 | W25: 円 | X25: =SUMIFS($X$56:$X$155,$E$56:$E$155,$N25) -> 0 | Y25: 円 | Z25: =SUMIFS($Z$56:$Z$155,$E$56:$E$155,$N25) -> 0 | AA25: 円 | AF25: =_xlfn.FORMULATEXT(T25) -> =SUMIF($E$56:$E$155,N25,$T$56:$T$155) | AG25: =SUMIF($E$56:$E$155,N25,$T$56:$T$155) | AH25: =_xlfn.FORMULATEXT(V25) -> =SUMIFS($V$56:$V$155,$E$56:$E$155,$N25) | AI25: =SUMIFS($V$56:$V$155,$E$56:$E$155,$N25) | AJ25: =_xlfn.FORMULATEXT(X25) -> =SUMIFS($X$56:$X$155,$E$56:$E$155,$N25) | AK25: =SUMIFS($X$56:$X$155,$E$56:$E$155,$N25) | AL25: =_xlfn.FORMULATEXT(Z25) -> =SUMIFS($Z$56:$Z$155,$E$56:$E$155,$N25) | AM25: =SUMIFS($Z$56:$Z$155,$E$56:$E$155,$N25) | AN25: =IF(AND(AF25=AG25,AH25=AI25,AJ25=AK25,AL25=AM25),"","×")
N26: 事業費合計 | T26: =SUM(T12:T25) -> 0 | U26: 円 | V26: =SUM(V12:V25) -> 0 | W26: 円 | X26: =SUM(X12:X25) -> 0 | Y26: 円 | Z26: =SUM(Z12:Z25) -> 0 | AA26: 円 | AF26: =_xlfn.FORMULATEXT(T26) -> =SUM(T12:T25) | AG26: =SUM(T12:T25) | AH26: =_xlfn.FORMULATEXT(V26) -> =SUM(V12:V25) | AI26: =SUM(V12:V25) | AJ26: =_xlfn.FORMULATEXT(X26) -> =SUM(X12:X25) | AK26: =SUM(X12:X25) | AL26: =_xlfn.FORMULATEXT(Z26) -> =SUM(Z12:Z25) | AM26: =SUM(Z12:Z25) | AN26: =IF(AND(AF26=AG26,AH26=AI26,AJ26=AK26,AL26=AM26),"","×")
N28: 【事業費（取組ごと）】
N29: 取組 番号 | O29: 取組名 | T29: 合計 | V29: 負担区分 | Z29: 消費税額 | AF29: 取組名 | AH29: 合計 | AJ29: 国庫補助金 | AL29: 自己負担金 | AN29: 消費税額 | AP29: （H）詳細
V30: 国庫補助金 | X30: 自己負担金 | AF30: 入力中関数 | AG30: 初期関数 | AH30: 入力中関数 | AI30: 初期関数 | AJ30: 入力中関数 | AK30: 初期関数 | AL30: 入力中関数 | AM30: 初期関数 | AN30: 入力中関数 | AO30: 初期関数
N31: 1 | O31: =IFERROR(VLOOKUP($N31,$C$56:$D$155,2,FALSE),"") | T31: =IF(O31="","",SUMIF($C$56:$C$155,$N31,$T$56:$T$155)) | U31: 円 | V31: =IF(O31="","",SUMIF($C$56:$C$155,$N31,$V$56:$V$155)) | W31: 円 | X31: =IF(O31="","",SUMIF($C$56:$C$155,$N31,$X$56:$X$155)) | Y31: 円 | Z31: =IF(T31="","",SUMIF($C$56:$C$155,$N31,$Z$56:$Z$155)) | AA31: 円 | AF31: =_xlfn.FORMULATEXT(O31) -> =IFERROR(VLOOKUP($N31,$C$56:$D$155,2,FALSE),"") | AG31: =IFERROR(VLOOKUP($N31,$C$56:$D$155,2,FALSE),"") | AH31: =_xlfn.FORMULATEXT(T31) -> =IF(O31="","",SUMIF($C$56:$C$155,$N31,$T$56:$T$155)) | AI31: =IF(O31="","",SUMIF($C$56:$C$155,$N31,$T$56:$T$155)) | AJ31: =_xlfn.FORMULATEXT(V31) -> =IF(O31="","",SUMIF($C$56:$C$155,$N31,$V$56:$V$155)) | AK31: =IF(O31="","",SUMIF($C$56:$C$155,$N31,$V$56:$V$155)) | AL31: =_xlfn.FORMULATEXT(X31) -> =IF(O31="","",SUMIF($C$56:$C$155,$N31,$X$56:$X$155)) | AM31: =IF(O31="","",SUMIF($C$56:$C$155,$N31,$X$56:$X$155)) | AN31: =_xlfn.FORMULATEXT(Z31) -> =IF(T31="","",SUMIF($C$56:$C$155,$N31,$Z$56:$Z$155)) | AO31: =IF(T31="","",SUMIF($C$56:$C$155,$N31,$Z$56:$Z$155)) | AP31: =IF(AND(AF31=AG31,AH31=AI31,AJ31=AK31,AL31=AM31,AN31=AO31),"","×")
N32: 2 | O32: =IFERROR(VLOOKUP($N32,$C$56:$D$155,2,FALSE),"") | T32: =IF(O32="","",SUMIF($C$56:$C$155,$N32,$T$56:$T$155)) | U32: 円 | V32: =IF(O32="","",SUMIF($C$56:$C$155,$N32,$V$56:$V$155)) | W32: 円 | X32: =IF(O32="","",SUMIF($C$56:$C$155,$N32,$X$56:$X$155)) | Y32: 円 | Z32: =IF(T32="","",SUMIF($C$56:$C$155,$N32,$Z$56:$Z$155)) | AA32: 円 | AF32: =_xlfn.FORMULATEXT(O32) -> =IFERROR(VLOOKUP($N32,$C$56:$D$155,2,FALSE),"") | AG32: =IFERROR(VLOOKUP($N32,$C$56:$D$155,2,FALSE),"") | AH32: =_xlfn.FORMULATEXT(T32) -> =IF(O32="","",SUMIF($C$56:$C$155,$N32,$T$56:$T$155)) | AI32: =IF(O32="","",SUMIF($C$56:$C$155,$N32,$T$56:$T$155)) | AJ32: =_xlfn.FORMULATEXT(V32) -> =IF(O32="","",SUMIF($C$56:$C$155,$N32,$V$56:$V$155)) | AK32: =IF(O32="","",SUMIF($C$56:$C$155,$N32,$V$56:$V$155)) | AL32: =_xlfn.FORMULATEXT(X32) -> =IF(O32="","",SUMIF($C$56:$C$155,$N32,$X$56:$X$155)) | AM32: =IF(O32="","",SUMIF($C$56:$C$155,$N32,$X$56:$X$155)) | AN32: =_xlfn.FORMULATEXT(Z32) -> =IF(T32="","",SUMIF($C$56:$C$155,$N32,$Z$56:$Z$155)) | AO32: =IF(T32="","",SUMIF($C$56:$C$155,$N32,$Z$56:$Z$155)) | AP32: =IF(AND(AF32=AG32,AH32=AI32,AJ32=AK32,AL32=AM32,AN32=AO32),"","×")
N33: 3 | O33: =IFERROR(VLOOKUP($N33,$C$56:$D$155,2,FALSE),"") | T33: =IF(O33="","",SUMIF($C$56:$C$155,$N33,$T$56:$T$155)) | U33: 円 | V33: =IF(O33="","",SUMIF($C$56:$C$155,$N33,$V$56:$V$155)) | W33: 円 | X33: =IF(O33="","",SUMIF($C$56:$C$155,$N33,$X$56:$X$155)) | Y33: 円 | Z33: =IF(T33="","",SUMIF($C$56:$C$155,$N33,$Z$56:$Z$155)) | AA33: 円 | AF33: =_xlfn.FORMULATEXT(O33) -> =IFERROR(VLOOKUP($N33,$C$56:$D$155,2,FALSE),"") | AG33: =IFERROR(VLOOKUP($N33,$C$56:$D$155,2,FALSE),"") | AH33: =_xlfn.FORMULATEXT(T33) -> =IF(O33="","",SUMIF($C$56:$C$155,$N33,$T$56:$T$155)) | AI33: =IF(O33="","",SUMIF($C$56:$C$155,$N33,$T$56:$T$155)) | AJ33: =_xlfn.FORMULATEXT(V33) -> =IF(O33="","",SUMIF($C$56:$C$155,$N33,$V$56:$V$155)) | AK33: =IF(O33="","",SUMIF($C$56:$C$155,$N33,$V$56:$V$155)) | AL33: =_xlfn.FORMULATEXT(X33) -> =IF(O33="","",SUMIF($C$56:$C$155,$N33,$X$56:$X$155)) | AM33: =IF(O33="","",SUMIF($C$56:$C$155,$N33,$X$56:$X$155)) | AN33: =_xlfn.FORMULATEXT(Z33) -> =IF(T33="","",SUMIF($C$56:$C$155,$N33,$Z$56:$Z$155)) | AO33: =IF(T33="","",SUMIF($C$56:$C$155,$N33,$Z$56:$Z$155)) | AP33: =IF(AND(AF33=AG33,AH33=AI33,AJ33=AK33,AL33=AM33,AN33=AO33),"","×")
N34: 4 | O34: =IFERROR(VLOOKUP($N34,$C$56:$D$155,2,FALSE),"") | T34: =IF(O34="","",SUMIF($C$56:$C$155,$N34,$T$56:$T$155)) | U34: 円 | V34: =IF(O34="","",SUMIF($C$56:$C$155,$N34,$V$56:$V$155)) | W34: 円 | X34: =IF(O34="","",SUMIF($C$56:$C$155,$N34,$X$56:$X$155)) | Y34: 円 | Z34: =IF(T34="","",SUMIF($C$56:$C$155,$N34,$Z$56:$Z$155)) | AA34: 円 | AF34: =_xlfn.FORMULATEXT(O34) -> =IFERROR(VLOOKUP($N34,$C$56:$D$155,2,FALSE),"") | AG34: =IFERROR(VLOOKUP($N34,$C$56:$D$155,2,FALSE),"") | AH34: =_xlfn.FORMULATEXT(T34) -> =IF(O34="","",SUMIF($C$56:$C$155,$N34,$T$56:$T$155)) | AI34: =IF(O34="","",SUMIF($C$56:$C$155,$N34,$T$56:$T$155)) | AJ34: =_xlfn.FORMULATEXT(V34) -> =IF(O34="","",SUMIF($C$56:$C$155,$N34,$V$56:$V$155)) | AK34: =IF(O34="","",SUMIF($C$56:$C$155,$N34,$V$56:$V$155)) | AL34: =_xlfn.FORMULATEXT(X34) -> =IF(O34="","",SUMIF($C$56:$C$155,$N34,$X$56:$X$155)) | AM34: =IF(O34="","",SUMIF($C$56:$C$155,$N34,$X$56:$X$155)) | AN34: =_xlfn.FORMULATEXT(Z34) -> =IF(T34="","",SUMIF($C$56:$C$155,$N34,$Z$56:$Z$155)) | AO34: =IF(T34="","",SUMIF($C$56:$C$155,$N34,$Z$56:$Z$155)) | AP34: =IF(AND(AF34=AG34,AH34=AI34,AJ34=AK34,AL34=AM34,AN34=AO34),"","×")
N35: 5 | O35: =IFERROR(VLOOKUP($N35,$C$56:$D$155,2,FALSE),"") | T35: =IF(O35="","",SUMIF($C$56:$C$155,$N35,$T$56:$T$155)) | U35: 円 | V35: =IF(O35="","",SUMIF($C$56:$C$155,$N35,$V$56:$V$155)) | W35: 円 | X35: =IF(O35="","",SUMIF($C$56:$C$155,$N35,$X$56:$X$155)) | Y35: 円 | Z35: =IF(T35="","",SUMIF($C$56:$C$155,$N35,$Z$56:$Z$155)) | AA35: 円 | AF35: =_xlfn.FORMULATEXT(O35) -> =IFERROR(VLOOKUP($N35,$C$56:$D$155,2,FALSE),"") | AG35: =IFERROR(VLOOKUP($N35,$C$56:$D$155,2,FALSE),"") | AH35: =_xlfn.FORMULATEXT(T35) -> =IF(O35="","",SUMIF($C$56:$C$155,$N35,$T$56:$T$155)) | AI35: =IF(O35="","",SUMIF($C$56:$C$155,$N35,$T$56:$T$155)) | AJ35: =_xlfn.FORMULATEXT(V35) -> =IF(O35="","",SUMIF($C$56:$C$155,$N35,$V$56:$V$155)) | AK35: =IF(O35="","",SUMIF($C$56:$C$155,$N35,$V$56:$V$155)) | AL35: =_xlfn.FORMULATEXT(X35) -> =IF(O35="","",SUMIF($C$56:$C$155,$N35,$X$56:$X$155)) | AM35: =IF(O35="","",SUMIF($C$56:$C$155,$N35,$X$56:$X$155)) | AN35: =_xlfn.FORMULATEXT(Z35) -> =IF(T35="","",SUMIF($C$56:$C$155,$N35,$Z$56:$Z$155)) | AO35: =IF(T35="","",SUMIF($C$56:$C$155,$N35,$Z$56:$Z$155)) | AP35: =IF(AND(AF35=AG35,AH35=AI35,AJ35=AK35,AL35=AM35,AN35=AO35),"","×")
N36: 6 | O36: =IFERROR(VLOOKUP($N36,$C$56:$D$155,2,FALSE),"") | T36: =IF(O36="","",SUMIF($C$56:$C$155,$N36,$T$56:$T$155)) | U36: 円 | V36: =IF(O36="","",SUMIF($C$56:$C$155,$N36,$V$56:$V$155)) | W36: 円 | X36: =IF(O36="","",SUMIF($C$56:$C$155,$N36,$X$56:$X$155)) | Y36: 円 | Z36: =IF(T36="","",SUMIF($C$56:$C$155,$N36,$Z$56:$Z$155)) | AA36: 円 | AF36: =_xlfn.FORMULATEXT(O36) -> =IFERROR(VLOOKUP($N36,$C$56:$D$155,2,FALSE),"") | AG36: =IFERROR(VLOOKUP($N36,$C$56:$D$155,2,FALSE),"") | AH36: =_xlfn.FORMULATEXT(T36) -> =IF(O36="","",SUMIF($C$56:$C$155,$N36,$T$56:$T$155)) | AI36: =IF(O36="","",SUMIF($C$56:$C$155,$N36,$T$56:$T$155)) | AJ36: =_xlfn.FORMULATEXT(V36) -> =IF(O36="","",SUMIF($C$56:$C$155,$N36,$V$56:$V$155)) | AK36: =IF(O36="","",SUMIF($C$56:$C$155,$N36,$V$56:$V$155)) | AL36: =_xlfn.FORMULATEXT(X36) -> =IF(O36="","",SUMIF($C$56:$C$155,$N36,$X$56:$X$155)) | AM36: =IF(O36="","",SUMIF($C$56:$C$155,$N36,$X$56:$X$155)) | AN36: =_xlfn.FORMULATEXT(Z36) -> =IF(T36="","",SUMIF($C$56:$C$155,$N36,$Z$56:$Z$155)) | AO36: =IF(T36="","",SUMIF($C$56:$C$155,$N36,$Z$56:$Z$155)) | AP36: =IF(AND(AF36=AG36,AH36=AI36,AJ36=AK36,AL36=AM36,AN36=AO36),"","×")
N37: 7 | O37: =IFERROR(VLOOKUP($N37,$C$56:$D$155,2,FALSE),"") | T37: =IF(O37="","",SUMIF($C$56:$C$155,$N37,$T$56:$T$155)) | U37: 円 | V37: =IF(O37="","",SUMIF($C$56:$C$155,$N37,$V$56:$V$155)) | W37: 円 | X37: =IF(O37="","",SUMIF($C$56:$C$155,$N37,$X$56:$X$155)) | Y37: 円 | Z37: =IF(T37="","",SUMIF($C$56:$C$155,$N37,$Z$56:$Z$155)) | AA37: 円 | AF37: =_xlfn.FORMULATEXT(O37) -> =IFERROR(VLOOKUP($N37,$C$56:$D$155,2,FALSE),"") | AG37: =IFERROR(VLOOKUP($N37,$C$56:$D$155,2,FALSE),"") | AH37: =_xlfn.FORMULATEXT(T37) -> =IF(O37="","",SUMIF($C$56:$C$155,$N37,$T$56:$T$155)) | AI37: =IF(O37="","",SUMIF($C$56:$C$155,$N37,$T$56:$T$155)) | AJ37: =_xlfn.FORMULATEXT(V37) -> =IF(O37="","",SUMIF($C$56:$C$155,$N37,$V$56:$V$155)) | AK37: =IF(O37="","",SUMIF($C$56:$C$155,$N37,$V$56:$V$155)) | AL37: =_xlfn.FORMULATEXT(X37) -> =IF(O37="","",SUMIF($C$56:$C$155,$N37,$X$56:$X$155)) | AM37: =IF(O37="","",SUMIF($C$56:$C$155,$N37,$X$56:$X$155)) | AN37: =_xlfn.FORMULATEXT(Z37) -> =IF(T37="","",SUMIF($C$56:$C$155,$N37,$Z$56:$Z$155)) | AO37: =IF(T37="","",SUMIF($C$56:$C$155,$N37,$Z$56:$Z$155)) | AP37: =IF(AND(AF37=AG37,AH37=AI37,AJ37=AK37,AL37=AM37,AN37=AO37),"","×")
N38: 8 | O38: =IFERROR(VLOOKUP($N38,$C$56:$D$155,2,FALSE),"") | T38: =IF(O38="","",SUMIF($C$56:$C$155,$N38,$T$56:$T$155)) | U38: 円 | V38: =IF(O38="","",SUMIF($C$56:$C$155,$N38,$V$56:$V$155)) | W38: 円 | X38: =IF(O38="","",SUMIF($C$56:$C$155,$N38,$X$56:$X$155)) | Y38: 円 | Z38: =IF(T38="","",SUMIF($C$56:$C$155,$N38,$Z$56:$Z$155)) | AA38: 円 | AF38: =_xlfn.FORMULATEXT(O38) -> =IFERROR(VLOOKUP($N38,$C$56:$D$155,2,FALSE),"") | AG38: =IFERROR(VLOOKUP($N38,$C$56:$D$155,2,FALSE),"") | AH38: =_xlfn.FORMULATEXT(T38) -> =IF(O38="","",SUMIF($C$56:$C$155,$N38,$T$56:$T$155)) | AI38: =IF(O38="","",SUMIF($C$56:$C$155,$N38,$T$56:$T$155)) | AJ38: =_xlfn.FORMULATEXT(V38) -> =IF(O38="","",SUMIF($C$56:$C$155,$N38,$V$56:$V$155)) | AK38: =IF(O38="","",SUMIF($C$56:$C$155,$N38,$V$56:$V$155)) | AL38: =_xlfn.FORMULATEXT(X38) -> =IF(O38="","",SUMIF($C$56:$C$155,$N38,$X$56:$X$155)) | AM38: =IF(O38="","",SUMIF($C$56:$C$155,$N38,$X$56:$X$155)) | AN38: =_xlfn.FORMULATEXT(Z38) -> =IF(T38="","",SUMIF($C$56:$C$155,$N38,$Z$56:$Z$155)) | AO38: =IF(T38="","",SUMIF($C$56:$C$155,$N38,$Z$56:$Z$155)) | AP38: =IF(AND(AF38=AG38,AH38=AI38,AJ38=AK38,AL38=AM38,AN38=AO38),"","×")
N39: 9 | O39: =IFERROR(VLOOKUP($N39,$C$56:$D$155,2,FALSE),"") | T39: =IF(O39="","",SUMIF($C$56:$C$155,$N39,$T$56:$T$155)) | U39: 円 | V39: =IF(O39="","",SUMIF($C$56:$C$155,$N39,$V$56:$V$155)) | W39: 円 | X39: =IF(O39="","",SUMIF($C$56:$C$155,$N39,$X$56:$X$155)) | Y39: 円 | Z39: =IF(T39="","",SUMIF($C$56:$C$155,$N39,$Z$56:$Z$155)) | AA39: 円 | AF39: =_xlfn.FORMULATEXT(O39) -> =IFERROR(VLOOKUP($N39,$C$56:$D$155,2,FALSE),"") | AG39: =IFERROR(VLOOKUP($N39,$C$56:$D$155,2,FALSE),"") | AH39: =_xlfn.FORMULATEXT(T39) -> =IF(O39="","",SUMIF($C$56:$C$155,$N39,$T$56:$T$155)) | AI39: =IF(O39="","",SUMIF($C$56:$C$155,$N39,$T$56:$T$155)) | AJ39: =_xlfn.FORMULATEXT(V39) -> =IF(O39="","",SUMIF($C$56:$C$155,$N39,$V$56:$V$155)) | AK39: =IF(O39="","",SUMIF($C$56:$C$155,$N39,$V$56:$V$155)) | AL39: =_xlfn.FORMULATEXT(X39) -> =IF(O39="","",SUMIF($C$56:$C$155,$N39,$X$56:$X$155)) | AM39: =IF(O39="","",SUMIF($C$56:$C$155,$N39,$X$56:$X$155)) | AN39: =_xlfn.FORMULATEXT(Z39) -> =IF(T39="","",SUMIF($C$56:$C$155,$N39,$Z$56:$Z$155)) | AO39: =IF(T39="","",SUMIF($C$56:$C$155,$N39,$Z$56:$Z$155)) | AP39: =IF(AND(AF39=AG39,AH39=AI39,AJ39=AK39,AL39=AM39,AN39=AO39),"","×")
N40: 10 | O40: =IFERROR(VLOOKUP($N40,$C$56:$D$155,2,FALSE),"") | T40: =IF(O40="","",SUMIF($C$56:$C$155,$N40,$T$56:$T$155)) | U40: 円 | V40: =IF(O40="","",SUMIF($C$56:$C$155,$N40,$V$56:$V$155)) | W40: 円 | X40: =IF(O40="","",SUMIF($C$56:$C$155,$N40,$X$56:$X$155)) | Y40: 円 | Z40: =IF(T40="","",SUMIF($C$56:$C$155,$N40,$Z$56:$Z$155)) | AA40: 円 | AF40: =_xlfn.FORMULATEXT(O40) -> =IFERROR(VLOOKUP($N40,$C$56:$D$155,2,FALSE),"") | AG40: =IFERROR(VLOOKUP($N40,$C$56:$D$155,2,FALSE),"") | AH40: =_xlfn.FORMULATEXT(T40) -> =IF(O40="","",SUMIF($C$56:$C$155,$N40,$T$56:$T$155)) | AI40: =IF(O40="","",SUMIF($C$56:$C$155,$N40,$T$56:$T$155)) | AJ40: =_xlfn.FORMULATEXT(V40) -> =IF(O40="","",SUMIF($C$56:$C$155,$N40,$V$56:$V$155)) | AK40: =IF(O40="","",SUMIF($C$56:$C$155,$N40,$V$56:$V$155)) | AL40: =_xlfn.FORMULATEXT(X40) -> =IF(O40="","",SUMIF($C$56:$C$155,$N40,$X$56:$X$155)) | AM40: =IF(O40="","",SUMIF($C$56:$C$155,$N40,$X$56:$X$155)) | AN40: =_xlfn.FORMULATEXT(Z40) -> =IF(T40="","",SUMIF($C$56:$C$155,$N40,$Z$56:$Z$155)) | AO40: =IF(T40="","",SUMIF($C$56:$C$155,$N40,$Z$56:$Z$155)) | AP40: =IF(AND(AF40=AG40,AH40=AI40,AJ40=AK40,AL40=AM40,AN40=AO40),"","×")
N41: 11 | O41: =IFERROR(VLOOKUP($N41,$C$56:$D$155,2,FALSE),"") | T41: =IF(O41="","",SUMIF($C$56:$C$155,$N41,$T$56:$T$155)) | U41: 円 | V41: =IF(O41="","",SUMIF($C$56:$C$155,$N41,$V$56:$V$155)) | W41: 円 | X41: =IF(O41="","",SUMIF($C$56:$C$155,$N41,$X$56:$X$155)) | Y41: 円 | Z41: =IF(T41="","",SUMIF($C$56:$C$155,$N41,$Z$56:$Z$155)) | AA41: 円 | AF41: =_xlfn.FORMULATEXT(O41) -> =IFERROR(VLOOKUP($N41,$C$56:$D$155,2,FALSE),"") | AG41: =IFERROR(VLOOKUP($N41,$C$56:$D$155,2,FALSE),"") | AH41: =_xlfn.FORMULATEXT(T41) -> =IF(O41="","",SUMIF($C$56:$C$155,$N41,$T$56:$T$155)) | AI41: =IF(O41="","",SUMIF($C$56:$C$155,$N41,$T$56:$T$155)) | AJ41: =_xlfn.FORMULATEXT(V41) -> =IF(O41="","",SUMIF($C$56:$C$155,$N41,$V$56:$V$155)) | AK41: =IF(O41="","",SUMIF($C$56:$C$155,$N41,$V$56:$V$155)) | AL41: =_xlfn.FORMULATEXT(X41) -> =IF(O41="","",SUMIF($C$56:$C$155,$N41,$X$56:$X$155)) | AM41: =IF(O41="","",SUMIF($C$56:$C$155,$N41,$X$56:$X$155)) | AN41: =_xlfn.FORMULATEXT(Z41) -> =IF(T41="","",SUMIF($C$56:$C$155,$N41,$Z$56:$Z$155)) | AO41: =IF(T41="","",SUMIF($C$56:$C$155,$N41,$Z$56:$Z$155)) | AP41: =IF(AND(AF41=AG41,AH41=AI41,AJ41=AK41,AL41=AM41,AN41=AO41),"","×")
N42: 12 | O42: =IFERROR(VLOOKUP($N42,$C$56:$D$155,2,FALSE),"") | T42: =IF(O42="","",SUMIF($C$56:$C$155,$N42,$T$56:$T$155)) | U42: 円 | V42: =IF(O42="","",SUMIF($C$56:$C$155,$N42,$V$56:$V$155)) | W42: 円 | X42: =IF(O42="","",SUMIF($C$56:$C$155,$N42,$X$56:$X$155)) | Y42: 円 | Z42: =IF(T42="","",SUMIF($C$56:$C$155,$N42,$Z$56:$Z$155)) | AA42: 円 | AF42: =_xlfn.FORMULATEXT(O42) -> =IFERROR(VLOOKUP($N42,$C$56:$D$155,2,FALSE),"") | AG42: =IFERROR(VLOOKUP($N42,$C$56:$D$155,2,FALSE),"") | AH42: =_xlfn.FORMULATEXT(T42) -> =IF(O42="","",SUMIF($C$56:$C$155,$N42,$T$56:$T$155)) | AI42: =IF(O42="","",SUMIF($C$56:$C$155,$N42,$T$56:$T$155)) | AJ42: =_xlfn.FORMULATEXT(V42) -> =IF(O42="","",SUMIF($C$56:$C$155,$N42,$V$56:$V$155)) | AK42: =IF(O42="","",SUMIF($C$56:$C$155,$N42,$V$56:$V$155)) | AL42: =_xlfn.FORMULATEXT(X42) -> =IF(O42="","",SUMIF($C$56:$C$155,$N42,$X$56:$X$155)) | AM42: =IF(O42="","",SUMIF($C$56:$C$155,$N42,$X$56:$X$155)) | AN42: =_xlfn.FORMULATEXT(Z42) -> =IF(T42="","",SUMIF($C$56:$C$155,$N42,$Z$56:$Z$155)) | AO42: =IF(T42="","",SUMIF($C$56:$C$155,$N42,$Z$56:$Z$155)) | AP42: =IF(AND(AF42=AG42,AH42=AI42,AJ42=AK42,AL42=AM42,AN42=AO42),"","×")
... N50: 20 | O50: =IFERROR(VLOOKUP($N50,$C$56:$D$155,2,FALSE),"") | T50: =IF(O50="","",SUMIF($C$56:$C$155,$N50,$T$56:$T$155)) | U50: 円 | V50: =IF(O50="","",SUMIF($C$56:$C$155,$N50,$V$56:$V$155)) | W50: 円 | X50: =IF(O50="","",SUMIF($C$56:$C$155,$N50,$X$56:$X$155)) | Y50: 円 | Z50: =IF(T50="","",SUMIF($C$56:$C$155,$N50,$Z$56:$Z$155)) | AA50: 円 | AF50: =_xlfn.FORMULATEXT(O50) -> =IFERROR(VLOOKUP($N50,$C$56:$D$155,2,FALSE),"") | AG50: =IFERROR(VLOOKUP($N50,$C$56:$D$155,2,FALSE),"") | AH50: =_xlfn.FORMULATEXT(T50) -> =IF(O50="","",SUMIF($C$56:$C$155,$N50,$T$56:$T$155)) | AI50: =IF(O50="","",SUMIF($C$56:$C$155,$N50,$T$56:$T$155)) | AJ50: =_xlfn.FORMULATEXT(V50) -> =IF(O50="","",SUMIF($C$56:$C$155,$N50,$V$56:$V$155)) | AK50: =IF(O50="","",SUMIF($C$56:$C$155,$N50,$V$56:$V$155)) | AL50: =_xlfn.FORMULATEXT(X50) -> =IF(O50="","",SUMIF($C$56:$C$155,$N50,$X$56:$X$155)) | AM50: =IF(O50="","",SUMIF($C$56:$C$155,$N50,$X$56:$X$155)) | AN50: =_xlfn.FORMULATEXT(Z50) -> =IF(T50="","",SUMIF($C$56:$C$155,$N50,$Z$56:$Z$155)) | AO50: =IF(T50="","",SUMIF($C$56:$C$155,$N50,$Z$56:$Z$155)) | AP50: =IF(AND(AF50=AG50,AH50=AI50,AJ50=AK50,AL50=AM50,AN50=AO50),"","×")
N51: 取組合計 | T51: =SUM(T31:T50) -> 0 | U51: 円 | V51: =SUM(V31:V50) -> 0 | W51: 円 | X51: =SUM(X31:X50) -> 0 | Y51: 円 | Z51: =SUM(Z31:Z50) -> 0 | AA51: 円 | AH51: =_xlfn.FORMULATEXT(T51) -> =SUM(T31:T50) | AI51: =SUM(T31:T50) | AJ51: =_xlfn.FORMULATEXT(V51) -> =SUM(V31:V50) | AK51: =SUM(V31:V50) | AL51: =_xlfn.FORMULATEXT(X51) -> =SUM(X31:X50) | AM51: =SUM(X31:X50) | AN51: =_xlfn.FORMULATEXT(Z51) -> =SUM(Z31:Z50) | AO51: =SUM(Z31:Z50) | AP51: =IF(AND(AF51=AG51,AH51=AI51,AJ51=AK51,AL51=AM51,AN51=AO51),"","×")
B53: 積算内訳（３．海外におけるジャパンブランドの確立・販路開拓活動）補助率：定額 | AF53: （A） | AG53: （B） | AH53: （C) | AI53: （D） | AJ53: （E） | AK53: （F） | AL53: （G） | AM53: （H） | AN53: （I)
B54: No | C54: 区分 | F54: 使途（支出内容） | G54: 備考 | H54: 負担区分 | I54: 消費税区分 | J54: 単価（税込） | M54: 数量 | P54: 数量 | T54: 金額 | Z54: 消費税 | AD54: 証拠書類番号 | AF54: 一部自己負担金 | AG54: 一部非課税 | AI54: 計 | AJ54: うち国庫補助金 | AK54: 消費税額 | AL54: 費目ごと 関数 | AM54: 取組ごと 関数 | AN54: 合計 | AR54: 国庫補助金 | AV54: 自己負担金
C55: 取組 番号 | D55: 取組名 | E55: 費目 | M55: 個数 | N55: 単位 | P55: 個数 | Q55: 単位 | T55: 計 | V55: うち 国庫補助金 | X55: うち 自己負担金 | Z55: 消費税額 | AB55: 「一部非課税」 の消費税額 | AO55: 積算内訳書 | AP55: 費目ごと | AQ55: 取組ごと | AS55: 積算内訳書 | AT55: 費目ごと | AU55: 取組ごと | AW55: 積算内訳書 | AX55: 費目ごと | AY55: 取組ごと
B56: =ROW(B56)-55 -> 1 | K56: 円 | L56: × | O56: × | R56: × | S56: = | T56: =PRODUCT(J56,M56,P56) -> 0 | U56: 円 | V56: =IF(E56="","",T56-X56) | W56: 円 | Y56: 円 | Z56: {=IF($T56=0,"",ROUNDDOWN(_xlfn.IFS($I56="課税",$T56*0.1/1.1,$I56="軽減",$T56*0.08/1.08,$I56="一部非課税",$AB56,I56="非課税",0),0))} | AA56: 円 | AC56: 円 | AF56: =IF(AND($H56="一部自己負担金",$X56=""),"×","") | AG56: =IF(AND($I56="一部非課税",$AB56=""),"×","") | AI56: =IF(PRODUCT($J56,$M56,$P56)=T56,"","×") | AJ56: =IF(IF($E56="","",$T56-$X56)=$V56,"","×") | AK56: {=IF(IF($T56=0,"",ROUNDDOWN(_xlfn.IFS($I56="課税",$T56*0.1/1.1,$I56="軽減",$T56*0.08/1.08,$I56="一部非課税",$AB56,I56="非課税",0),0))=$Z56,"","×")} | AL56: =IF(COUNTIF($AN$12:$AN$26,"×")>0,"×","") | AM56: =IF(COUNTIF($AP$31:$AP$51,"×")>0,"×","") | AN56: =IF(AND(AO56=AP56,AP56=AQ56),"","×") -> #N/A | AO56: #N/A | AP56: =$T$26 -> 0 | AQ56: =$T$51 -> 0 | AR56: =IF(AND(AS56=AT56,AT56=AU56),"","×") -> #N/A | AS56: #N/A | AT56: =$V$25 -> 0 | AU56: =$V$51 -> 0 | AV56: =IF(AND(AW56=AX56,AX56=AY56),"","×") -> #N/A | AW56: #N/A | AX56: =$X$26 -> 0 | AY56: =$X$51 -> 0
B57: =ROW(B57)-55 -> 2 | K57: 円 | L57: × | O57: × | R57: × | S57: = | T57: =PRODUCT(J57,M57,P57) -> 0 | U57: 円 | V57: =IF(E57="","",T57-X57) | W57: 円 | Y57: 円 | Z57: {=IF($T57=0,"",ROUNDDOWN(_xlfn.IFS($I57="課税",$T57*0.1/1.1,$I57="軽減",$T57*0.08/1.08,$I57="一部非課税",$AB57,I57="非課税",0),0))} | AA57: 円 | AC57: 円 | AF57: =IF(AND($H57="一部自己負担金",$X57=""),"×","") | AG57: =IF(AND($I57="一部非課税",$AB57=""),"×","") | AI57: =IF(PRODUCT($J57,$M57,$P57)=T57,"","×") | AJ57: =IF(IF($E57="","",$T57-$X57)=$V57,"","×") | AK57: {=IF(IF($T57=0,"",ROUNDDOWN(_xlfn.IFS($I57="課税",$T57*0.1/1.1,$I57="軽減",$T57*0.08/1.08,$I57="一部非課税",$AB57,I57="非課税",0),0))=$Z57,"","×")} | AL57: =IF(COUNTIF($AN$12:$AN$26,"×")>0,"×","") | AM57: =IF(COUNTIF($AP$31:$AP$51,"×")>0,"×","") | AN57: =IF(AND(AO57=AP57,AP57=AQ57),"","×")
B58: =ROW(B58)-55 -> 3 | K58: 円 | L58: × | O58: × | R58: × | S58: = | T58: =PRODUCT(J58,M58,P58) -> 0 | U58: 円 | V58: =IF(E58="","",T58-X58) | W58: 円 | Y58: 円 | Z58: {=IF($T58=0,"",ROUNDDOWN(_xlfn.IFS($I58="課税",$T58*0.1/1.1,$I58="軽減",$T58*0.08/1.08,$I58="一部非課税",$AB58,I58="非課税",0),0))} | AA58: 円 | AC58: 円 | AF58: =IF(AND($H58="一部自己負担金",$X58=""),"×","") | AG58: =IF(AND($I58="一部非課税",$AB58=""),"×","") | AI58: =IF(PRODUCT($J58,$M58,$P58)=T58,"","×") | AJ58: =IF(IF($E58="","",$T58-$X58)=$V58,"","×") | AK58: {=IF(IF($T58=0,"",ROUNDDOWN(_xlfn.IFS($I58="課税",$T58*0.1/1.1,$I58="軽減",$T58*0.08/1.08,$I58="一部非課税",$AB58,I58="非課税",0),0))=$Z58,"","×")} | AL58: =IF(COUNTIF($AN$12:$AN$26,"×")>0,"×","") | AM58: =IF(COUNTIF($AP$31:$AP$51,"×")>0,"×","") | AN58: =IF(AND(AO58=AP58,AP58=AQ58),"","×")
B59: =ROW(B59)-55 -> 4 | K59: 円 | L59: × | O59: × | R59: × | S59: = | T59: =PRODUCT(J59,M59,P59) -> 0 | U59: 円 | V59: =IF(E59="","",T59-X59) | W59: 円 | Y59: 円 | Z59: {=IF($T59=0,"",ROUNDDOWN(_xlfn.IFS($I59="課税",$T59*0.1/1.1,$I59="軽減",$T59*0.08/1.08,$I59="一部非課税",$AB59,I59="非課税",0),0))} | AA59: 円 | AC59: 円 | AF59: =IF(AND($H59="一部自己負担金",$X59=""),"×","") | AG59: =IF(AND($I59="一部非課税",$AB59=""),"×","") | AI59: =IF(PRODUCT($J59,$M59,$P59)=T59,"","×") | AJ59: =IF(IF($E59="","",$T59-$X59)=$V59,"","×") | AK59: {=IF(IF($T59=0,"",ROUNDDOWN(_xlfn.IFS($I59="課税",$T59*0.1/1.1,$I59="軽減",$T59*0.08/1.08,$I59="一部非課税",$AB59,I59="非課税",0),0))=$Z59,"","×")} | AL59: =IF(COUNTIF($AN$12:$AN$26,"×")>0,"×","") | AM59: =IF(COUNTIF($AP$31:$AP$51,"×")>0,"×","") | AN59: =IF(AND(AO59=AP59,AP59=AQ59),"","×")
B60: =ROW(B60)-55 -> 5 | K60: 円 | L60: × | O60: × | R60: × | S60: = | T60: =PRODUCT(J60,M60,P60) -> 0 | U60: 円 | V60: =IF(E60="","",T60-X60) | W60: 円 | Y60: 円 | Z60: {=IF($T60=0,"",ROUNDDOWN(_xlfn.IFS($I60="課税",$T60*0.1/1.1,$I60="軽減",$T60*0.08/1.08,$I60="一部非課税",$AB60,I60="非課税",0),0))} | AA60: 円 | AC60: 円 | AF60: =IF(AND($H60="一部自己負担金",$X60=""),"×","") | AG60: =IF(AND($I60="一部非課税",$AB60=""),"×","") | AI60: =IF(PRODUCT($J60,$M60,$P60)=T60,"","×") | AJ60: =IF(IF($E60="","",$T60-$X60)=$V60,"","×") | AK60: {=IF(IF($T60=0,"",ROUNDDOWN(_xlfn.IFS($I60="課税",$T60*0.1/1.1,$I60="軽減",$T60*0.08/1.08,$I60="一部非課税",$AB60,I60="非課税",0),0))=$Z60,"","×")} | AL60: =IF(COUNTIF($AN$12:$AN$26,"×")>0,"×","") | AM60: =IF(COUNTIF($AP$31:$AP$51,"×")>0,"×","") | AN60: =IF(AND(AO60=AP60,AP60=AQ60),"","×")
B61: =ROW(B61)-55 -> 6 | K61: 円 | L61: × | O61: × | R61: × | S61: = | T61: =PRODUCT(J61,M61,P61) -> 0 | U61: 円 | V61: =IF(E61="","",T61-X61) | W61: 円 | Y61: 円 | Z61: {=IF($T61=0,"",ROUNDDOWN(_xlfn.IFS($I61="課税",$T61*0.1/1.1,$I61="軽減",$T61*0.08/1.08,$I61="一部非課税",$AB61,I61="非課税",0),0))} | AA61: 円 | AC61: 円 | AF61: =IF(AND($H61="一部自己負担金",$X61=""),"×","") | AG61: =IF(AND($I61="一部非課税",$AB61=""),"×","") | AI61: =IF(PRODUCT($J61,$M61,$P61)=T61,"","×") | AJ61: =IF(IF($E61="","",$T61-$X61)=$V61,"","×") | AK61: {=IF(IF($T61=0,"",ROUNDDOWN(_xlfn.IFS($I61="課税",$T61*0.1/1.1,$I61="軽減",$T61*0.08/1.08,$I61="一部非課税",$AB61,I61="非課税",0),0))=$Z61,"","×")} | AL61: =IF(COUNTIF($AN$12:$AN$26,"×")>0,"×","") | AM61: =IF(COUNTIF($AP$31:$AP$51,"×")>0,"×","") | AN61: =IF(AND(AO61=AP61,AP61=AQ61),"","×")
B62: =ROW(B62)-55 -> 7 | K62: 円 | L62: × | O62: × | R62: × | S62: = | T62: =PRODUCT(J62,M62,P62) -> 0 | U62: 円 | V62: =IF(E62="","",T62-X62) | W62: 円 | Y62: 円 | Z62: {=IF($T62=0,"",ROUNDDOWN(_xlfn.IFS($I62="課税",$T62*0.1/1.1,$I62="軽減",$T62*0.08/1.08,$I62="一部非課税",$AB62,I62="非課税",0),0))} | AA62: 円 | AC62: 円 | AF62: =IF(AND($H62="一部自己負担金",$X62=""),"×","") | AG62: =IF(AND($I62="一部非課税",$AB62=""),"×","") | AI62: =IF(PRODUCT($J62,$M62,$P62)=T62,"","×") | AJ62: =IF(IF($E62="","",$T62-$X62)=$V62,"","×") | AK62: {=IF(IF($T62=0,"",ROUNDDOWN(_xlfn.IFS($I62="課税",$T62*0.1/1.1,$I62="軽減",$T62*0.08/1.08,$I62="一部非課税",$AB62,I62="非課税",0),0))=$Z62,"","×")} | AL62: =IF(COUNTIF($AN$12:$AN$26,"×")>0,"×","") | AM62: =IF(COUNTIF($AP$31:$AP$51,"×")>0,"×","") | AN62: =IF(AND(AO62=AP62,AP62=AQ62),"","×")
B63: =ROW(B63)-55 -> 8 | K63: 円 | L63: × | O63: × | R63: × | S63: = | T63: =PRODUCT(J63,M63,P63) -> 0 | U63: 円 | V63: =IF(E63="","",T63-X63) | W63: 円 | Y63: 円 | Z63: {=IF($T63=0,"",ROUNDDOWN(_xlfn.IFS($I63="課税",$T63*0.1/1.1,$I63="軽減",$T63*0.08/1.08,$I63="一部非課税",$AB63,I63="非課税",0),0))} | AA63: 円 | AC63: 円 | AF63: =IF(AND($H63="一部自己負担金",$X63=""),"×","") | AG63: =IF(AND($I63="一部非課税",$AB63=""),"×","") | AI63: =IF(PRODUCT($J63,$M63,$P63)=T63,"","×") | AJ63: =IF(IF($E63="","",$T63-$X63)=$V63,"","×") | AK63: {=IF(IF($T63=0,"",ROUNDDOWN(_xlfn.IFS($I63="課税",$T63*0.1/1.1,$I63="軽減",$T63*0.08/1.08,$I63="一部非課税",$AB63,I63="非課税",0),0))=$Z63,"","×")} | AL63: =IF(COUNTIF($AN$12:$AN$26,"×")>0,"×","") | AM63: =IF(COUNTIF($AP$31:$AP$51,"×")>0,"×","") | AN63: =IF(AND(AO63=AP63,AP63=AQ63),"","×")
B64: =ROW(B64)-55 -> 9 | K64: 円 | L64: × | O64: × | R64: × | S64: = | T64: =PRODUCT(J64,M64,P64) -> 0 | U64: 円 | V64: =IF(E64="","",T64-X64) | W64: 円 | Y64: 円 | Z64: {=IF($T64=0,"",ROUNDDOWN(_xlfn.IFS($I64="課税",$T64*0.1/1.1,$I64="軽減",$T64*0.08/1.08,$I64="一部非課税",$AB64,I64="非課税",0),0))} | AA64: 円 | AC64: 円 | AF64: =IF(AND($H64="一部自己負担金",$X64=""),"×","") | AG64: =IF(AND($I64="一部非課税",$AB64=""),"×","") | AI64: =IF(PRODUCT($J64,$M64,$P64)=T64,"","×") | AJ64: =IF(IF($E64="","",$T64-$X64)=$V64,"","×") | AK64: {=IF(IF($T64=0,"",ROUNDDOWN(_xlfn.IFS($I64="課税",$T64*0.1/1.1,$I64="軽減",$T64*0.08/1.08,$I64="一部非課税",$AB64,I64="非課税",0),0))=$Z64,"","×")} | AL64: =IF(COUNTIF($AN$12:$AN$26,"×")>0,"×","") | AM64: =IF(COUNTIF($AP$31:$AP$51,"×")>0,"×","") | AN64: =IF(AND(AO64=AP64,AP64=AQ64),"","×")
B65: =ROW(B65)-55 -> 10 | K65: 円 | L65: × | O65: × | R65: × | S65: = | T65: =PRODUCT(J65,M65,P65) -> 0 | U65: 円 | V65: =IF(E65="","",T65-X65) | W65: 円 | Y65: 円 | Z65: {=IF($T65=0,"",ROUNDDOWN(_xlfn.IFS($I65="課税",$T65*0.1/1.1,$I65="軽減",$T65*0.08/1.08,$I65="一部非課税",$AB65,I65="非課税",0),0))} | AA65: 円 | AC65: 円 | AF65: =IF(AND($H65="一部自己負担金",$X65=""),"×","") | AG65: =IF(AND($I65="一部非課税",$AB65=""),"×","") | AI65: =IF(PRODUCT($J65,$M65,$P65)=T65,"","×") | AJ65: =IF(IF($E65="","",$T65-$X65)=$V65,"","×") | AK65: {=IF(IF($T65=0,"",ROUNDDOWN(_xlfn.IFS($I65="課税",$T65*0.1/1.1,$I65="軽減",$T65*0.08/1.08,$I65="一部非課税",$AB65,I65="非課税",0),0))=$Z65,"","×")} | AL65: =IF(COUNTIF($AN$12:$AN$26,"×")>0,"×","") | AM65: =IF(COUNTIF($AP$31:$AP$51,"×")>0,"×","") | AN65: =IF(AND(AO65=AP65,AP65=AQ65),"","×")
B66: =ROW(B66)-55 -> 11 | K66: 円 | L66: × | O66: × | R66: × | S66: = | T66: =PRODUCT(J66,M66,P66) -> 0 | U66: 円 | V66: =IF(E66="","",T66-X66) | W66: 円 | Y66: 円 | Z66: {=IF($T66=0,"",ROUNDDOWN(_xlfn.IFS($I66="課税",$T66*0.1/1.1,$I66="軽減",$T66*0.08/1.08,$I66="一部非課税",$AB66,I66="非課税",0),0))} | AA66: 円 | AC66: 円 | AF66: =IF(AND($H66="一部自己負担金",$X66=""),"×","") | AG66: =IF(AND($I66="一部非課税",$AB66=""),"×","") | AI66: =IF(PRODUCT($J66,$M66,$P66)=T66,"","×") | AJ66: =IF(IF($E66="","",$T66-$X66)=$V66,"","×") | AK66: {=IF(IF($T66=0,"",ROUNDDOWN(_xlfn.IFS($I66="課税",$T66*0.1/1.1,$I66="軽減",$T66*0.08/1.08,$I66="一部非課税",$AB66,I66="非課税",0),0))=$Z66,"","×")} | AL66: =IF(COUNTIF($AN$12:$AN$26,"×")>0,"×","") | AM66: =IF(COUNTIF($AP$31:$AP$51,"×")>0,"×","") | AN66: =IF(AND(AO66=AP66,AP66=AQ66),"","×")
B67: =ROW(B67)-55 -> 12 | K67: 円 | L67: × | O67: × | R67: × | S67: = | T67: =PRODUCT(J67,M67,P67) -> 0 | U67: 円 | V67: =IF(E67="","",T67-X67) | W67: 円 | Y67: 円 | Z67: {=IF($T67=0,"",ROUNDDOWN(_xlfn.IFS($I67="課税",$T67*0.1/1.1,$I67="軽減",$T67*0.08/1.08,$I67="一部非課税",$AB67,I67="非課税",0),0))} | AA67: 円 | AC67: 円 | AF67: =IF(AND($H67="一部自己負担金",$X67=""),"×","") | AG67: =IF(AND($I67="一部非課税",$AB67=""),"×","") | AI67: =IF(PRODUCT($J67,$M67,$P67)=T67,"","×") | AJ67: =IF(IF($E67="","",$T67-$X67)=$V67,"","×") | AK67: {=IF(IF($T67=0,"",ROUNDDOWN(_xlfn.IFS($I67="課税",$T67*0.1/1.1,$I67="軽減",$T67*0.08/1.08,$I67="一部非課税",$AB67,I67="非課税",0),0))=$Z67,"","×")} | AL67: =IF(COUNTIF($AN$12:$AN$26,"×")>0,"×","") | AM67: =IF(COUNTIF($AP$31:$AP$51,"×")>0,"×","") | AN67: =IF(AND(AO67=AP67,AP67=AQ67),"","×")
B68: =ROW(B68)-55 -> 13 | K68: 円 | L68: × | O68: × | R68: × | S68: = | T68: =PRODUCT(J68,M68,P68) -> 0 | U68: 円 | V68: =IF(E68="","",T68-X68) | W68: 円 | Y68: 円 | Z68: {=IF($T68=0,"",ROUNDDOWN(_xlfn.IFS($I68="課税",$T68*0.1/1.1,$I68="軽減",$T68*0.08/1.08,$I68="一部非課税",$AB68,I68="非課税",0),0))} | AA68: 円 | AC68: 円 | AF68: =IF(AND($H68="一部自己負担金",$X68=""),"×","") | AG68: =IF(AND($I68="一部非課税",$AB68=""),"×","") | AI68: =IF(PRODUCT($J68,$M68,$P68)=T68,"","×") | AJ68: =IF(IF($E68="","",$T68-$X68)=$V68,"","×") | AK68: {=IF(IF($T68=0,"",ROUNDDOWN(_xlfn.IFS($I68="課税",$T68*0.1/1.1,$I68="軽減",$T68*0.08/1.08,$I68="一部非課税",$AB68,I68="非課税",0),0))=$Z68,"","×")} | AL68: =IF(COUNTIF($AN$12:$AN$26,"×")>0,"×","") | AM68: =IF(COUNTIF($AP$31:$AP$51,"×")>0,"×","") | AN68: =IF(AND(AO68=AP68,AP68=AQ68),"","×")
... B155: =ROW(B155)-55 -> 100 | K155: 円 | L155: × | O155: × | R155: × | S155: = | T155: =PRODUCT(J155,M155,P155) -> 0 | U155: 円 | V155: =IF(E155="","",T155-X155) | W155: 円 | Y155: 円 | Z155: {=IF($T155=0,"",ROUNDDOWN(_xlfn.IFS($I155="課税",$T155*0.1/1.1,$I155="軽減",$T155*0.08/1.08,$I155="一部非課税",$AB155,I155="非課税",0),0))} | AA155: 円 | AC155: 円 | AF155: =IF(AND($H155="一部自己負担金",$X155=""),"×","") | AG155: =IF(AND($I155="一部非課税",$AB155=""),"×","") | AI155: =IF(PRODUCT($J155,$M155,$P155)=T155,"","×") | AJ155: =IF(IF($E155="","",$T155-$X155)=$V155,"","×") | AK155: {=IF(IF($T155=0,"",ROUNDDOWN(_xlfn.IFS($I155="課税",$T155*0.1/1.1,$I155="軽減",$T155*0.08/1.08,$I155="一部非課税",$AB155,I155="非課税",0),0))=$Z155,"","×")} | AL155: =IF(COUNTIF($AN$12:$AN$26,"×")>0,"×","") | AM155: =IF(COUNTIF($AP$31:$AP$51,"×")>0,"×","") | AN155: =IF(AND(AO155=AP155,AP155=AQ155),"","×")
X156: =IF(T156="","",T156-V156)
X157: =IF(T157="","",T157-V157)
X158: =IF(T158="","",T158-V158)
X159: =IF(T159="","",T159-V159)
X160: =IF(T160="","",T160-V160)
X161: =IF(T161="","",T161-V161)
X162: =IF(T162="","",T162-V162)
X163: =IF(T163="","",T163-V163)
X164: =IF(T164="","",T164-V164)
X165: =IF(T165="","",T165-V165)
X166: =IF(T166="","",T166-V166)
X167: =IF(T167="","",T167-V167)
... X758: =IF(T758="","",T758-V758)

Sheet ４．任意のチェックオフ制度の導入に向けた体制整備・運用
A1: （別紙様式４ 別紙 ）令和７年度補正公募
D2: 品目団体名 | E2: =IF(積算内訳書!$F$3="","",積算内訳書!$F$3)
A4: 品目団体輸出力強化緊急支援事業（別紙様式４ 別紙） （４．任意のチェックオフ制度の導入に向けた体制整備・運用）
B6: 記載の注意点 | N6: 事業者区分（課税・非課税）
B7: 【入力方法】 ● 色のついていないセルについては入力をしないようにご注意ください。（関数等が消去される恐れがあります。） ● 緑色セル（取組番号（C56）や取組名（D56）等）はデータ及び数値等を入力してください。 ● 黄色セル（費目（E56）や負担区分（H56）等）は該当する項目をプルダウンから選択して入力してください。 【団体名】 ● 品目団体名を確認してください。（積算内訳シートで選択した団体名が反映されます。） 【事業者区分】 ● 事業者区分は、消費税の課税対象について「課税・免税」のいずれに該当するか選択してください。 【積算内訳】 ● 補助事業に係る経費の全てを記載してください。 ● 「取組番号」、「取組名」は「別紙様式３（課題提案書）」等にある、事業の内容の「取組内容」、「取組番号」と その「項目」の名称と同一のものを記載ください。 ● 各経費については、「【参考】補助対象経費」シートより、該当する費目を選択してください。 ● 事業の一部を委託する場合は、当該事業に要する経費を記載してください。 ● 備考欄には、区分欄に掲げる経費の根拠（経費内容）を詳細に記載してください。 なお、備考欄に記載内容がおさまらない場合は、別葉としても構いません。 ● 人件費、謝金及び賃金については、その単価の根拠資料を添付してください。 ● 「負担区分」については、「国庫補助金」及び「一部自己負担金」から選択してください。 「一部自己負担金」を選択した場合には、「うち、自己 負担額」に該当金額を記載してください。 ● 「消費税区分」については、「課税」、「一部非課税」、「非課税」及び「軽減」から選択してください。 「一部非課税」を選択した場合は、「一部非課税の消費税額」欄に該当経費にかかる消費税額を入力してください。 ● 「数量」には、「単価（税込）×個数1」あるいは「単価（税込）×個数1×個数2」の形で入力ください。 (例)謝金：25,000円×2人×3回 ● 「証拠書類番号」は金額の根拠となる別添資料番号（見積書番号等）を入力してください。 【その他】 ● 行の追加は以下の手順で行ってください。 ※追加したい箇所の行番号（表内のNoでなく、左端のグレー部分）をクリックして「コピー」→右クリック→「コピーしたセルの挿入」で計算式が反映された「行」が追加されます。
N9: 【事業費（費目ごと）】
N10: 費目 | T10: 合計 | V10: 負担区分 | Z10: 消費税額 | AF10: 合計 | AH10: 国庫補助金 | AJ10: 自己負担金 | AL10: 消費税額 | AN10: （G）詳細
V11: 国庫補助金 | X11: 自己負担金 | AF11: 入力中関数 | AG11: 初期関数 | AH11: 入力中関数 | AI11: 初期関数 | AJ11: 入力中関数 | AK11: 初期関数 | AL11: 入力中関数 | AM11: 初期関数
N12: 人件費 | T12: =SUMIF($E$56:$E$155,N12,$T$56:$T$155) -> 0 | U12: 円 | V12: =SUMIFS($V$56:$V$155,$E$56:$E$155,$N12) -> 0 | W12: 円 | X12: =SUMIFS($X$56:$X$155,$E$56:$E$155,$N12) -> 0 | Y12: 円 | Z12: =SUMIFS($Z$56:$Z$155,$E$56:$E$155,$N12) -> 0 | AA12: 円 | AF12: =_xlfn.FORMULATEXT(T12) -> =SUMIF($E$56:$E$155,N12,$T$56:$T$155) | AG12: =SUMIF($E$56:$E$155,N12,$T$56:$T$155) | AH12: =_xlfn.FORMULATEXT(V12) -> =SUMIFS($V$56:$V$155,$E$56:$E$155,$N12) | AI12: =SUMIFS($V$56:$V$155,$E$56:$E$155,$N12) | AJ12: =_xlfn.FORMULATEXT(X12) -> =SUMIFS($X$56:$X$155,$E$56:$E$155,$N12) | AK12: =SUMIFS($X$56:$X$155,$E$56:$E$155,$N12) | AL12: =_xlfn.FORMULATEXT(Z12) -> =SUMIFS($Z$56:$Z$155,$E$56:$E$155,$N12) | AM12: =SUMIFS($Z$56:$Z$155,$E$56:$E$155,$N12) | AN12: =IF(AND(AF12=AG12,AH12=AI12,AJ12=AK12,AL12=AM12),"","×")
N13: 謝金 | T13: =SUMIF($E$56:$E$155,N13,$T$56:$T$155) -> 0 | U13: 円 | V13: =SUMIFS($V$56:$V$155,$E$56:$E$155,$N13) -> 0 | W13: 円 | X13: =SUMIFS($X$56:$X$155,$E$56:$E$155,$N13) -> 0 | Y13: 円 | Z13: =SUMIFS($Z$56:$Z$155,$E$56:$E$155,$N13) -> 0 | AA13: 円 | AF13: =_xlfn.FORMULATEXT(T13) -> =SUMIF($E$56:$E$155,N13,$T$56:$T$155) | AG13: =SUMIF($E$56:$E$155,N13,$T$56:$T$155) | AH13: =_xlfn.FORMULATEXT(V13) -> =SUMIFS($V$56:$V$155,$E$56:$E$155,$N13) | AI13: =SUMIFS($V$56:$V$155,$E$56:$E$155,$N13) | AJ13: =_xlfn.FORMULATEXT(X13) -> =SUMIFS($X$56:$X$155,$E$56:$E$155,$N13) | AK13: =SUMIFS($X$56:$X$155,$E$56:$E$155,$N13) | AL13: =_xlfn.FORMULATEXT(Z13) -> =SUMIFS($Z$56:$Z$155,$E$56:$E$155,$N13) | AM13: =SUMIFS($Z$56:$Z$155,$E$56:$E$155,$N13) | AN13: =IF(AND(AF13=AG13,AH13=AI13,AJ13=AK13,AL13=AM13),"","×")
N14: 賃金 | T14: =SUMIF($E$56:$E$155,N14,$T$56:$T$155) -> 0 | U14: 円 | V14: =SUMIFS($V$56:$V$155,$E$56:$E$155,$N14) -> 0 | W14: 円 | X14: =SUMIFS($X$56:$X$155,$E$56:$E$155,$N14) -> 0 | Y14: 円 | Z14: =SUMIFS($Z$56:$Z$155,$E$56:$E$155,$N14) -> 0 | AA14: 円 | AF14: =_xlfn.FORMULATEXT(T14) -> =SUMIF($E$56:$E$155,N14,$T$56:$T$155) | AG14: =SUMIF($E$56:$E$155,N14,$T$56:$T$155) | AH14: =_xlfn.FORMULATEXT(V14) -> =SUMIFS($V$56:$V$155,$E$56:$E$155,$N14) | AI14: =SUMIFS($V$56:$V$155,$E$56:$E$155,$N14) | AJ14: =_xlfn.FORMULATEXT(X14) -> =SUMIFS($X$56:$X$155,$E$56:$E$155,$N14) | AK14: =SUMIFS($X$56:$X$155,$E$56:$E$155,$N14) | AL14: =_xlfn.FORMULATEXT(Z14) -> =SUMIFS($Z$56:$Z$155,$E$56:$E$155,$N14) | AM14: =SUMIFS($Z$56:$Z$155,$E$56:$E$155,$N14) | AN14: =IF(AND(AF14=AG14,AH14=AI14,AJ14=AK14,AL14=AM14),"","×")
N15: 旅費 | T15: =SUMIF($E$56:$E$155,N15,$T$56:$T$155) -> 0 | U15: 円 | V15: =SUMIFS($V$56:$V$155,$E$56:$E$155,$N15) -> 0 | W15: 円 | X15: =SUMIFS($X$56:$X$155,$E$56:$E$155,$N15) -> 0 | Y15: 円 | Z15: =SUMIFS($Z$56:$Z$155,$E$56:$E$155,$N15) -> 0 | AA15: 円 | AF15: =_xlfn.FORMULATEXT(T15) -> =SUMIF($E$56:$E$155,N15,$T$56:$T$155) | AG15: =SUMIF($E$56:$E$155,N15,$T$56:$T$155) | AH15: =_xlfn.FORMULATEXT(V15) -> =SUMIFS($V$56:$V$155,$E$56:$E$155,$N15) | AI15: =SUMIFS($V$56:$V$155,$E$56:$E$155,$N15) | AJ15: =_xlfn.FORMULATEXT(X15) -> =SUMIFS($X$56:$X$155,$E$56:$E$155,$N15) | AK15: =SUMIFS($X$56:$X$155,$E$56:$E$155,$N15) | AL15: =_xlfn.FORMULATEXT(Z15) -> =SUMIFS($Z$56:$Z$155,$E$56:$E$155,$N15) | AM15: =SUMIFS($Z$56:$Z$155,$E$56:$E$155,$N15) | AN15: =IF(AND(AF15=AG15,AH15=AI15,AJ15=AK15,AL15=AM15),"","×")
N16: 賃借料及び使用料 | T16: =SUMIF($E$56:$E$155,N16,$T$56:$T$155) -> 0 | U16: 円 | V16: =SUMIFS($V$56:$V$155,$E$56:$E$155,$N16) -> 0 | W16: 円 | X16: =SUMIFS($X$56:$X$155,$E$56:$E$155,$N16) -> 0 | Y16: 円 | Z16: =SUMIFS($Z$56:$Z$155,$E$56:$E$155,$N16) -> 0 | AA16: 円 | AF16: =_xlfn.FORMULATEXT(T16) -> =SUMIF($E$56:$E$155,N16,$T$56:$T$155) | AG16: =SUMIF($E$56:$E$155,N16,$T$56:$T$155) | AH16: =_xlfn.FORMULATEXT(V16) -> =SUMIFS($V$56:$V$155,$E$56:$E$155,$N16) | AI16: =SUMIFS($V$56:$V$155,$E$56:$E$155,$N16) | AJ16: =_xlfn.FORMULATEXT(X16) -> =SUMIFS($X$56:$X$155,$E$56:$E$155,$N16) | AK16: =SUMIFS($X$56:$X$155,$E$56:$E$155,$N16) | AL16: =_xlfn.FORMULATEXT(Z16) -> =SUMIFS($Z$56:$Z$155,$E$56:$E$155,$N16) | AM16: =SUMIFS($Z$56:$Z$155,$E$56:$E$155,$N16) | AN16: =IF(AND(AF16=AG16,AH16=AI16,AJ16=AK16,AL16=AM16),"","×")
N17: 広告宣伝費 | T17: =SUMIF($E$56:$E$155,N17,$T$56:$T$155) -> 0 | U17: 円 | V17: =SUMIFS($V$56:$V$155,$E$56:$E$155,$N17) -> 0 | W17: 円 | X17: =SUMIFS($X$56:$X$155,$E$56:$E$155,$N17) -> 0 | Y17: 円 | Z17: =SUMIFS($Z$56:$Z$155,$E$56:$E$155,$N17) -> 0 | AA17: 円 | AF17: =_xlfn.FORMULATEXT(T17) -> =SUMIF($E$56:$E$155,N17,$T$56:$T$155) | AG17: =SUMIF($E$56:$E$155,N17,$T$56:$T$155) | AH17: =_xlfn.FORMULATEXT(V17) -> =SUMIFS($V$56:$V$155,$E$56:$E$155,$N17) | AI17: =SUMIFS($V$56:$V$155,$E$56:$E$155,$N17) | AJ17: =_xlfn.FORMULATEXT(X17) -> =SUMIFS($X$56:$X$155,$E$56:$E$155,$N17) | AK17: =SUMIFS($X$56:$X$155,$E$56:$E$155,$N17) | AL17: =_xlfn.FORMULATEXT(Z17) -> =SUMIFS($Z$56:$Z$155,$E$56:$E$155,$N17) | AM17: =SUMIFS($Z$56:$Z$155,$E$56:$E$155,$N17) | AN17: =IF(AND(AF17=AG17,AH17=AI17,AJ17=AK17,AL17=AM17),"","×")
N18: 輸送費 | T18: =SUMIF($E$56:$E$155,N18,$T$56:$T$155) -> 0 | U18: 円 | V18: =SUMIFS($V$56:$V$155,$E$56:$E$155,$N18) -> 0 | W18: 円 | X18: =SUMIFS($X$56:$X$155,$E$56:$E$155,$N18) -> 0 | Y18: 円 | Z18: =SUMIFS($Z$56:$Z$155,$E$56:$E$155,$N18) -> 0 | AA18: 円 | AF18: =_xlfn.FORMULATEXT(T18) -> =SUMIF($E$56:$E$155,N18,$T$56:$T$155) | AG18: =SUMIF($E$56:$E$155,N18,$T$56:$T$155) | AH18: =_xlfn.FORMULATEXT(V18) -> =SUMIFS($V$56:$V$155,$E$56:$E$155,$N18) | AI18: =SUMIFS($V$56:$V$155,$E$56:$E$155,$N18) | AJ18: =_xlfn.FORMULATEXT(X18) -> =SUMIFS($X$56:$X$155,$E$56:$E$155,$N18) | AK18: =SUMIFS($X$56:$X$155,$E$56:$E$155,$N18) | AL18: =_xlfn.FORMULATEXT(Z18) -> =SUMIFS($Z$56:$Z$155,$E$56:$E$155,$N18) | AM18: =SUMIFS($Z$56:$Z$155,$E$56:$E$155,$N18) | AN18: =IF(AND(AF18=AG18,AH18=AI18,AJ18=AK18,AL18=AM18),"","×")
N19: 役務費 | T19: =SUMIF($E$56:$E$155,N19,$T$56:$T$155) -> 0 | U19: 円 | V19: =SUMIFS($V$56:$V$155,$E$56:$E$155,$N19) -> 0 | W19: 円 | X19: =SUMIFS($X$56:$X$155,$E$56:$E$155,$N19) -> 0 | Y19: 円 | Z19: =SUMIFS($Z$56:$Z$155,$E$56:$E$155,$N19) -> 0 | AA19: 円 | AF19: =_xlfn.FORMULATEXT(T19) -> =SUMIF($E$56:$E$155,N19,$T$56:$T$155) | AG19: =SUMIF($E$56:$E$155,N19,$T$56:$T$155) | AH19: =_xlfn.FORMULATEXT(V19) -> =SUMIFS($V$56:$V$155,$E$56:$E$155,$N19) | AI19: =SUMIFS($V$56:$V$155,$E$56:$E$155,$N19) | AJ19: =_xlfn.FORMULATEXT(X19) -> =SUMIFS($X$56:$X$155,$E$56:$E$155,$N19) | AK19: =SUMIFS($X$56:$X$155,$E$56:$E$155,$N19) | AL19: =_xlfn.FORMULATEXT(Z19) -> =SUMIFS($Z$56:$Z$155,$E$56:$E$155,$N19) | AM19: =SUMIFS($Z$56:$Z$155,$E$56:$E$155,$N19) | AN19: =IF(AND(AF19=AG19,AH19=AI19,AJ19=AK19,AL19=AM19),"","×")
N20: 印刷製本費 | T20: =SUMIF($E$56:$E$155,N20,$T$56:$T$155) -> 0 | U20: 円 | V20: =SUMIFS($V$56:$V$155,$E$56:$E$155,$N20) -> 0 | W20: 円 | X20: =SUMIFS($X$56:$X$155,$E$56:$E$155,$N20) -> 0 | Y20: 円 | Z20: =SUMIFS($Z$56:$Z$155,$E$56:$E$155,$N20) -> 0 | AA20: 円 | AF20: =_xlfn.FORMULATEXT(T20) -> =SUMIF($E$56:$E$155,N20,$T$56:$T$155) | AG20: =SUMIF($E$56:$E$155,N20,$T$56:$T$155) | AH20: =_xlfn.FORMULATEXT(V20) -> =SUMIFS($V$56:$V$155,$E$56:$E$155,$N20) | AI20: =SUMIFS($V$56:$V$155,$E$56:$E$155,$N20) | AJ20: =_xlfn.FORMULATEXT(X20) -> =SUMIFS($X$56:$X$155,$E$56:$E$155,$N20) | AK20: =SUMIFS($X$56:$X$155,$E$56:$E$155,$N20) | AL20: =_xlfn.FORMULATEXT(Z20) -> =SUMIFS($Z$56:$Z$155,$E$56:$E$155,$N20) | AM20: =SUMIFS($Z$56:$Z$155,$E$56:$E$155,$N20) | AN20: =IF(AND(AF20=AG20,AH20=AI20,AJ20=AK20,AL20=AM20),"","×")
N21: 消耗品費 | T21: =SUMIF($E$56:$E$155,N21,$T$56:$T$155) -> 0 | U21: 円 | V21: =SUMIFS($V$56:$V$155,$E$56:$E$155,$N21) -> 0 | W21: 円 | X21: =SUMIFS($X$56:$X$155,$E$56:$E$155,$N21) -> 0 | Y21: 円 | Z21: =SUMIFS($Z$56:$Z$155,$E$56:$E$155,$N21) -> 0 | AA21: 円 | AF21: =_xlfn.FORMULATEXT(T21) -> =SUMIF($E$56:$E$155,N21,$T$56:$T$155) | AG21: =SUMIF($E$56:$E$155,N21,$T$56:$T$155) | AH21: =_xlfn.FORMULATEXT(V21) -> =SUMIFS($V$56:$V$155,$E$56:$E$155,$N21) | AI21: =SUMIFS($V$56:$V$155,$E$56:$E$155,$N21) | AJ21: =_xlfn.FORMULATEXT(X21) -> =SUMIFS($X$56:$X$155,$E$56:$E$155,$N21) | AK21: =SUMIFS($X$56:$X$155,$E$56:$E$155,$N21) | AL21: =_xlfn.FORMULATEXT(Z21) -> =SUMIFS($Z$56:$Z$155,$E$56:$E$155,$N21) | AM21: =SUMIFS($Z$56:$Z$155,$E$56:$E$155,$N21) | AN21: =IF(AND(AF21=AG21,AH21=AI21,AJ21=AK21,AL21=AM21),"","×")
N22: 機器・備品費 | T22: =SUMIF($E$56:$E$155,N22,$T$56:$T$155) -> 0 | U22: 円 | V22: =SUMIFS($V$56:$V$155,$E$56:$E$155,$N22) -> 0 | W22: 円 | X22: =SUMIFS($X$56:$X$155,$E$56:$E$155,$N22) -> 0 | Y22: 円 | Z22: =SUMIFS($Z$56:$Z$155,$E$56:$E$155,$N22) -> 0 | AA22: 円 | AF22: =_xlfn.FORMULATEXT(T22) -> =SUMIF($E$56:$E$155,N22,$T$56:$T$155) | AG22: =SUMIF($E$56:$E$155,N22,$T$56:$T$155) | AH22: =_xlfn.FORMULATEXT(V22) -> =SUMIFS($V$56:$V$155,$E$56:$E$155,$N22) | AI22: =SUMIFS($V$56:$V$155,$E$56:$E$155,$N22) | AJ22: =_xlfn.FORMULATEXT(X22) -> =SUMIFS($X$56:$X$155,$E$56:$E$155,$N22) | AK22: =SUMIFS($X$56:$X$155,$E$56:$E$155,$N22) | AL22: =_xlfn.FORMULATEXT(Z22) -> =SUMIFS($Z$56:$Z$155,$E$56:$E$155,$N22) | AM22: =SUMIFS($Z$56:$Z$155,$E$56:$E$155,$N22) | AN22: =IF(AND(AF22=AG22,AH22=AI22,AJ22=AK22,AL22=AM22),"","×")
N23: 借上げ費 | T23: =SUMIF($E$56:$E$155,N23,$T$56:$T$155) -> 0 | U23: 円 | V23: =SUMIFS($V$56:$V$155,$E$56:$E$155,$N23) -> 0 | W23: 円 | X23: =SUMIFS($X$56:$X$155,$E$56:$E$155,$N23) -> 0 | Y23: 円 | Z23: =SUMIFS($Z$56:$Z$155,$E$56:$E$155,$N23) -> 0 | AA23: 円 | AF23: =_xlfn.FORMULATEXT(T23) -> =SUMIF($E$56:$E$155,N23,$T$56:$T$155) | AG23: =SUMIF($E$56:$E$155,N23,$T$56:$T$155) | AH23: =_xlfn.FORMULATEXT(V23) -> =SUMIFS($V$56:$V$155,$E$56:$E$155,$N23) | AI23: =SUMIFS($V$56:$V$155,$E$56:$E$155,$N23) | AJ23: =_xlfn.FORMULATEXT(X23) -> =SUMIFS($X$56:$X$155,$E$56:$E$155,$N23) | AK23: =SUMIFS($X$56:$X$155,$E$56:$E$155,$N23) | AL23: =_xlfn.FORMULATEXT(Z23) -> =SUMIFS($Z$56:$Z$155,$E$56:$E$155,$N23) | AM23: =SUMIFS($Z$56:$Z$155,$E$56:$E$155,$N23) | AN23: =IF(AND(AF23=AG23,AH23=AI23,AJ23=AK23,AL23=AM23),"","×")
... N25: その他 | T25: =SUMIF($E$56:$E$155,N25,$T$56:$T$155) -> 0 | U25: 円 | V25: =SUMIFS($V$56:$V$155,$E$56:$E$155,$N25) -> 0 | W25: 円 | X25: =SUMIFS($X$56:$X$155,$E$56:$E$155,$N25) -> 0 | Y25: 円 | Z25: =SUMIFS($Z$56:$Z$155,$E$56:$E$155,$N25) -> 0 | AA25: 円 | AF25: =_xlfn.FORMULATEXT(T25) -> =SUMIF($E$56:$E$155,N25,$T$56:$T$155) | AG25: =SUMIF($E$56:$E$155,N25,$T$56:$T$155) | AH25: =_xlfn.FORMULATEXT(V25) -> =SUMIFS($V$56:$V$155,$E$56:$E$155,$N25) | AI25: =SUMIFS($V$56:$V$155,$E$56:$E$155,$N25) | AJ25: =_xlfn.FORMULATEXT(X25) -> =SUMIFS($X$56:$X$155,$E$56:$E$155,$N25) | AK25: =SUMIFS($X$56:$X$155,$E$56:$E$155,$N25) | AL25: =_xlfn.FORMULATEXT(Z25) -> =SUMIFS($Z$56:$Z$155,$E$56:$E$155,$N25) | AM25: =SUMIFS($Z$56:$Z$155,$E$56:$E$155,$N25) | AN25: =IF(AND(AF25=AG25,AH25=AI25,AJ25=AK25,AL25=AM25),"","×")
N26: 事業費合計 | T26: =SUM(T12:T25) -> 0 | U26: 円 | V26: =SUM(V12:V25) -> 0 | W26: 円 | X26: =SUM(X12:X25) -> 0 | Y26: 円 | Z26: =SUM(Z12:Z25) -> 0 | AA26: 円 | AF26: =_xlfn.FORMULATEXT(T26) -> =SUM(T12:T25) | AG26: =SUM(T12:T25) | AH26: =_xlfn.FORMULATEXT(V26) -> =SUM(V12:V25) | AI26: =SUM(V12:V25) | AJ26: =_xlfn.FORMULATEXT(X26) -> =SUM(X12:X25) | AK26: =SUM(X12:X25) | AL26: =_xlfn.FORMULATEXT(Z26) -> =SUM(Z12:Z25) | AM26: =SUM(Z12:Z25) | AN26: =IF(AND(AF26=AG26,AH26=AI26,AJ26=AK26,AL26=AM26),"","×")
N28: 【事業費（取組ごと）】
N29: 取組 番号 | O29: 取組名 | T29: 合計 | V29: 負担区分 | Z29: 消費税額 | AF29: 取組名 | AH29: 合計 | AJ29: 国庫補助金 | AL29: 自己負担金 | AN29: 消費税額 | AP29: （H）詳細
V30: 国庫補助金 | X30: 自己負担金 | AF30: 入力中関数 | AG30: 初期関数 | AH30: 入力中関数 | AI30: 初期関数 | AJ30: 入力中関数 | AK30: 初期関数 | AL30: 入力中関数 | AM30: 初期関数 | AN30: 入力中関数 | AO30: 初期関数
N31: 1 | O31: =IFERROR(VLOOKUP($N31,$C$56:$D$155,2,FALSE),"") | T31: =IF(O31="","",SUMIF($C$56:$C$155,$N31,$T$56:$T$155)) | U31: 円 | V31: =IF(O31="","",SUMIF($C$56:$C$155,$N31,$V$56:$V$155)) | W31: 円 | X31: =IF(O31="","",SUMIF($C$56:$C$155,$N31,$X$56:$X$155)) | Y31: 円 | Z31: =IF(T31="","",SUMIF($C$56:$C$155,$N31,$Z$56:$Z$155)) | AA31: 円 | AF31: =_xlfn.FORMULATEXT(O31) -> =IFERROR(VLOOKUP($N31,$C$56:$D$155,2,FALSE),"") | AG31: =IFERROR(VLOOKUP($N31,$C$56:$D$155,2,FALSE),"") | AH31: =_xlfn.FORMULATEXT(T31) -> =IF(O31="","",SUMIF($C$56:$C$155,$N31,$T$56:$T$155)) | AI31: =IF(O31="","",SUMIF($C$56:$C$155,$N31,$T$56:$T$155)) | AJ31: =_xlfn.FORMULATEXT(V31) -> =IF(O31="","",SUMIF($C$56:$C$155,$N31,$V$56:$V$155)) | AK31: =IF(O31="","",SUMIF($C$56:$C$155,$N31,$V$56:$V$155)) | AL31: =_xlfn.FORMULATEXT(X31) -> =IF(O31="","",SUMIF($C$56:$C$155,$N31,$X$56:$X$155)) | AM31: =IF(O31="","",SUMIF($C$56:$C$155,$N31,$X$56:$X$155)) | AN31: =_xlfn.FORMULATEXT(Z31) -> =IF(T31="","",SUMIF($C$56:$C$155,$N31,$Z$56:$Z$155)) | AO31: =IF(T31="","",SUMIF($C$56:$C$155,$N31,$Z$56:$Z$155)) | AP31: =IF(AND(AF31=AG31,AH31=AI31,AJ31=AK31,AL31=AM31,AN31=AO31),"","×")
N32: 2 | O32: =IFERROR(VLOOKUP($N32,$C$56:$D$155,2,FALSE),"") | T32: =IF(O32="","",SUMIF($C$56:$C$155,$N32,$T$56:$T$155)) | U32: 円 | V32: =IF(O32="","",SUMIF($C$56:$C$155,$N32,$V$56:$V$155)) | W32: 円 | X32: =IF(O32="","",SUMIF($C$56:$C$155,$N32,$X$56:$X$155)) | Y32: 円 | Z32: =IF(T32="","",SUMIF($C$56:$C$155,$N32,$Z$56:$Z$155)) | AA32: 円 | AF32: =_xlfn.FORMULATEXT(O32) -> =IFERROR(VLOOKUP($N32,$C$56:$D$155,2,FALSE),"") | AG32: =IFERROR(VLOOKUP($N32,$C$56:$D$155,2,FALSE),"") | AH32: =_xlfn.FORMULATEXT(T32) -> =IF(O32="","",SUMIF($C$56:$C$155,$N32,$T$56:$T$155)) | AI32: =IF(O32="","",SUMIF($C$56:$C$155,$N32,$T$56:$T$155)) | AJ32: =_xlfn.FORMULATEXT(V32) -> =IF(O32="","",SUMIF($C$56:$C$155,$N32,$V$56:$V$155)) | AK32: =IF(O32="","",SUMIF($C$56:$C$155,$N32,$V$56:$V$155)) | AL32: =_xlfn.FORMULATEXT(X32) -> =IF(O32="","",SUMIF($C$56:$C$155,$N32,$X$56:$X$155)) | AM32: =IF(O32="","",SUMIF($C$56:$C$155,$N32,$X$56:$X$155)) | AN32: =_xlfn.FORMULATEXT(Z32) -> =IF(T32="","",SUMIF($C$56:$C$155,$N32,$Z$56:$Z$155)) | AO32: =IF(T32="","",SUMIF($C$56:$C$155,$N32,$Z$56:$Z$155)) | AP32: =IF(AND(AF32=AG32,AH32=AI32,AJ32=AK32,AL32=AM32,AN32=AO32),"","×")
N33: 3 | O33: =IFERROR(VLOOKUP($N33,$C$56:$D$155,2,FALSE),"") | T33: =IF(O33="","",SUMIF($C$56:$C$155,$N33,$T$56:$T$155)) | U33: 円 | V33: =IF(O33="","",SUMIF($C$56:$C$155,$N33,$V$56:$V$155)) | W33: 円 | X33: =IF(O33="","",SUMIF($C$56:$C$155,$N33,$X$56:$X$155)) | Y33: 円 | Z33: =IF(T33="","",SUMIF($C$56:$C$155,$N33,$Z$56:$Z$155)) | AA33: 円 | AF33: =_xlfn.FORMULATEXT(O33) -> =IFERROR(VLOOKUP($N33,$C$56:$D$155,2,FALSE),"") | AG33: =IFERROR(VLOOKUP($N33,$C$56:$D$155,2,FALSE),"") | AH33: =_xlfn.FORMULATEXT(T33) -> =IF(O33="","",SUMIF($C$56:$C$155,$N33,$T$56:$T$155)) | AI33: =IF(O33="","",SUMIF($C$56:$C$155,$N33,$T$56:$T$155)) | AJ33: =_xlfn.FORMULATEXT(V33) -> =IF(O33="","",SUMIF($C$56:$C$155,$N33,$V$56:$V$155)) | AK33: =IF(O33="","",SUMIF($C$56:$C$155,$N33,$V$56:$V$155)) | AL33: =_xlfn.FORMULATEXT(X33) -> =IF(O33="","",SUMIF($C$56:$C$155,$N33,$X$56:$X$155)) | AM33: =IF(O33="","",SUMIF($C$56:$C$155,$N33,$X$56:$X$155)) | AN33: =_xlfn.FORMULATEXT(Z33) -> =IF(T33="","",SUMIF($C$56:$C$155,$N33,$Z$56:$Z$155)) | AO33: =IF(T33="","",SUMIF($C$56:$C$155,$N33,$Z$56:$Z$155)) | AP33: =IF(AND(AF33=AG33,AH33=AI33,AJ33=AK33,AL33=AM33,AN33=AO33),"","×")
N34: 4 | O34: =IFERROR(VLOOKUP($N34,$C$56:$D$155,2,FALSE),"") | T34: =IF(O34="","",SUMIF($C$56:$C$155,$N34,$T$56:$T$155)) | U34: 円 | V34: =IF(O34="","",SUMIF($C$56:$C$155,$N34,$V$56:$V$155)) | W34: 円 | X34: =IF(O34="","",SUMIF($C$56:$C$155,$N34,$X$56:$X$155)) | Y34: 円 | Z34: =IF(T34="","",SUMIF($C$56:$C$155,$N34,$Z$56:$Z$155)) | AA34: 円 | AF34: =_xlfn.FORMULATEXT(O34) -> =IFERROR(VLOOKUP($N34,$C$56:$D$155,2,FALSE),"") | AG34: =IFERROR(VLOOKUP($N34,$C$56:$D$155,2,FALSE),"") | AH34: =_xlfn.FORMULATEXT(T34) -> =IF(O34="","",SUMIF($C$56:$C$155,$N34,$T$56:$T$155)) | AI34: =IF(O34="","",SUMIF($C$56:$C$155,$N34,$T$56:$T$155)) | AJ34: =_xlfn.FORMULATEXT(V34) -> =IF(O34="","",SUMIF($C$56:$C$155,$N34,$V$56:$V$155)) | AK34: =IF(O34="","",SUMIF($C$56:$C$155,$N34,$V$56:$V$155)) | AL34: =_xlfn.FORMULATEXT(X34) -> =IF(O34="","",SUMIF($C$56:$C$155,$N34,$X$56:$X$155)) | AM34: =IF(O34="","",SUMIF($C$56:$C$155,$N34,$X$56:$X$155)) | AN34: =_xlfn.FORMULATEXT(Z34) -> =IF(T34="","",SUMIF($C$56:$C$155,$N34,$Z$56:$Z$155)) | AO34: =IF(T34="","",SUMIF($C$56:$C$155,$N34,$Z$56:$Z$155)) | AP34: =IF(AND(AF34=AG34,AH34=AI34,AJ34=AK34,AL34=AM34,AN34=AO34),"","×")
N35: 5 | O35: =IFERROR(VLOOKUP($N35,$C$56:$D$155,2,FALSE),"") | T35: =IF(O35="","",SUMIF($C$56:$C$155,$N35,$T$56:$T$155)) | U35: 円 | V35: =IF(O35="","",SUMIF($C$56:$C$155,$N35,$V$56:$V$155)) | W35: 円 | X35: =IF(O35="","",SUMIF($C$56:$C$155,$N35,$X$56:$X$155)) | Y35: 円 | Z35: =IF(T35="","",SUMIF($C$56:$C$155,$N35,$Z$56:$Z$155)) | AA35: 円 | AF35: =_xlfn.FORMULATEXT(O35) -> =IFERROR(VLOOKUP($N35,$C$56:$D$155,2,FALSE),"") | AG35: =IFERROR(VLOOKUP($N35,$C$56:$D$155,2,FALSE),"") | AH35: =_xlfn.FORMULATEXT(T35) -> =IF(O35="","",SUMIF($C$56:$C$155,$N35,$T$56:$T$155)) | AI35: =IF(O35="","",SUMIF($C$56:$C$155,$N35,$T$56:$T$155)) | AJ35: =_xlfn.FORMULATEXT(V35) -> =IF(O35="","",SUMIF($C$56:$C$155,$N35,$V$56:$V$155)) | AK35: =IF(O35="","",SUMIF($C$56:$C$155,$N35,$V$56:$V$155)) | AL35: =_xlfn.FORMULATEXT(X35) -> =IF(O35="","",SUMIF($C$56:$C$155,$N35,$X$56:$X$155)) | AM35: =IF(O35="","",SUMIF($C$56:$C$155,$N35,$X$56:$X$155)) | AN35: =_xlfn.FORMULATEXT(Z35) -> =IF(T35="","",SUMIF($C$56:$C$155,$N35,$Z$56:$Z$155)) | AO35: =IF(T35="","",SUMIF($C$56:$C$155,$N35,$Z$56:$Z$155)) | AP35: =IF(AND(AF35=AG35,AH35=AI35,AJ35=AK35,AL35=AM35,AN35=AO35),"","×")
N36: 6 | O36: =IFERROR(VLOOKUP($N36,$C$56:$D$155,2,FALSE),"") | T36: =IF(O36="","",SUMIF($C$56:$C$155,$N36,$T$56:$T$155)) | U36: 円 | V36: =IF(O36="","",SUMIF($C$56:$C$155,$N36,$V$56:$V$155)) | W36: 円 | X36: =IF(O36="","",SUMIF($C$56:$C$155,$N36,$X$56:$X$155)) | Y36: 円 | Z36: =IF(T36="","",SUMIF($C$56:$C$155,$N36,$Z$56:$Z$155)) | AA36: 円 | AF36: =_xlfn.FORMULATEXT(O36) -> =IFERROR(VLOOKUP($N36,$C$56:$D$155,2,FALSE),"") | AG36: =IFERROR(VLOOKUP($N36,$C$56:$D$155,2,FALSE),"") | AH36: =_xlfn.FORMULATEXT(T36) -> =IF(O36="","",SUMIF($C$56:$C$155,$N36,$T$56:$T$155)) | AI36: =IF(O36="","",SUMIF($C$56:$C$155,$N36,$T$56:$T$155)) | AJ36: =_xlfn.FORMULATEXT(V36) -> =IF(O36="","",SUMIF($C$56:$C$155,$N36,$V$56:$V$155)) | AK36: =IF(O36="","",SUMIF($C$56:$C$155,$N36,$V$56:$V$155)) | AL36: =_xlfn.FORMULATEXT(X36) -> =IF(O36="","",SUMIF($C$56:$C$155,$N36,$X$56:$X$155)) | AM36: =IF(O36="","",SUMIF($C$56:$C$155,$N36,$X$56:$X$155)) | AN36: =_xlfn.FORMULATEXT(Z36) -> =IF(T36="","",SUMIF($C$56:$C$155,$N36,$Z$56:$Z$155)) | AO36: =IF(T36="","",SUMIF($C$56:$C$155,$N36,$Z$56:$Z$155)) | AP36: =IF(AND(AF36=AG36,AH36=AI36,AJ36=AK36,AL36=AM36,AN36=AO36),"","×")
N37: 7 | O37: =IFERROR(VLOOKUP($N37,$C$56:$D$155,2,FALSE),"") | T37: =IF(O37="","",SUMIF($C$56:$C$155,$N37,$T$56:$T$155)) | U37: 円 | V37: =IF(O37="","",SUMIF($C$56:$C$155,$N37,$V$56:$V$155)) | W37: 円 | X37: =IF(O37="","",SUMIF($C$56:$C$155,$N37,$X$56:$X$155)) | Y37: 円 | Z37: =IF(T37="","",SUMIF($C$56:$C$155,$N37,$Z$56:$Z$155)) | AA37: 円 | AF37: =_xlfn.FORMULATEXT(O37) -> =IFERROR(VLOOKUP($N37,$C$56:$D$155,2,FALSE),"") | AG37: =IFERROR(VLOOKUP($N37,$C$56:$D$155,2,FALSE),"") | AH37: =_xlfn.FORMULATEXT(T37) -> =IF(O37="","",SUMIF($C$56:$C$155,$N37,$T$56:$T$155)) | AI37: =IF(O37="","",SUMIF($C$56:$C$155,$N37,$T$56:$T$155)) | AJ37: =_xlfn.FORMULATEXT(V37) -> =IF(O37="","",SUMIF($C$56:$C$155,$N37,$V$56:$V$155)) | AK37: =IF(O37="","",SUMIF($C$56:$C$155,$N37,$V$56:$V$155)) | AL37: =_xlfn.FORMULATEXT(X37) -> =IF(O37="","",SUMIF($C$56:$C$155,$N37,$X$56:$X$155)) | AM37: =IF(O37="","",SUMIF($C$56:$C$155,$N37,$X$56:$X$155)) | AN37: =_xlfn.FORMULATEXT(Z37) -> =IF(T37="","",SUMIF($C$56:$C$155,$N37,$Z$56:$Z$155)) | AO37: =IF(T37="","",SUMIF($C$56:$C$155,$N37,$Z$56:$Z$155)) | AP37: =IF(AND(AF37=AG37,AH37=AI37,AJ37=AK37,AL37=AM37,AN37=AO37),"","×")
